Workbook

Sheet 附件1
A1: 墨脱县帮扶资金统计及使用情况汇总表 （截至2026年8月30日数据）
A2: 序号 | B2: 地市名称 | C2: 县区名称 | D2: 帮扶资金使用情况（万元） （保留小数点后面2位）
D3: 合计 | E3: 第一阶段 （包括2013年至2015年使用的各级财政专项扶贫资金、援藏资金、定点帮扶资金、地方政府债券资金、社会捐赠资金） | H3: 第二阶段 （包括2016年至2020年使用的各级财政涉农统筹整合资金（专项扶贫资金）、援藏资金、定点帮扶资金、地方政府债券资金、社会捐赠资金） | K3: 第三阶段 （包括2021年至2023年使用的各级财政衔接推进乡村振兴补助资金、涉农统筹整合资金（县级）、援藏资金、定点帮扶资金、地方政府债券资金、社会捐赠资金）
E4: 小计 | F4: 形成资产类 | G4: 未形成资产类 | H4: 小计 | I4: 形成资产类 | J4: 未形成资产类 | K4: 小计 | L4: 形成资产类 | M4: 未形成资产类
A5: 填表说明： | D5: 应为该县（区）所有帮扶资金总数 | E5: 应为该县（区）2013年至2015年帮扶资金小计数 | F5: 帮扶资金在使用过程中形成固定资产、权益类资产、生物性资产、低值易耗品、无形资产等的所有项目实际投入资金总数 | G5: 帮扶资金在使用过程中未形成资产的所有项目实际投入资金总数 | H5: 应为该县（区）2016年至2020年帮扶资金小计数 | I5: 帮扶资金在使用过程中形成固定资产、权益类资产、生物性资产、低值易耗品、无形资产等的所有项目实际投入资金总数 | J5: 帮扶资金在使用过程中未形成资产的所有项目实际投入资金总数 | K5: 应为该县（区）2021年至2023年帮扶资金小计数 | L5: 帮扶资金在使用过程中形成固定资产、权益类资产、生物性资产、低值易耗品、无形资产等的所有项目实际投入资金总数 | M5: 帮扶资金在使用过程中未形成资产的所有项目实际投入资金总数
A6: 1 | B6: 林芝市 | C6: 墨脱县 | D6: =E6+H6+K6 -> 223066.11 | E6: =F6+G6 -> 34086.617 | F6: {=SUM(SUMIFS(附件2!AH:AH,附件2!F:F,"是",附件2!D:D,{2013,2014,2015}))/10000} -> 30662.957 | G6: {=SUM(SUMIFS(附件2!AH:AH,附件2!F:F,"否",附件2!D:D,{2013,2014,2015}))/10000} -> 3423.66 | H6: =I6+J6 -> 109842.24 | I6: {=SUM(SUMIFS(附件2!AH:AH,附件2!F:F,"是",附件2!D:D,{2016,2017,2018,2019,2020}))/10000} -> 99261.302 | J6: {=SUM(SUMIFS(附件2!AH:AH,附件2!F:F,"否",附件2!D:D,{2016,2017,2018,2019,2020}))/10000} -> 10580.94 | K6: =L6+M6 -> 79137.246 | L6: {=SUM(SUMIFS(附件2!AH:AH,附件2!F:F,"是",附件2!D:D,{2021,2022,2023}))/10000} -> 74718.033 | M6: {=SUM(SUMIFS(附件2!AH:AH,附件2!F:F,"否",附件2!D:D,{2021,2022,2023}))/10000} -> 4419.2133
D7: =D6-附件2!AH7/10000 -> 0

Sheet 附件2
A1: 墨脱县帮扶项目清单（2026.08.30） （截至2026年8月30日数据）
A2: 序号 | B2: 地市名称 | C2: 县区名称 | D2: 项目年度 | E2: 项目名称 | F2: 是否为为形成资产项目 | G2: 是否为帮扶产业项目 | H2: 帮扶项目资金批复情况（元） | AG2: 帮扶项目资金使用情况（元）
H3: 合计 | I3: 政策性资金 | AF3: 其他渠道资金（如企业自筹、信贷资金等非政策性资金） | AG3: 合计 | AH3: 政策性资金 | BE3: 其他渠道资金（如企业自筹、信贷资金等非政策性资金）
I4: 政策性资金小计 | J4: 专项扶贫资金 | O4: 统筹整合涉农资金 | T4: 财政衔接推进乡村振兴 补助资金 | Y4: 援藏资金 | AC4: 定点帮扶资金 | AD4: 地方政府债劵资金 | AE4: 社会捐赠（财政入账） | AH4: 政策性资金小计 | AI4: 专项扶贫资金 | AN4: 统筹整合涉农资金 | AS4: 财政衔接推进乡村振兴 补助资金 | AX4: 援藏资金 | BB4: 定点帮扶资金 | BC4: 地方政府债劵资金 | BD4: 社会捐赠（财政入账）
J5: 小计 | K5: 中央 | L5: 省级 | M5: 市级 | N5: 县级 | O5: 小计 | P5: 中央 | Q5: 省级 | R5: 市级 | S5: 县级 | T5: 小计 | U5: 中央 | V5: 省级 | W5: 市级 | X5: 县级 | Y5: 小计 | Z5: 省级 | AA5: 市级 | AB5: 县级 | AI5: 小计 | AJ5: 中央 | AK5: 省级 | AL5: 市级 | AM5: 县级 | AN5: 小计 | AO5: 中央 | AP5: 省级 | AQ5: 市级 | AR5: 县级 | AS5: 小计 | AT5: 中央 | AU5: 省级 | AV5: 市级 | AW5: 县级 | AX5: 小计 | AY5: 省级 | AZ5: 市级 | BA5: 县级
A6: 填表说明： | D6: 以项目批复中批复年度为准 | E6: 以项目批复中项目名称为准 | F6: 在“是/否”中选择 | G6: 在“是/否”中选择 | J6: 以项目批复中项目计划投资总金额为准 （保留小数点后面2位） | AH6: 该数据与附表1形成资产类金额数据一致 | AI6: 以项目竣工决算中核算实际投资金额为准 （保留小数点后面2位）
A7: 合计 | H7: =SUM(H8:H530) -> 2.467003e+09 | I7: =SUM(I8:I530) -> 2.265514e+09 | J7: =SUM(J8:J530) -> 158906600 | K7: =SUM(K8:K530) -> 152275000 | L7: =SUM(L8:L530) -> 3400000 | M7: =SUM(M8:M530) -> 1850000 | N7: =SUM(N8:N530) -> 1381600 | O7: =SUM(O8:O530) -> 7.4269654e+08 | ... BE7: =SUM(BE8:BE530) -> 1.9213827e+08
A8: 1 | B8: 林芝 | C8: 墨脱 | D8: 2013 | E8: 甘登乡、墨脱镇亚让村低产田改造项目（第二批） | F8: 是 | G8: 否 | H8: =I8+AF8 -> 1020000 | I8: =J8+O8+T8+Y8+AC8+AD8+AE8 -> 900000 | J8: =K8+L8+M8+N8 -> 900000 | K8: 900000 | L8: 0 | M8: 0 | N8: 0 | O8: =P8+Q8+R8+S8 -> 0 | P8: 0 | Q8: 0 | R8: 0 | S8: 0 | T8: =U8+V8+W8+X8 -> 0 | U8: 0 | V8: 0 | W8: 0 | X8: 0 | Y8: =Z8+AA8+AB8 -> 0 | Z8: 0 | AA8: 0 | AB8: 0 | AC8: 0 | AD8: 0 | AE8: 0 | AF8: 120000 | AG8: =AH8+BE8 -> 1020000 | AH8: =AI8+AN8+AS8+AX8+BB8+BC8+BD8 -> 900000 | AI8: =AJ8+AK8+AL8+AM8 -> 900000 | AJ8: 900000 | AK8: 0 | AL8: 0 | AM8: 0 | AN8: =AO8+AP8+AQ8+AR8 -> 0 | AO8: 0 | AP8: 0 | AQ8: 0 | AR8: 0 | AS8: =AT8+AU8+AV8+AW8 -> 0 | AT8: 0 | AU8: 0 | AV8: 0 | AW8: 0 | AX8: =AY8+AZ8+BA8 -> 0 | AY8: 0 | AZ8: 0 | BA8: 0 | BB8: 0 | BC8: 0 | BD8: 0 | BE8: 120000
A9: 2 | B9: 林芝 | C9: 墨脱 | D9: 2013 | E9: 背崩乡低收入户养猪项目 | F9: 是 | G9: 是 | H9: =I9+AF9 -> 830000 | I9: =J9+O9+T9+Y9+AC9+AD9+AE9 -> 780000 | J9: =K9+L9+M9+N9 -> 780000 | K9: 780000 | L9: 0 | M9: 0 | N9: 0 | O9: =P9+Q9+R9+S9 -> 0 | P9: 0 | Q9: 0 | R9: 0 | S9: 0 | T9: =U9+V9+W9+X9 -> 0 | U9: 0 | V9: 0 | W9: 0 | X9: 0 | Y9: =Z9+AA9+AB9 -> 0 | Z9: 0 | AA9: 0 | AB9: 0 | AC9: 0 | AD9: 0 | AE9: 0 | AF9: 50000 | AG9: =AH9+BE9 -> 780000 | AH9: =AI9+AN9+AS9+AX9+BB9+BC9+BD9 -> 780000 | AI9: =AJ9+AK9+AL9+AM9 -> 780000 | AJ9: 780000 | AK9: 0 | AL9: 0 | AM9: 0 | AN9: =AO9+AP9+AQ9+AR9 -> 0 | AO9: 0 | AP9: 0 | AQ9: 0 | AR9: 0 | AS9: =AT9+AU9+AV9+AW9 -> 0 | AT9: 0 | AU9: 0 | AV9: 0 | AW9: 0 | AX9: =AY9+AZ9+BA9 -> 0 | AY9: 0 | AZ9: 0 | BA9: 0 | BB9: 0 | BC9: 0 | BD9: 0 | BE9: 0
A10: 3 | B10: 林芝 | C10: 墨脱 | D10: 2013 | E10: 墨脱镇米日村、德兴乡荷扎村、德兴村蜜柚种植项目（第一批） | F10: 是 | G10: 是 | H10: =I10+AF10 -> 600000 | I10: =J10+O10+T10+Y10+AC10+AD10+AE10 -> 550000 | J10: =K10+L10+M10+N10 -> 550000 | K10: 550000 | L10: 0 | M10: 0 | N10: 0 | O10: =P10+Q10+R10+S10 -> 0 | P10: 0 | Q10: 0 | R10: 0 | S10: 0 | T10: =U10+V10+W10+X10 -> 0 | U10: 0 | V10: 0 | W10: 0 | X10: 0 | Y10: =Z10+AA10+AB10 -> 0 | Z10: 0 | AA10: 0 | AB10: 0 | AC10: 0 | AD10: 0 | AE10: 0 | AF10: 50000 | AG10: =AH10+BE10 -> 550000 | AH10: =AI10+AN10+AS10+AX10+BB10+BC10+BD10 -> 550000 | AI10: =AJ10+AK10+AL10+AM10 -> 550000 | AJ10: 550000 | AK10: 0 | AL10: 0 | AM10: 0 | AN10: =AO10+AP10+AQ10+AR10 -> 0 | AO10: 0 | AP10: 0 | AQ10: 0 | AR10: 0 | AS10: =AT10+AU10+AV10+AW10 -> 0 | AT10: 0 | AU10: 0 | AV10: 0 | AW10: 0 | AX10: =AY10+AZ10+BA10 -> 0 | AY10: 0 | AZ10: 0 | BA10: 0 | BB10: 0 | BC10: 0 | BD10: 0 | BE10: 0
A11: 4 | B11: 林芝 | C11: 墨脱 | D11: 2013 | E11: 帮辛乡帮果村农田灌溉水渠项目（第一批） | F11: 是 | G11: 否 | H11: =I11+AF11 -> 580000 | I11: =J11+O11+T11+Y11+AC11+AD11+AE11 -> 540000 | J11: =K11+L11+M11+N11 -> 540000 | K11: 540000 | L11: 0 | M11: 0 | N11: 0 | O11: =P11+Q11+R11+S11 -> 0 | P11: 0 | Q11: 0 | R11: 0 | S11: 0 | T11: =U11+V11+W11+X11 -> 0 | U11: 0 | V11: 0 | W11: 0 | X11: 0 | Y11: =Z11+AA11+AB11 -> 0 | Z11: 0 | AA11: 0 | AB11: 0 | AC11: 0 | AD11: 0 | AE11: 0 | AF11: 40000 | AG11: =AH11+BE11 -> 580000 | AH11: =AI11+AN11+AS11+AX11+BB11+BC11+BD11 -> 540000 | AI11: =AJ11+AK11+AL11+AM11 -> 540000 | AJ11: 540000 | AK11: 0 | AL11: 0 | AM11: 0 | AN11: =AO11+AP11+AQ11+AR11 -> 0 | AO11: 0 | AP11: 0 | AQ11: 0 | AR11: 0 | AS11: =AT11+AU11+AV11+AW11 -> 0 | AT11: 0 | AU11: 0 | AV11: 0 | AW11: 0 | AX11: =AY11+AZ11+BA11 -> 0 | AY11: 0 | AZ11: 0 | BA11: 0 | BB11: 0 | BC11: 0 | BD11: 0 | BE11: 40000
A12: 5 | B12: 林芝 | C12: 墨脱 | D12: 2013 | E12: 帮辛乡西登村石锅加工项目（第三批） | F12: 是 | G12: 是 | H12: =I12+AF12 -> 550000 | I12: =J12+O12+T12+Y12+AC12+AD12+AE12 -> 500000 | J12: =K12+L12+M12+N12 -> 500000 | K12: 500000 | L12: 0 | M12: 0 | N12: 0 | O12: =P12+Q12+R12+S12 -> 0 | P12: 0 | Q12: 0 | R12: 0 | S12: 0 | T12: =U12+V12+W12+X12 -> 0 | U12: 0 | V12: 0 | W12: 0 | X12: 0 | Y12: =Z12+AA12+AB12 -> 0 | Z12: 0 | AA12: 0 | AB12: 0 | AC12: 0 | AD12: 0 | AE12: 0 | AF12: 50000 | AG12: =AH12+BE12 -> 550000 | AH12: =AI12+AN12+AS12+AX12+BB12+BC12+BD12 -> 500000 | AI12: =AJ12+AK12+AL12+AM12 -> 500000 | AJ12: 500000 | AK12: 0 | AL12: 0 | AM12: 0 | AN12: =AO12+AP12+AQ12+AR12 -> 0 | AO12: 0 | AP12: 0 | AQ12: 0 | AR12: 0 | AS12: =AT12+AU12+AV12+AW12 -> 0 | AT12: 0 | AU12: 0 | AV12: 0 | AW12: 0 | AX12: =AY12+AZ12+BA12 -> 0 | AY12: 0 | AZ12: 0 | BA12: 0 | BB12: 0 | BC12: 0 | BD12: 0 | BE12: 50000
A13: 6 | B13: 林芝 | C13: 墨脱 | D13: 2013 | E13: 达木乡珠村蔬菜大棚项目（第一批） | F13: 是 | G13: 是 | H13: =I13+AF13 -> 480000 | I13: =J13+O13+T13+Y13+AC13+AD13+AE13 -> 450000 | J13: =K13+L13+M13+N13 -> 450000 | K13: 450000 | L13: 0 | M13: 0 | N13: 0 | O13: =P13+Q13+R13+S13 -> 0 | P13: 0 | Q13: 0 | R13: 0 | S13: 0 | T13: =U13+V13+W13+X13 -> 0 | U13: 0 | V13: 0 | W13: 0 | X13: 0 | Y13: =Z13+AA13+AB13 -> 0 | Z13: 0 | AA13: 0 | AB13: 0 | AC13: 0 | AD13: 0 | AE13: 0 | AF13: 30000 | AG13: =AH13+BE13 -> 450000 | AH13: =AI13+AN13+AS13+AX13+BB13+BC13+BD13 -> 450000 | AI13: =AJ13+AK13+AL13+AM13 -> 450000 | AJ13: 450000 | AK13: 0 | AL13: 0 | AM13: 0 | AN13: =AO13+AP13+AQ13+AR13 -> 0 | AO13: 0 | AP13: 0 | AQ13: 0 | AR13: 0 | AS13: =AT13+AU13+AV13+AW13 -> 0 | AT13: 0 | AU13: 0 | AV13: 0 | AW13: 0 | AX13: =AY13+AZ13+BA13 -> 0 | AY13: 0 | AZ13: 0 | BA13: 0 | BB13: 0 | BC13: 0 | BD13: 0 | BE13: 0
A14: 7 | B14: 林芝 | C14: 墨脱 | D14: 2013 | E14: 加热萨乡加热萨村木碗加工项目（第一批） | F14: 是 | G14: 是 | H14: =I14+AF14 -> 500000 | I14: =J14+O14+T14+Y14+AC14+AD14+AE14 -> 450000 | J14: =K14+L14+M14+N14 -> 450000 | K14: 450000 | L14: 0 | M14: 0 | N14: 0 | O14: =P14+Q14+R14+S14 -> 0 | P14: 0 | Q14: 0 | R14: 0 | S14: 0 | T14: =U14+V14+W14+X14 -> 0 | U14: 0 | V14: 0 | W14: 0 | X14: 0 | Y14: =Z14+AA14+AB14 -> 0 | Z14: 0 | AA14: 0 | AB14: 0 | AC14: 0 | AD14: 0 | AE14: 0 | AF14: 50000 | AG14: =AH14+BE14 -> 450000 | AH14: =AI14+AN14+AS14+AX14+BB14+BC14+BD14 -> 450000 | AI14: =AJ14+AK14+AL14+AM14 -> 450000 | AJ14: 450000 | AK14: 0 | AL14: 0 | AM14: 0 | AN14: =AO14+AP14+AQ14+AR14 -> 0 | AO14: 0 | AP14: 0 | AQ14: 0 | AR14: 0 | AS14: =AT14+AU14+AV14+AW14 -> 0 | AT14: 0 | AU14: 0 | AV14: 0 | AW14: 0 | AX14: =AY14+AZ14+BA14 -> 0 | AY14: 0 | AZ14: 0 | BA14: 0 | BB14: 0 | BC14: 0 | BD14: 0 | BE14: 0
A15: 8 | B15: 林芝 | C15: 墨脱 | D15: 2013 | E15: 背崩乡地东村汗密农家乐项目（第三批） | F15: 是 | G15: 是 | H15: =I15+AF15 -> 510000 | I15: =J15+O15+T15+Y15+AC15+AD15+AE15 -> 450000 | J15: =K15+L15+M15+N15 -> 450000 | K15: 450000 | L15: 0 | M15: 0 | N15: 0 | O15: =P15+Q15+R15+S15 -> 0 | P15: 0 | Q15: 0 | R15: 0 | S15: 0 | T15: =U15+V15+W15+X15 -> 0 | U15: 0 | V15: 0 | W15: 0 | X15: 0 | Y15: =Z15+AA15+AB15 -> 0 | Z15: 0 | AA15: 0 | AB15: 0 | AC15: 0 | AD15: 0 | AE15: 0 | AF15: 60000 | AG15: =AH15+BE15 -> 450000 | AH15: =AI15+AN15+AS15+AX15+BB15+BC15+BD15 -> 450000 | AI15: =AJ15+AK15+AL15+AM15 -> 450000 | AJ15: 450000 | AK15: 0 | AL15: 0 | AM15: 0 | AN15: =AO15+AP15+AQ15+AR15 -> 0 | AO15: 0 | AP15: 0 | AQ15: 0 | AR15: 0 | AS15: =AT15+AU15+AV15+AW15 -> 0 | AT15: 0 | AU15: 0 | AV15: 0 | AW15: 0 | AX15: =AY15+AZ15+BA15 -> 0 | AY15: 0 | AZ15: 0 | BA15: 0 | BB15: 0 | BC15: 0 | BD15: 0 | BE15: 0
A16: 9 | B16: 林芝 | C16: 墨脱 | D16: 2013 | E16: 德兴乡荷扎村农家乐项目（第三批） | F16: 是 | G16: 是 | H16: =I16+AF16 -> 510000 | I16: =J16+O16+T16+Y16+AC16+AD16+AE16 -> 450000 | J16: =K16+L16+M16+N16 -> 450000 | K16: 450000 | L16: 0 | M16: 0 | N16: 0 | O16: =P16+Q16+R16+S16 -> 0 | P16: 0 | Q16: 0 | R16: 0 | S16: 0 | T16: =U16+V16+W16+X16 -> 0 | U16: 0 | V16: 0 | W16: 0 | X16: 0 | Y16: =Z16+AA16+AB16 -> 0 | Z16: 0 | AA16: 0 | AB16: 0 | AC16: 0 | AD16: 0 | AE16: 0 | AF16: 60000 | AG16: =AH16+BE16 -> 450000 | AH16: =AI16+AN16+AS16+AX16+BB16+BC16+BD16 -> 450000 | AI16: =AJ16+AK16+AL16+AM16 -> 450000 | AJ16: 450000 | AK16: 0 | AL16: 0 | AM16: 0 | AN16: =AO16+AP16+AQ16+AR16 -> 0 | AO16: 0 | AP16: 0 | AQ16: 0 | AR16: 0 | AS16: =AT16+AU16+AV16+AW16 -> 0 | AT16: 0 | AU16: 0 | AV16: 0 | AW16: 0 | AX16: =AY16+AZ16+BA16 -> 0 | AY16: 0 | AZ16: 0 | BA16: 0 | BB16: 0 | BC16: 0 | BD16: 0 | BE16: 0
A17: 10 | B17: 林芝 | C17: 墨脱 | D17: 2013 | E17: 德兴乡德兴村嘎兴农家乐项目（第二批） | F17: 是 | G17: 是 | H17: =I17+AF17 -> 450000 | I17: =J17+O17+T17+Y17+AC17+AD17+AE17 -> 400000 | J17: =K17+L17+M17+N17 -> 400000 | K17: 400000 | L17: 0 | M17: 0 | N17: 0 | O17: =P17+Q17+R17+S17 -> 0 | P17: 0 | Q17: 0 | R17: 0 | S17: 0 | T17: =U17+V17+W17+X17 -> 0 | U17: 0 | V17: 0 | W17: 0 | X17: 0 | Y17: =Z17+AA17+AB17 -> 0 | Z17: 0 | AA17: 0 | AB17: 0 | AC17: 0 | AD17: 0 | AE17: 0 | AF17: 50000 | AG17: =AH17+BE17 -> 400000 | AH17: =AI17+AN17+AS17+AX17+BB17+BC17+BD17 -> 400000 | AI17: =AJ17+AK17+AL17+AM17 -> 400000 | AJ17: 400000 | AK17: 0 | AL17: 0 | AM17: 0 | AN17: =AO17+AP17+AQ17+AR17 -> 0 | AO17: 0 | AP17: 0 | AQ17: 0 | AR17: 0 | AS17: =AT17+AU17+AV17+AW17 -> 0 | AT17: 0 | AU17: 0 | AV17: 0 | AW17: 0 | AX17: =AY17+AZ17+BA17 -> 0 | AY17: 0 | AZ17: 0 | BA17: 0 | BB17: 0 | BC17: 0 | BD17: 0 | BE17: 0
A18: 11 | B18: 林芝 | C18: 墨脱 | D18: 2013 | E18: 墨脱镇玛迪村农家乐项目（第三批） | F18: 是 | G18: 是 | H18: =I18+AF18 -> 400000 | I18: =J18+O18+T18+Y18+AC18+AD18+AE18 -> 350000 | J18: =K18+L18+M18+N18 -> 350000 | K18: 350000 | L18: 0 | M18: 0 | N18: 0 | O18: =P18+Q18+R18+S18 -> 0 | P18: 0 | Q18: 0 | R18: 0 | S18: 0 | T18: =U18+V18+W18+X18 -> 0 | U18: 0 | V18: 0 | W18: 0 | X18: 0 | Y18: =Z18+AA18+AB18 -> 0 | Z18: 0 | AA18: 0 | AB18: 0 | AC18: 0 | AD18: 0 | AE18: 0 | AF18: 50000 | AG18: =AH18+BE18 -> 350000 | AH18: =AI18+AN18+AS18+AX18+BB18+BC18+BD18 -> 350000 | AI18: =AJ18+AK18+AL18+AM18 -> 350000 | AJ18: 350000 | AK18: 0 | AL18: 0 | AM18: 0 | AN18: =AO18+AP18+AQ18+AR18 -> 0 | AO18: 0 | AP18: 0 | AQ18: 0 | AR18: 0 | AS18: =AT18+AU18+AV18+AW18 -> 0 | AT18: 0 | AU18: 0 | AV18: 0 | AW18: 0 | AX18: =AY18+AZ18+BA18 -> 0 | AY18: 0 | AZ18: 0 | BA18: 0 | BB18: 0 | BC18: 0 | BD18: 0 | BE18: 0
A19: 12 | B19: 林芝 | C19: 墨脱 | D19: 2013 | E19: 背崩乡阿苍村馒头加工点项目（财政专项扶持） | F19: 是 | G19: 是 | H19: =I19+AF19 -> 490000 | I19: =J19+O19+T19+Y19+AC19+AD19+AE19 -> 250000 | J19: =K19+L19+M19+N19 -> 250000 | K19: 0 | L19: 0 | M19: 250000 | N19: 0 | O19: =P19+Q19+R19+S19 -> 0 | P19: 0 | Q19: 0 | R19: 0 | S19: 0 | T19: =U19+V19+W19+X19 -> 0 | U19: 0 | V19: 0 | W19: 0 | X19: 0 | Y19: =Z19+AA19+AB19 -> 0 | Z19: 0 | AA19: 0 | AB19: 0 | AC19: 0 | AD19: 0 | AE19: 0 | AF19: 240000 | AG19: =AH19+BE19 -> 250000 | AH19: =AI19+AN19+AS19+AX19+BB19+BC19+BD19 -> 250000 | AI19: =AJ19+AK19+AL19+AM19 -> 250000 | AJ19: 0 | AK19: 0 | AL19: 250000 | AM19: 0 | AN19: =AO19+AP19+AQ19+AR19 -> 0 | AO19: 0 | AP19: 0 | AQ19: 0 | AR19: 0 | AS19: =AT19+AU19+AV19+AW19 -> 0 | AT19: 0 | AU19: 0 | AV19: 0 | AW19: 0 | AX19: =AY19+AZ19+BA19 -> 0 | AY19: 0 | AZ19: 0 | BA19: 0 | BB19: 0 | BC19: 0 | BD19: 0 | BE19: 0
... A65: 58 | B65: 林芝 | C65: 墨脱 | D65: 2015 | E65: 背崩乡格林村综合养殖场建设项目 | F65: 是 | G65: 是 | H65: =I65+AF65 -> 1600000 | I65: =J65+O65+T65+Y65+AC65+AD65+AE65 -> 1600000 | J65: =K65+L65+M65+N65 -> 1600000 | K65: 1000000 | L65: 500000 | M65: 0 | N65: 100000 | O65: =P65+Q65+R65+S65 -> 0 | P65: 0 | Q65: 0 | R65: 0 | S65: 0 | T65: =U65+V65+W65+X65 -> 0 | U65: 0 | V65: 0 | W65: 0 | X65: 0 | Y65: =Z65+AA65+AB65 -> 0 | Z65: 0 | AA65: 0 | AB65: 0 | AC65: 0 | AD65: 0 | AE65: 0 | AF65: 0 | AG65: =AH65+BE65 -> 1581944.4 | AH65: =AI65+AN65+AS65+AX65+BB65+BC65+BD65 -> 1581944.4 | AI65: =AJ65+AK65+AL65+AM65 -> 1581944.4 | AJ65: 1000000 | AK65: 500000 | AL65: 0 | AM65: 81944.4 | AN65: =AO65+AP65+AQ65+AR65 -> 0 | AO65: 0 | AP65: 0 | AQ65: 0 | AR65: 0 | AS65: =AT65+AU65+AV65+AW65 -> 0 | AT65: 0 | AU65: 0 | AV65: 0 | AW65: 0 | AX65: =AY65+AZ65+BA65 -> 0 | AY65: 0 | AZ65: 0 | BA65: 0 | BB65: 0 | BC65: 0 | BD65: 0 | BE65: 0
A66: 59 | B66: 林芝 | C66: 墨脱 | D66: 2015 | E66: 墨脱镇亚让村高山有机茶种植项目 | F66: 是 | G66: 是 | H66: =I66+AF66 -> 1600000 | I66: =J66+O66+T66+Y66+AC66+AD66+AE66 -> 1600000 | J66: =K66+L66+M66+N66 -> 1600000 | K66: 1150000 | L66: 200000 | M66: 0 | N66: 250000 | O66: =P66+Q66+R66+S66 -> 0 | P66: 0 | Q66: 0 | R66: 0 | S66: 0 | T66: =U66+V66+W66+X66 -> 0 | U66: 0 | V66: 0 | W66: 0 | X66: 0 | Y66: =Z66+AA66+AB66 -> 0 | Z66: 0 | AA66: 0 | AB66: 0 | AC66: 0 | AD66: 0 | AE66: 0 | AF66: 0 | AG66: =AH66+BE66 -> 1581758.1 | AH66: =AI66+AN66+AS66+AX66+BB66+BC66+BD66 -> 1581758.1 | AI66: =AJ66+AK66+AL66+AM66 -> 1581758.1 | AJ66: 1150000 | AK66: 200000 | AL66: 0 | AM66: =1581758.1-AJ66-AK66 -> 231758.1 | AN66: =AO66+AP66+AQ66+AR66 -> 0 | AO66: 0 | AP66: 0 | AQ66: 0 | AR66: 0 | AS66: =AT66+AU66+AV66+AW66 -> 0 | AT66: 0 | AU66: 0 | AV66: 0 | AW66: 0 | AX66: =AY66+AZ66+BA66 -> 0 | AY66: 0 | AZ66: 0 | BA66: 0 | BB66: 0 | BC66: 0 | BD66: 0 | BE66: 0
A67: 60 | B67: 林芝 | C67: 墨脱 | D67: 2015 | E67: 墨脱镇亚让村农家乐家具配套项目 | F67: 是 | G67: 是 | H67: =I67+AF67 -> 300000 | I67: =J67+O67+T67+Y67+AC67+AD67+AE67 -> 300000 | J67: =K67+L67+M67+N67 -> 300000 | K67: 250000 | L67: 0 | M67: 0 | N67: 50000 | O67: =P67+Q67+R67+S67 -> 0 | P67: 0 | Q67: 0 | R67: 0 | S67: 0 | T67: =U67+V67+W67+X67 -> 0 | U67: 0 | V67: 0 | W67: 0 | X67: 0 | Y67: =Z67+AA67+AB67 -> 0 | Z67: 0 | AA67: 0 | AB67: 0 | AC67: 0 | AD67: 0 | AE67: 0 | AF67: 0 | AG67: =AH67+BE67 -> 289500 | AH67: =AI67+AN67+AS67+AX67+BB67+BC67+BD67 -> 289500 | AI67: =AJ67+AK67+AL67+AM67 -> 289500 | AJ67: 250000 | AK67: 0 | AL67: 0 | AM67: 39500 | AN67: =AO67+AP67+AQ67+AR67 -> 0 | AO67: 0 | AP67: 0 | AQ67: 0 | AR67: 0 | AS67: =AT67+AU67+AV67+AW67 -> 0 | AT67: 0 | AU67: 0 | AV67: 0 | AW67: 0 | AX67: =AY67+AZ67+BA67 -> 0 | AY67: 0 | AZ67: 0 | BA67: 0 | BB67: 0 | BC67: 0 | BD67: 0 | BE67: 0
A68: 61 | B68: 林芝 | C68: 墨脱 | D68: 2015 | E68: 文朗村、帮果村低产田改造项目 | F68: 是 | G68: 否 | H68: =I68+AF68 -> 420000 | I68: =J68+O68+T68+Y68+AC68+AD68+AE68 -> 400000 | J68: =K68+L68+M68+N68 -> 400000 | K68: 0 | L68: 400000 | M68: 0 | N68: 0 | O68: =P68+Q68+R68+S68 -> 0 | P68: 0 | Q68: 0 | R68: 0 | S68: 0 | T68: =U68+V68+W68+X68 -> 0 | U68: 0 | V68: 0 | W68: 0 | X68: 0 | Y68: =Z68+AA68+AB68 -> 0 | Z68: 0 | AA68: 0 | AB68: 0 | AC68: 0 | AD68: 0 | AE68: 0 | AF68: 20000 | AG68: =AH68+BE68 -> 420000 | AH68: =AI68+AN68+AS68+AX68+BB68+BC68+BD68 -> 400000 | AI68: =AJ68+AK68+AL68+AM68 -> 400000 | AJ68: 0 | AK68: 400000 | AL68: 0 | AM68: 0 | AN68: =AO68+AP68+AQ68+AR68 -> 0 | AO68: 0 | AP68: 0 | AQ68: 0 | AR68: 0 | AS68: =AT68+AU68+AV68+AW68 -> 0 | AT68: 0 | AU68: 0 | AV68: 0 | AW68: 0 | AX68: =AY68+AZ68+BA68 -> 0 | AY68: 0 | AZ68: 0 | BA68: 0 | BB68: 0 | BC68: 0 | BD68: 0 | BE68: 20000
A69: 62 | B69: 林芝 | C69: 墨脱 | D69: 2015 | E69: 背崩乡格林村农家乐家具配套项目 | F69: 是 | G69: 是 | H69: =I69+AF69 -> 200000 | I69: =J69+O69+T69+Y69+AC69+AD69+AE69 -> 200000 | J69: =K69+L69+M69+N69 -> 200000 | K69: 0 | L69: 0 | M69: 0 | N69: 200000 | O69: =P69+Q69+R69+S69 -> 0 | P69: 0 | Q69: 0 | R69: 0 | S69: 0 | T69: =U69+V69+W69+X69 -> 0 | U69: 0 | V69: 0 | W69: 0 | X69: 0 | Y69: =Z69+AA69+AB69 -> 0 | Z69: 0 | AA69: 0 | AB69: 0 | AC69: 0 | AD69: 0 | AE69: 0 | AF69: 0 | AG69: =AH69+BE69 -> 188477 | AH69: =AI69+AN69+AS69+AX69+BB69+BC69+BD69 -> 188477 | AI69: =AJ69+AK69+AL69+AM69 -> 188477 | AJ69: 0 | AK69: 0 | AL69: 0 | AM69: 188477 | AN69: =AO69+AP69+AQ69+AR69 -> 0 | AO69: 0 | AP69: 0 | AQ69: 0 | AR69: 0 | AS69: =AT69+AU69+AV69+AW69 -> 0 | AT69: 0 | AU69: 0 | AV69: 0 | AW69: 0 | AX69: =AY69+AZ69+BA69 -> 0 | AY69: 0 | AZ69: 0 | BA69: 0 | BB69: 0 | BC69: 0 | BD69: 0 | BE69: 0
A70: 63 | B70: 林芝 | C70: 墨脱 | D70: 2015 | E70: 墨脱县2015年扶贫农家乐项目 | F70: 是 | G70: 是 | H70: =I70+AF70 -> 14998400 | I70: =J70+O70+T70+Y70+AC70+AD70+AE70 -> 10000000 | J70: =K70+L70+M70+N70 -> 10000000 | K70: 10000000 | L70: 0 | M70: 0 | N70: 0 | O70: =P70+Q70+R70+S70 -> 0 | P70: 0 | Q70: 0 | R70: 0 | S70: 0 | T70: =U70+V70+W70+X70 -> 0 | U70: 0 | V70: 0 | W70: 0 | X70: 0 | Y70: =Z70+AA70+AB70 -> 0 | Z70: 0 | AA70: 0 | AB70: 0 | AC70: 0 | AD70: 0 | AE70: 0 | AF70: 4998400 | AG70: =AH70+BE70 -> 14420159 | AH70: =AI70+AN70+AS70+AX70+BB70+BC70+BD70 -> 10000000 | AI70: =AJ70+AK70+AL70+AM70 -> 10000000 | AJ70: 10000000 | AK70: 0 | AL70: 0 | AM70: 0 | AN70: =AO70+AP70+AQ70+AR70 -> 0 | AO70: 0 | AP70: 0 | AQ70: 0 | AR70: 0 | AS70: =AT70+AU70+AV70+AW70 -> 0 | AT70: 0 | AU70: 0 | AV70: 0 | AW70: 0 | AX70: =AY70+AZ70+BA70 -> 0 | AY70: 0 | AZ70: 0 | BA70: 0 | BB70: 0 | BC70: 0 | BD70: 0 | BE70: 4420158.7
A71: 64 | B71: 林芝 | C71: 墨脱 | D71: 2015 | E71: 墨脱县墨脱镇玛迪村17座蔬菜大棚建设项目 | F71: 是 | G71: 是 | H71: =I71+AF71 -> 2850000 | I71: =J71+O71+T71+Y71+AC71+AD71+AE71 -> 1900000 | J71: =K71+L71+M71+N71 -> 1900000 | K71: 1900000 | L71: 0 | M71: 0 | N71: 0 | O71: =P71+Q71+R71+S71 -> 0 | P71: 0 | Q71: 0 | R71: 0 | S71: 0 | T71: =U71+V71+W71+X71 -> 0 | U71: 0 | V71: 0 | W71: 0 | X71: 0 | Y71: =Z71+AA71+AB71 -> 0 | Z71: 0 | AA71: 0 | AB71: 0 | AC71: 0 | AD71: 0 | AE71: 0 | AF71: 950000 | AG71: =AH71+BE71 -> 2850000 | AH71: =AI71+AN71+AS71+AX71+BB71+BC71+BD71 -> 1900000 | AI71: =AJ71+AK71+AL71+AM71 -> 1900000 | AJ71: 1900000 | AK71: 0 | AL71: 0 | AM71: 0 | AN71: =AO71+AP71+AQ71+AR71 -> 0 | AO71: 0 | AP71: 0 | AQ71: 0 | AR71: 0 | AS71: =AT71+AU71+AV71+AW71 -> 0 | AT71: 0 | AU71: 0 | AV71: 0 | AW71: 0 | AX71: =AY71+AZ71+BA71 -> 0 | AY71: 0 | AZ71: 0 | BA71: 0 | BB71: 0 | BC71: 0 | BD71: 0 | BE71: 950000
A72: 65 | B72: 林芝 | C72: 墨脱 | D72: 2015 | E72: 帮辛乡肯肯村石锅加工厂项目 | F72: 是 | G72: 是 | H72: =I72+AF72 -> 300000 | I72: =J72+O72+T72+Y72+AC72+AD72+AE72 -> 300000 | J72: =K72+L72+M72+N72 -> 300000 | K72: 300000 | L72: 0 | M72: 0 | N72: 0 | O72: =P72+Q72+R72+S72 -> 0 | P72: 0 | Q72: 0 | R72: 0 | S72: 0 | T72: =U72+V72+W72+X72 -> 0 | U72: 0 | V72: 0 | W72: 0 | X72: 0 | Y72: =Z72+AA72+AB72 -> 0 | Z72: 0 | AA72: 0 | AB72: 0 | AC72: 0 | AD72: 0 | AE72: 0 | AF72: 0 | AG72: =AH72+BE72 -> 300000 | AH72: =AI72+AN72+AS72+AX72+BB72+BC72+BD72 -> 300000 | AI72: =AJ72+AK72+AL72+AM72 -> 300000 | AJ72: 300000 | AK72: 0 | AL72: 0 | AM72: 0 | AN72: =AO72+AP72+AQ72+AR72 -> 0 | AO72: 0 | AP72: 0 | AQ72: 0 | AR72: 0 | AS72: =AT72+AU72+AV72+AW72 -> 0 | AT72: 0 | AU72: 0 | AV72: 0 | AW72: 0 | AX72: =AY72+AZ72+BA72 -> 0 | AY72: 0 | AZ72: 0 | BA72: 0 | BB72: 0 | BC72: 0 | BD72: 0 | BE72: 0
A73: 66 | B73: 林芝 | C73: 墨脱 | D73: 2015 | E73: 墨脱镇高标准农田建设 | F73: 是 | G73: 否 | H73: =I73+AF73 -> 8988400 | I73: =J73+O73+T73+Y73+AC73+AD73+AE73 -> 8000000 | J73: =K73+L73+M73+N73 -> 8000000 | K73: 8000000 | L73: 0 | M73: 0 | N73: 0 | O73: =P73+Q73+R73+S73 -> 0 | P73: 0 | Q73: 0 | R73: 0 | S73: 0 | T73: =U73+V73+W73+X73 -> 0 | U73: 0 | V73: 0 | W73: 0 | X73: 0 | Y73: =Z73+AA73+AB73 -> 0 | Z73: 0 | AA73: 0 | AB73: 0 | AC73: 0 | AD73: 0 | AE73: 0 | AF73: 988400 | AG73: =AH73+BE73 -> 8988400 | AH73: =AI73+AN73+AS73+AX73+BB73+BC73+BD73 -> 8000000 | AI73: =AJ73+AK73+AL73+AM73 -> 8000000 | AJ73: 8000000 | AK73: 0 | AL73: 0 | AM73: 0 | AN73: =AO73+AP73+AQ73+AR73 -> 0 | AO73: 0 | AP73: 0 | AQ73: 0 | AR73: 0 | AS73: =AT73+AU73+AV73+AW73 -> 0 | AT73: 0 | AU73: 0 | AV73: 0 | AW73: 0 | AX73: =AY73+AZ73+BA73 -> 0 | AY73: 0 | AZ73: 0 | BA73: 0 | BB73: 0 | BC73: 0 | BD73: 0 | BE73: 988400
A74: 67 | B74: 林芝 | C74: 墨脱 | D74: 2015 | E74: 自发搬迁回迁群众安置引水项目 | F74: 是 | G74: 否 | H74: =I74+AF74 -> 670000 | I74: =J74+O74+T74+Y74+AC74+AD74+AE74 -> 400000 | J74: =K74+L74+M74+N74 -> 400000 | K74: 0 | L74: 400000 | M74: 0 | N74: 0 | O74: =P74+Q74+R74+S74 -> 0 | P74: 0 | Q74: 0 | R74: 0 | S74: 0 | T74: =U74+V74+W74+X74 -> 0 | U74: 0 | V74: 0 | W74: 0 | X74: 0 | Y74: =Z74+AA74+AB74 -> 0 | Z74: 0 | AA74: 0 | AB74: 0 | AC74: 0 | AD74: 0 | AE74: 0 | AF74: 270000 | AG74: =AH74+BE74 -> 670000 | AH74: =AI74+AN74+AS74+AX74+BB74+BC74+BD74 -> 400000 | AI74: =AJ74+AK74+AL74+AM74 -> 400000 | AJ74: 0 | AK74: 400000 | AL74: 0 | AM74: 0 | AN74: =AO74+AP74+AQ74+AR74 -> 0 | AO74: 0 | AP74: 0 | AQ74: 0 | AR74: 0 | AS74: =AT74+AU74+AV74+AW74 -> 0 | AT74: 0 | AU74: 0 | AV74: 0 | AW74: 0 | AX74: =AY74+AZ74+BA74 -> 0 | AY74: 0 | AZ74: 0 | BA74: 0 | BB74: 0 | BC74: 0 | BD74: 0 | BE74: 270000
A75: 68 | B75: 林芝 | C75: 墨脱 | D75: 2015 | E75: 回迁安置户住房补贴项目 | F75: 否 | G75: 否 | H75: =I75+AF75 -> 5120000 | I75: =J75+O75+T75+Y75+AC75+AD75+AE75 -> 2560000 | J75: =K75+L75+M75+N75 -> 2560000 | K75: 2560000 | L75: 0 | M75: 0 | N75: 0 | O75: =P75+Q75+R75+S75 -> 0 | P75: 0 | Q75: 0 | R75: 0 | S75: 0 | T75: =U75+V75+W75+X75 -> 0 | U75: 0 | V75: 0 | W75: 0 | X75: 0 | Y75: =Z75+AA75+AB75 -> 0 | Z75: 0 | AA75: 0 | AB75: 0 | AC75: 0 | AD75: 0 | AE75: 0 | AF75: 2560000 | AG75: =AH75+BE75 -> 5120000 | AH75: =AI75+AN75+AS75+AX75+BB75+BC75+BD75 -> 2560000 | AI75: =AJ75+AK75+AL75+AM75 -> 2560000 | AJ75: 2560000 | AK75: 0 | AL75: 0 | AM75: 0 | AN75: =AO75+AP75+AQ75+AR75 -> 0 | AO75: 0 | AP75: 0 | AQ75: 0 | AR75: 0 | AS75: =AT75+AU75+AV75+AW75 -> 0 | AT75: 0 | AU75: 0 | AV75: 0 | AW75: 0 | AX75: =AY75+AZ75+BA75 -> 0 | AY75: 0 | AZ75: 0 | BA75: 0 | BB75: 0 | BC75: 0 | BD75: 0 | BE75: 2560000
A76: 69 | B76: 林芝 | C76: 墨脱 | D76: 2015 | E76: 达木乡珠村地质灾害搬迁建房补贴 | F76: 否 | G76: 否 | H76: =I76+AF76 -> 4560000 | I76: =J76+O76+T76+Y76+AC76+AD76+AE76 -> 2280000 | J76: =K76+L76+M76+N76 -> 2280000 | K76: 2280000 | L76: 0 | M76: 0 | N76: 0 | O76: =P76+Q76+R76+S76 -> 0 | P76: 0 | Q76: 0 | R76: 0 | S76: 0 | T76: =U76+V76+W76+X76 -> 0 | U76: 0 | V76: 0 | W76: 0 | X76: 0 | Y76: =Z76+AA76+AB76 -> 0 | Z76: 0 | AA76: 0 | AB76: 0 | AC76: 0 | AD76: 0 | AE76: 0 | AF76: 2280000 | AG76: =AH76+BE76 -> 4560000 | AH76: =AI76+AN76+AS76+AX76+BB76+BC76+BD76 -> 2280000 | AI76: =AJ76+AK76+AL76+AM76 -> 2280000 | AJ76: 2280000 | AK76: 0 | AL76: 0 | AM76: 0 | AN76: =AO76+AP76+AQ76+AR76 -> 0 | AO76: 0 | AP76: 0 | AQ76: 0 | AR76: 0 | AS76: =AT76+AU76+AV76+AW76 -> 0 | AT76: 0 | AU76: 0 | AV76: 0 | AW76: 0 | AX76: =AY76+AZ76+BA76 -> 0 | AY76: 0 | AZ76: 0 | BA76: 0 | BB76: 0 | BC76: 0 | BD76: 0 | BE76: 2280000
A77: 70 | B77: 林芝 | C77: 墨脱 | D77: 2015 | E77: 墨脱县高寒牧区牲畜棚圈建设 | F77: 否 | G77: 否 | H77: =I77+AF77 -> 180000 | I77: =J77+O77+T77+Y77+AC77+AD77+AE77 -> 0 | J77: =K77+L77+M77+N77 -> 0 | K77: 0 | L77: 0 | M77: 0 | N77: 0 | O77: =P77+Q77+R77+S77 -> 0 | P77: 0 | Q77: 0 | R77: 0 | S77: 0 | T77: =U77+V77+W77+X77 -> 0 | U77: 0 | V77: 0 | W77: 0 | X77: 0 | Y77: =Z77+AA77+AB77 -> 0 | Z77: 0 | AA77: 0 | AB77: 0 | AC77: 0 | AD77: 0 | AE77: 0 | AF77: 180000 | AG77: =AH77+BE77 -> 180000 | AH77: =AI77+AN77+AS77+AX77+BB77+BC77+BD77 -> 0 | AI77: =AJ77+AK77+AL77+AM77 -> 0 | AJ77: 0 | AK77: 0 | AL77: 0 | AM77: 0 | AN77: =AO77+AP77+AQ77+AR77 -> 0 | AO77: 0 | AP77: 0 | AQ77: 0 | AR77: 0 | AS77: =AT77+AU77+AV77+AW77 -> 0 | AT77: 0 | AU77: 0 | AV77: 0 | AW77: 0 | AX77: =AY77+AZ77+BA77 -> 0 | AY77: 0 | AZ77: 0 | BA77: 0 | BB77: 0 | BC77: 0 | BD77: 0 | BE77: 180000
A78: 71 | B78: 林芝 | C78: 墨脱 | D78: 2015 | E78: 2015年墨脱县茶叶种植项目 | F78: 是 | G78: 是 | H78: =I78+AF78 -> 1500000 | I78: =J78+O78+T78+Y78+AC78+AD78+AE78 -> 1500000 | J78: =K78+L78+M78+N78 -> 1500000 | K78: 1500000 | L78: 0 | M78: 0 | N78: 0 | O78: =P78+Q78+R78+S78 -> 0 | P78: 0 | Q78: 0 | R78: 0 | S78: 0 | T78: =U78+V78+W78+X78 -> 0 | U78: 0 | V78: 0 | W78: 0 | X78: 0 | Y78: =Z78+AA78+AB78 -> 0 | Z78: 0 | AA78: 0 | AB78: 0 | AC78: 0 | AD78: 0 | AE78: 0 | AF78: 0 | AG78: =AH78+BE78 -> 1500000 | AH78: =AI78+AN78+AS78+AX78+BB78+BC78+BD78 -> 1500000 | AI78: =AJ78+AK78+AL78+AM78 -> 1500000 | AJ78: 1500000 | AK78: 0 | AL78: 0 | AM78: 0 | AN78: =AO78+AP78+AQ78+AR78 -> 0 | AO78: 0 | AP78: 0 | AQ78: 0 | AR78: 0 | AS78: =AT78+AU78+AV78+AW78 -> 0 | AT78: 0 | AU78: 0 | AV78: 0 | AW78: 0 | AX78: =AY78+AZ78+BA78 -> 0 | AY78: 0 | AZ78: 0 | BA78: 0 | BB78: 0 | BC78: 0 | BD78: 0 | BE78: 0
... A82: 75 | B82: 林芝 | C82: 墨脱 | D82: 2016 | E82: 墨脱县茶叶种植物资采购项目 | F82: 是 | G82: 是 | H82: =I82+AF82 -> 1000000 | I82: =J82+O82+T82+Y82+AC82+AD82+AE82 -> 1000000 | J82: =K82+L82+M82+N82 -> 0 | K82: 0 | L82: 0 | M82: 0 | N82: 0 | O82: =P82+Q82+R82+S82 -> 1000000 | P82: 1000000 | Q82: 0 | R82: 0 | S82: 0 | T82: =U82+V82+W82+X82 -> 0 | U82: 0 | V82: 0 | W82: 0 | X82: 0 | Y82: =Z82+AA82+AB82 -> 0 | Z82: 0 | AA82: 0 | AB82: 0 | AC82: 0 | AD82: 0 | AE82: 0 | AF82: 0 | AG82: =AH82+BE82 -> 999560 | AH82: =AI82+AN82+AS82+AX82+BB82+BC82+BD82 -> 999560 | AI82: =AJ82+AK82+AL82+AM82 -> 0 | AJ82: 0 | AK82: 0 | AL82: 0 | AM82: 0 | AN82: =AO82+AP82+AQ82+AR82 -> 999560 | AO82: 999560 | AP82: 0 | AQ82: 0 | AR82: 0 | AS82: =AT82+AU82+AV82+AW82 -> 0 | AT82: 0 | AU82: 0 | AV82: 0 | AW82: 0 | AX82: =AY82+AZ82+BA82 -> 0 | AY82: 0 | AZ82: 0 | BA82: 0 | BB82: 0 | BC82: 0 | BD82: 0 | BE82: 0
A83: 76 | B83: 林芝 | C83: 墨脱 | D83: 2016 | E83: 墨脱县背崩乡西让村养牛项目 | F83: 是 | G83: 是 | H83: =I83+AF83 -> 714700 | I83: =J83+O83+T83+Y83+AC83+AD83+AE83 -> 714700 | J83: =K83+L83+M83+N83 -> 0 | K83: 0 | L83: 0 | M83: 0 | N83: 0 | O83: =P83+Q83+R83+S83 -> 714700 | P83: 0 | Q83: 0 | R83: 714700 | S83: 0 | T83: =U83+V83+W83+X83 -> 0 | U83: 0 | V83: 0 | W83: 0 | X83: 0 | Y83: =Z83+AA83+AB83 -> 0 | Z83: 0 | AA83: 0 | AB83: 0 | AC83: 0 | AD83: 0 | AE83: 0 | AF83: 0 | AG83: =AH83+BE83 -> 714700 | AH83: =AI83+AN83+AS83+AX83+BB83+BC83+BD83 -> 714700 | AI83: =AJ83+AK83+AL83+AM83 -> 0 | AJ83: 0 | AK83: 0 | AL83: 0 | AM83: 0 | AN83: =AO83+AP83+AQ83+AR83 -> 714700 | AO83: 0 | AP83: 0 | AQ83: 714700 | AR83: 0 | AS83: =AT83+AU83+AV83+AW83 -> 0 | AT83: 0 | AU83: 0 | AV83: 0 | AW83: 0 | AX83: =AY83+AZ83+BA83 -> 0 | AY83: 0 | AZ83: 0 | BA83: 0 | BB83: 0 | BC83: 0 | BD83: 0 | BE83: 0 | BF83: 批复金额以概批金额填写，未收集到决算和支出资料，支出金额现以“同概批金额一致”填写
A84: 77 | B84: 林芝 | C84: 墨脱 | D84: 2016 | E84: 墨脱县墨脱镇亚东村扶贫农家乐附属设施项目 | F84: 是 | G84: 是 | H84: =I84+AF84 -> 1200000 | I84: =J84+O84+T84+Y84+AC84+AD84+AE84 -> 1200000 | J84: =K84+L84+M84+N84 -> 0 | K84: 0 | L84: 0 | M84: 0 | N84: 0 | O84: =P84+Q84+R84+S84 -> 1200000 | P84: 1200000 | Q84: 0 | R84: 0 | S84: 0 | T84: =U84+V84+W84+X84 -> 0 | U84: 0 | V84: 0 | W84: 0 | X84: 0 | Y84: =Z84+AA84+AB84 -> 0 | Z84: 0 | AA84: 0 | AB84: 0 | AC84: 0 | AD84: 0 | AE84: 0 | AF84: 0 | AG84: =AH84+BE84 -> 1200000 | AH84: =AI84+AN84+AS84+AX84+BB84+BC84+BD84 -> 1200000 | AI84: =AJ84+AK84+AL84+AM84 -> 0 | AJ84: 0 | AK84: 0 | AL84: 0 | AM84: 0 | AN84: =AO84+AP84+AQ84+AR84 -> 1200000 | AO84: 1200000 | AP84: 0 | AQ84: 0 | AR84: 0 | AS84: =AT84+AU84+AV84+AW84 -> 0 | AT84: 0 | AU84: 0 | AV84: 0 | AW84: 0 | AX84: =AY84+AZ84+BA84 -> 0 | AY84: 0 | AZ84: 0 | BA84: 0 | BB84: 0 | BC84: 0 | BD84: 0 | BE84: 0
A85: 78 | B85: 林芝 | C85: 墨脱 | D85: 2016 | E85: 墨脱县加热萨乡蔬菜大棚建设项目 | F85: 是 | G85: 是 | H85: =I85+AF85 -> 238200 | I85: =J85+O85+T85+Y85+AC85+AD85+AE85 -> 238200 | J85: =K85+L85+M85+N85 -> 0 | K85: 0 | L85: 0 | M85: 0 | N85: 0 | O85: =P85+Q85+R85+S85 -> 238200 | P85: 238200 | Q85: 0 | R85: 0 | S85: 0 | T85: =U85+V85+W85+X85 -> 0 | U85: 0 | V85: 0 | W85: 0 | X85: 0 | Y85: =Z85+AA85+AB85 -> 0 | Z85: 0 | AA85: 0 | AB85: 0 | AC85: 0 | AD85: 0 | AE85: 0 | AF85: 0 | AG85: =AH85+BE85 -> 238200 | AH85: =AI85+AN85+AS85+AX85+BB85+BC85+BD85 -> 238200 | AI85: =AJ85+AK85+AL85+AM85 -> 0 | AJ85: 0 | AK85: 0 | AL85: 0 | AM85: 0 | AN85: =AO85+AP85+AQ85+AR85 -> 238200 | AO85: 238200 | AP85: 0 | AQ85: 0 | AR85: 0 | AS85: =AT85+AU85+AV85+AW85 -> 0 | AT85: 0 | AU85: 0 | AV85: 0 | AW85: 0 | AX85: =AY85+AZ85+BA85 -> 0 | AY85: 0 | AZ85: 0 | BA85: 0 | BB85: 0 | BC85: 0 | BD85: 0 | BE85: 0 | BF85: 批复金额以概批金额填写，未收集到决算和支出资料，支出金额现以“同概批金额一致”填写
A86: 79 | B86: 林芝 | C86: 墨脱 | D86: 2016 | E86: 墨脱县墨脱古街民族特色产品销售点配套项目 | F86: 是 | G86: 是 | H86: =I86+AF86 -> 506900 | I86: =J86+O86+T86+Y86+AC86+AD86+AE86 -> 506900 | J86: =K86+L86+M86+N86 -> 0 | K86: 0 | L86: 0 | M86: 0 | N86: 0 | O86: =P86+Q86+R86+S86 -> 506900 | P86: 506900 | Q86: 0 | R86: 0 | S86: 0 | T86: =U86+V86+W86+X86 -> 0 | U86: 0 | V86: 0 | W86: 0 | X86: 0 | Y86: =Z86+AA86+AB86 -> 0 | Z86: 0 | AA86: 0 | AB86: 0 | AC86: 0 | AD86: 0 | AE86: 0 | AF86: 0 | AG86: =AH86+BE86 -> 506900 | AH86: =AI86+AN86+AS86+AX86+BB86+BC86+BD86 -> 506900 | AI86: =AJ86+AK86+AL86+AM86 -> 0 | AJ86: 0 | AK86: 0 | AL86: 0 | AM86: 0 | AN86: =AO86+AP86+AQ86+AR86 -> 506900 | AO86: 506900 | AP86: 0 | AQ86: 0 | AR86: 0 | AS86: =AT86+AU86+AV86+AW86 -> 0 | AT86: 0 | AU86: 0 | AV86: 0 | AW86: 0 | AX86: =AY86+AZ86+BA86 -> 0 | AY86: 0 | AZ86: 0 | BA86: 0 | BB86: 0 | BC86: 0 | BD86: 0 | BE86: 0
A87: 80 | B87: 林芝 | C87: 墨脱 | D87: 2016 | E87: 墨脱县德兴乡扶贫超市建设项目 | F87: 是 | G87: 是 | H87: =I87+AF87 -> 1108600 | I87: =J87+O87+T87+Y87+AC87+AD87+AE87 -> 1108600 | J87: =K87+L87+M87+N87 -> 0 | K87: 0 | L87: 0 | M87: 0 | N87: 0 | O87: =P87+Q87+R87+S87 -> 1108600 | P87: 1108600 | Q87: 0 | R87: 0 | S87: 0 | T87: =U87+V87+W87+X87 -> 0 | U87: 0 | V87: 0 | W87: 0 | X87: 0 | Y87: =Z87+AA87+AB87 -> 0 | Z87: 0 | AA87: 0 | AB87: 0 | AC87: 0 | AD87: 0 | AE87: 0 | AF87: 0 | AG87: =AH87+BE87 -> 1053754.4 | AH87: =AI87+AN87+AS87+AX87+BB87+BC87+BD87 -> 1053754.4 | AI87: =AJ87+AK87+AL87+AM87 -> 0 | AJ87: 0 | AK87: 0 | AL87: 0 | AM87: 0 | AN87: =AO87+AP87+AQ87+AR87 -> 1053754.4 | AO87: 1053754.4 | AP87: 0 | AQ87: 0 | AR87: 0 | AS87: =AT87+AU87+AV87+AW87 -> 0 | AT87: 0 | AU87: 0 | AV87: 0 | AW87: 0 | AX87: =AY87+AZ87+BA87 -> 0 | AY87: 0 | AZ87: 0 | BA87: 0 | BB87: 0 | BC87: 0 | BD87: 0 | BE87: 0
A88: 81 | B88: 林芝 | C88: 墨脱 | D88: 2016 | E88: 墨脱县加热萨乡新建砂石厂项目 | F88: 是 | G88: 是 | H88: =I88+AF88 -> 1053900 | I88: =J88+O88+T88+Y88+AC88+AD88+AE88 -> 1053900 | J88: =K88+L88+M88+N88 -> 0 | K88: 0 | L88: 0 | M88: 0 | N88: 0 | O88: =P88+Q88+R88+S88 -> 1053900 | P88: 1053900 | Q88: 0 | S88: 0 | T88: =U88+V88+W88+X88 -> 0 | U88: 0 | V88: 0 | W88: 0 | X88: 0 | Y88: =Z88+AA88+AB88 -> 0 | Z88: 0 | AA88: 0 | AB88: 0 | AC88: 0 | AD88: 0 | AE88: 0 | AF88: 0 | AG88: =AH88+BE88 -> 1053900 | AH88: =AI88+AN88+AS88+AX88+BB88+BC88+BD88 -> 1053900 | AI88: =AJ88+AK88+AL88+AM88 -> 0 | AJ88: 0 | AK88: 0 | AL88: 0 | AM88: 0 | AN88: =AO88+AP88+AQ88+AR88 -> 1053900 | AO88: 1053900 | AP88: 0 | AR88: 0 | AS88: =AT88+AU88+AV88+AW88 -> 0 | AT88: 0 | AU88: 0 | AV88: 0 | AW88: 0 | AX88: =AY88+AZ88+BA88 -> 0 | AY88: 0 | AZ88: 0 | BA88: 0 | BB88: 0 | BC88: 0 | BD88: 0 | BE88: 0
A89: 82 | B89: 林芝 | C89: 墨脱 | D89: 2016 | E89: 有机茶叶种植项目3个 | F89: 是 | G89: 是 | H89: =I89+AF89 -> 13440000 | I89: =J89+O89+T89+Y89+AC89+AD89+AE89 -> 13440000 | J89: =K89+L89+M89+N89 -> 0 | K89: 0 | L89: 0 | M89: 0 | N89: 0 | O89: =P89+Q89+R89+S89 -> 13440000 | P89: 6720000 | Q89: 0 | R89: 6720000 | S89: 0 | T89: =U89+V89+W89+X89 -> 0 | U89: 0 | V89: 0 | W89: 0 | X89: 0 | Y89: =Z89+AA89+AB89 -> 0 | Z89: 0 | AA89: 0 | AB89: 0 | AC89: 0 | AD89: 0 | AE89: 0 | AF89: 0 | AG89: =AH89+BE89 -> 13440000 | AH89: =AI89+AN89+AS89+AX89+BB89+BC89+BD89 -> 13440000 | AI89: =AJ89+AK89+AL89+AM89 -> 0 | AJ89: 0 | AK89: 0 | AL89: 0 | AM89: 0 | AN89: =AO89+AP89+AQ89+AR89 -> 13440000 | AO89: 6720000 | AP89: 0 | AQ89: 6720000 | AR89: 0 | AS89: =AT89+AU89+AV89+AW89 -> 0 | AT89: 0 | AU89: 0 | AV89: 0 | AW89: 0 | AX89: =AY89+AZ89+BA89 -> 0 | AY89: 0 | AZ89: 0 | BA89: 0 | BB89: 0 | BC89: 0 | BD89: 0 | BE89: 0
A90: 83 | B90: 林芝 | C90: 墨脱 | D90: 2016 | E90: 德兴乡荷扎村养猪场道路修建项目 | F90: 是 | G90: 是 | H90: =I90+AF90 -> 125600 | I90: =J90+O90+T90+Y90+AC90+AD90+AE90 -> 125600 | J90: =K90+L90+M90+N90 -> 0 | K90: 0 | L90: 0 | M90: 0 | N90: 0 | O90: =P90+Q90+R90+S90 -> 125600 | P90: 125600 | Q90: 0 | R90: 0 | S90: 0 | T90: =U90+V90+W90+X90 -> 0 | U90: 0 | V90: 0 | W90: 0 | X90: 0 | Y90: =Z90+AA90+AB90 -> 0 | Z90: 0 | AA90: 0 | AB90: 0 | AC90: 0 | AD90: 0 | AE90: 0 | AF90: 0 | AG90: =AH90+BE90 -> 125600 | AH90: =AI90+AN90+AS90+AX90+BB90+BC90+BD90 -> 125600 | AI90: =AJ90+AK90+AL90+AM90 -> 0 | AJ90: 0 | AK90: 0 | AL90: 0 | AM90: 0 | AN90: =AO90+AP90+AQ90+AR90 -> 125600 | AO90: 125600 | AP90: 0 | AQ90: 0 | AR90: 0 | AS90: =AT90+AU90+AV90+AW90 -> 0 | AT90: 0 | AU90: 0 | AV90: 0 | AW90: 0 | AX90: =AY90+AZ90+BA90 -> 0 | AY90: 0 | AZ90: 0 | BA90: 0 | BB90: 0 | BC90: 0 | BD90: 0 | BE90: 0
A91: 84 | B91: 林芝 | C91: 墨脱 | D91: 2016 | E91: 墨脱村生猪养殖项目 | F91: 是 | G91: 是 | H91: =I91+AF91 -> 1360000 | I91: =J91+O91+T91+Y91+AC91+AD91+AE91 -> 1360000 | J91: =K91+L91+M91+N91 -> 0 | K91: 0 | L91: 0 | M91: 0 | N91: 0 | O91: =P91+Q91+R91+S91 -> 1360000 | P91: 680000 | Q91: 0 | R91: 680000 | S91: 0 | T91: =U91+V91+W91+X91 -> 0 | U91: 0 | V91: 0 | W91: 0 | X91: 0 | Y91: =Z91+AA91+AB91 -> 0 | Z91: 0 | AA91: 0 | AB91: 0 | AC91: 0 | AD91: 0 | AE91: 0 | AF91: 0 | AG91: =AH91+BE91 -> 1360000 | AH91: =AI91+AN91+AS91+AX91+BB91+BC91+BD91 -> 1360000 | AI91: =AJ91+AK91+AL91+AM91 -> 0 | AJ91: 0 | AK91: 0 | AL91: 0 | AM91: 0 | AN91: =AO91+AP91+AQ91+AR91 -> 1360000 | AO91: 680000 | AP91: 0 | AQ91: 680000 | AR91: 0 | AS91: =AT91+AU91+AV91+AW91 -> 0 | AT91: 0 | AU91: 0 | AV91: 0 | AW91: 0 | AX91: =AY91+AZ91+BA91 -> 0 | AY91: 0 | AZ91: 0 | BA91: 0 | BB91: 0 | BC91: 0 | BD91: 0 | BE91: 0
A92: 85 | B92: 林芝 | C92: 墨脱 | D92: 2016 | E92: 生态脱贫岗位人员补助 | F92: 否 | G92: 否 | H92: =I92+AF92 -> 8430000 | I92: =J92+O92+T92+Y92+AC92+AD92+AE92 -> 8430000 | J92: =K92+L92+M92+N92 -> 0 | K92: 0 | L92: 0 | M92: 0 | N92: 0 | O92: =P92+Q92+R92+S92 -> 8430000 | P92: 6330000 | Q92: 0 | R92: 2100000 | S92: 0 | T92: =U92+V92+W92+X92 -> 0 | U92: 0 | V92: 0 | W92: 0 | X92: 0 | Y92: =Z92+AA92+AB92 -> 0 | Z92: 0 | AA92: 0 | AB92: 0 | AC92: 0 | AD92: 0 | AE92: 0 | AF92: 0 | AG92: =AH92+BE92 -> 8430000 | AH92: =AI92+AN92+AS92+AX92+BB92+BC92+BD92 -> 8430000 | AI92: =AJ92+AK92+AL92+AM92 -> 0 | AJ92: 0 | AK92: 0 | AL92: 0 | AM92: 0 | AN92: =AO92+AP92+AQ92+AR92 -> 8430000 | AO92: 6330000 | AP92: 0 | AQ92: 2100000 | AR92: 0 | AS92: =AT92+AU92+AV92+AW92 -> 0 | AT92: 0 | AU92: 0 | AV92: 0 | AW92: 0 | AX92: =AY92+AZ92+BA92 -> 0 | AY92: 0 | AZ92: 0 | BA92: 0 | BB92: 0 | BC92: 0 | BD92: 0 | BE92: 0
A93: 86 | B93: 林芝 | C93: 墨脱 | D93: 2016 | E93: 墨脱县2016年地质灾害群测群防人员培训 | F93: 否 | G93: 否 | H93: =I93+AF93 -> 180000 | I93: =J93+O93+T93+Y93+AC93+AD93+AE93 -> 180000 | J93: =K93+L93+M93+N93 -> 0 | K93: 0 | L93: 0 | M93: 0 | N93: 0 | O93: =P93+Q93+R93+S93 -> 180000 | P93: 0 | Q93: 0 | R93: 180000 | S93: 0 | T93: =U93+V93+W93+X93 -> 0 | U93: 0 | V93: 0 | W93: 0 | X93: 0 | Y93: =Z93+AA93+AB93 -> 0 | Z93: 0 | AA93: 0 | AB93: 0 | AC93: 0 | AD93: 0 | AE93: 0 | AF93: 0 | AG93: =AH93+BE93 -> 180000 | AH93: =AI93+AN93+AS93+AX93+BB93+BC93+BD93 -> 180000 | AI93: =AJ93+AK93+AL93+AM93 -> 0 | AJ93: 0 | AK93: 0 | AL93: 0 | AM93: 0 | AN93: =AO93+AP93+AQ93+AR93 -> 180000 | AO93: 0 | AP93: 0 | AQ93: 180000 | AR93: 0 | AS93: =AT93+AU93+AV93+AW93 -> 0 | AT93: 0 | AU93: 0 | AV93: 0 | AW93: 0 | AX93: =AY93+AZ93+BA93 -> 0 | AY93: 0 | AZ93: 0 | BA93: 0 | BB93: 0 | BC93: 0 | BD93: 0 | BE93: 0
A94: 87 | B94: 林芝 | C94: 墨脱 | D94: 2016 | E94: 墨脱县加热萨乡建档立卡农牧民技能培训 | F94: 否 | G94: 否 | H94: =I94+AF94 -> 489300 | I94: =J94+O94+T94+Y94+AC94+AD94+AE94 -> 489300 | J94: =K94+L94+M94+N94 -> 0 | K94: 0 | L94: 0 | M94: 0 | N94: 0 | O94: =P94+Q94+R94+S94 -> 489300 | P94: 489300 | Q94: 0 | R94: 0 | S94: 0 | T94: =U94+V94+W94+X94 -> 0 | U94: 0 | V94: 0 | W94: 0 | X94: 0 | Y94: =Z94+AA94+AB94 -> 0 | Z94: 0 | AA94: 0 | AB94: 0 | AC94: 0 | AD94: 0 | AE94: 0 | AF94: 0 | AG94: =AH94+BE94 -> 489300 | AH94: =AI94+AN94+AS94+AX94+BB94+BC94+BD94 -> 489300 | AI94: =AJ94+AK94+AL94+AM94 -> 0 | AJ94: 0 | AK94: 0 | AL94: 0 | AM94: 0 | AN94: =AO94+AP94+AQ94+AR94 -> 489300 | AO94: 489300 | AP94: 0 | AQ94: 0 | AR94: 0 | AS94: =AT94+AU94+AV94+AW94 -> 0 | AT94: 0 | AU94: 0 | AV94: 0 | AW94: 0 | AX94: =AY94+AZ94+BA94 -> 0 | AY94: 0 | AZ94: 0 | BA94: 0 | BB94: 0 | BC94: 0 | BD94: 0 | BE94: 0
A95: 88 | B95: 林芝 | C95: 墨脱 | D95: 2016 | E95: 墨脱县项目管理费 | F95: 否 | G95: 否 | H95: =I95+AF95 -> 1130000 | I95: =J95+O95+T95+Y95+AC95+AD95+AE95 -> 1130000 | J95: =K95+L95+M95+N95 -> 0 | K95: 0 | L95: 0 | M95: 0 | N95: 0 | O95: =P95+Q95+R95+S95 -> 1130000 | P95: 0 | Q95: 130000 | R95: 1000000 | S95: 0 | T95: =U95+V95+W95+X95 -> 0 | U95: 0 | V95: 0 | W95: 0 | X95: 0 | Y95: =Z95+AA95+AB95 -> 0 | Z95: 0 | AA95: 0 | AB95: 0 | AC95: 0 | AD95: 0 | AE95: 0 | AF95: 0 | AG95: =AH95+BE95 -> 1130000 | AH95: =AI95+AN95+AS95+AX95+BB95+BC95+BD95 -> 1130000 | AI95: =AJ95+AK95+AL95+AM95 -> 0 | AJ95: 0 | AK95: 0 | AL95: 0 | AM95: 0 | AN95: =AO95+AP95+AQ95+AR95 -> 1130000 | AO95: 0 | AP95: 130000 | AQ95: 1000000 | AR95: 0 | AS95: =AT95+AU95+AV95+AW95 -> 0 | AT95: 0 | AU95: 0 | AV95: 0 | AW95: 0 | AX95: =AY95+AZ95+BA95 -> 0 | AY95: 0 | AZ95: 0 | BA95: 0 | BB95: 0 | BC95: 0 | BD95: 0 | BE95: 0
A96: 89 | B96: 林芝 | C96: 墨脱 | D96: 2016 | E96: 低产田改造项目 | F96: 是 | G96: 否 | H96: =I96+AF96 -> 1433000 | I96: =J96+O96+T96+Y96+AC96+AD96+AE96 -> 1433000 | J96: =K96+L96+M96+N96 -> 0 | K96: 0 | L96: 0 | M96: 0 | N96: 0 | O96: =P96+Q96+R96+S96 -> 1433000 | P96: 716500 | Q96: 0 | R96: 716500 | S96: 0 | T96: =U96+V96+W96+X96 -> 0 | U96: 0 | V96: 0 | W96: 0 | X96: 0 | Y96: =Z96+AA96+AB96 -> 0 | Z96: 0 | AA96: 0 | AB96: 0 | AC96: 0 | AD96: 0 | AE96: 0 | AF96: 0 | AG96: =AH96+BE96 -> 1433000 | AH96: =AI96+AN96+AS96+AX96+BB96+BC96+BD96 -> 1433000 | AI96: =AJ96+AK96+AL96+AM96 -> 0 | AJ96: 0 | AK96: 0 | AL96: 0 | AM96: 0 | AN96: =AO96+AP96+AQ96+AR96 -> 1433000 | AO96: 716500 | AP96: 0 | AQ96: 716500 | AR96: 0 | AS96: =AT96+AU96+AV96+AW96 -> 0 | AT96: 0 | AU96: 0 | AV96: 0 | AW96: 0 | AX96: =AY96+AZ96+BA96 -> 0 | AY96: 0 | AZ96: 0 | BA96: 0 | BB96: 0 | BC96: 0 | BD96: 0 | BE96: 0
A97: 90 | B97: 林芝 | C97: 墨脱 | D97: 2016 | E97: 养牛项目9个村 | F97: 是 | G97: 是 | H97: =I97+AF97 -> 2836000 | I97: =J97+O97+T97+Y97+AC97+AD97+AE97 -> 2836000 | J97: =K97+L97+M97+N97 -> 0 | K97: 0 | L97: 0 | M97: 0 | N97: 0 | O97: =P97+Q97+R97+S97 -> 2836000 | P97: 1418000 | Q97: 0 | R97: 1418000 | S97: 0 | T97: =U97+V97+W97+X97 -> 0 | U97: 0 | V97: 0 | W97: 0 | X97: 0 | Y97: =Z97+AA97+AB97 -> 0 | Z97: 0 | AA97: 0 | AB97: 0 | AC97: 0 | AD97: 0 | AE97: 0 | AF97: 0 | AG97: =AH97+BE97 -> 2836000 | AH97: =AI97+AN97+AS97+AX97+BB97+BC97+BD97 -> 2836000 | AI97: =AJ97+AK97+AL97+AM97 -> 0 | AJ97: 0 | AK97: 0 | AL97: 0 | AM97: 0 | AN97: =AO97+AP97+AQ97+AR97 -> 2836000 | AO97: 1418000 | AP97: 0 | AQ97: 1418000 | AR97: 0 | AS97: =AT97+AU97+AV97+AW97 -> 0 | AT97: 0 | AU97: 0 | AV97: 0 | AW97: 0 | AX97: =AY97+AZ97+BA97 -> 0 | AY97: 0 | AZ97: 0 | BA97: 0 | BB97: 0 | BC97: 0 | BD97: 0 | BE97: 0
A98: 91 | B98: 林芝 | C98: 墨脱 | D98: 2016 | E98: 林芝永久片区异地扶贫安置项目 | F98: 否 | G98: 否 | H98: =I98+AF98 -> 25000000 | I98: =J98+O98+T98+Y98+AC98+AD98+AE98 -> 25000000 | J98: =K98+L98+M98+N98 -> 0 | K98: 0 | L98: 0 | M98: 0 | N98: 0 | O98: =P98+Q98+R98+S98 -> 25000000 | P98: 12500000 | Q98: 0 | R98: 12500000 | S98: 0 | T98: =U98+V98+W98+X98 -> 0 | U98: 0 | V98: 0 | W98: 0 | X98: 0 | Y98: =Z98+AA98+AB98 -> 0 | Z98: 0 | AA98: 0 | AB98: 0 | AC98: 0 | AD98: 0 | AE98: 0 | AF98: 0 | AG98: =AH98+BE98 -> 25000000 | AH98: =AI98+AN98+AS98+AX98+BB98+BC98+BD98 -> 25000000 | AI98: =AJ98+AK98+AL98+AM98 -> 0 | AJ98: 0 | AK98: 0 | AL98: 0 | AM98: 0 | AN98: =AO98+AP98+AQ98+AR98 -> 25000000 | AO98: 12500000 | AP98: 0 | AQ98: 12500000 | AR98: 0 | AS98: =AT98+AU98+AV98+AW98 -> 0 | AT98: 0 | AU98: 0 | AV98: 0 | AW98: 0 | AX98: =AY98+AZ98+BA98 -> 0 | AY98: 0 | AZ98: 0 | BA98: 0 | BB98: 0 | BC98: 0 | BD98: 0 | BE98: 0
A99: 92 | B99: 林芝 | C99: 墨脱 | D99: 2016 | E99: 高标准农田建设 | F99: 是 | G99: 否 | H99: =I99+AF99 -> 10130000 | I99: =J99+O99+T99+Y99+AC99+AD99+AE99 -> 10130000 | J99: =K99+L99+M99+N99 -> 0 | K99: 0 | L99: 0 | M99: 0 | N99: 0 | O99: =P99+Q99+R99+S99 -> 10130000 | P99: 0 | Q99: 0 | R99: 10000000 | S99: 130000 | T99: =U99+V99+W99+X99 -> 0 | U99: 0 | V99: 0 | W99: 0 | X99: 0 | Y99: =Z99+AA99+AB99 -> 0 | Z99: 0 | AA99: 0 | AB99: 0 | AC99: 0 | AD99: 0 | AE99: 0 | AF99: 0 | AG99: =AH99+BE99 -> 10130000 | AH99: =AI99+AN99+AS99+AX99+BB99+BC99+BD99 -> 10130000 | AI99: =AJ99+AK99+AL99+AM99 -> 0 | AJ99: 0 | AK99: 0 | AL99: 0 | AM99: 0 | AN99: =AO99+AP99+AQ99+AR99 -> 10130000 | AO99: 0 | AP99: 0 | AQ99: 10000000 | AR99: 130000 | AS99: =AT99+AU99+AV99+AW99 -> 0 | AT99: 0 | AU99: 0 | AV99: 0 | AW99: 0 | AX99: =AY99+AZ99+BA99 -> 0 | AY99: 0 | AZ99: 0 | BA99: 0 | BB99: 0 | BC99: 0 | BD99: 0 | BE99: 0
A100: 93 | B100: 林芝 | C100: 墨脱 | D100: 2016 | E100: 墨脱县墨脱镇向国荣稻田水渠修建项目 | F100: 是 | G100: 否 | H100: =I100+AF100 -> 1300000 | I100: =J100+O100+T100+Y100+AC100+AD100+AE100 -> 1300000 | J100: =K100+L100+M100+N100 -> 0 | K100: 0 | L100: 0 | M100: 0 | N100: 0 | O100: =P100+Q100+R100+S100 -> 1300000 | P100: 1300000 | Q100: 0 | R100: 0 | S100: 0 | T100: =U100+V100+W100+X100 -> 0 | U100: 0 | V100: 0 | W100: 0 | X100: 0 | Y100: =Z100+AA100+AB100 -> 0 | Z100: 0 | AA100: 0 | AB100: 0 | AC100: 0 | AD100: 0 | AE100: 0 | AF100: 0 | AG100: =AH100+BE100 -> 1300000 | AH100: =AI100+AN100+AS100+AX100+BB100+BC100+BD100 -> 1300000 | AI100: =AJ100+AK100+AL100+AM100 -> 0 | AJ100: 0 | AK100: 0 | AL100: 0 | AM100: 0 | AN100: =AO100+AP100+AQ100+AR100 -> 1300000 | AO100: 1300000 | AP100: 0 | AQ100: 0 | AR100: 0 | AS100: =AT100+AU100+AV100+AW100 -> 0 | AT100: 0 | AU100: 0 | AV100: 0 | AW100: 0 | AX100: =AY100+AZ100+BA100 -> 0 | AY100: 0 | AZ100: 0 | BA100: 0 | BB100: 0 | BC100: 0 | BD100: 0 | BE100: 0
A101: 94 | B101: 林芝 | C101: 墨脱 | D101: 2016 | E101: 墨脱县背崩乡西让村稻田水渠维修项目 | F101: 是 | G101: 否 | H101: =I101+AF101 -> 700000 | I101: =J101+O101+T101+Y101+AC101+AD101+AE101 -> 700000 | J101: =K101+L101+M101+N101 -> 0 | K101: 0 | L101: 0 | M101: 0 | N101: 0 | O101: =P101+Q101+R101+S101 -> 700000 | P101: 700000 | Q101: 0 | R101: 0 | S101: 0 | T101: =U101+V101+W101+X101 -> 0 | U101: 0 | V101: 0 | W101: 0 | X101: 0 | Y101: =Z101+AA101+AB101 -> 0 | Z101: 0 | AA101: 0 | AB101: 0 | AC101: 0 | AD101: 0 | AE101: 0 | AF101: 0 | AG101: =AH101+BE101 -> 700000 | AH101: =AI101+AN101+AS101+AX101+BB101+BC101+BD101 -> 700000 | AI101: =AJ101+AK101+AL101+AM101 -> 0 | AJ101: 0 | AK101: 0 | AL101: 0 | AM101: 0 | AN101: =AO101+AP101+AQ101+AR101 -> 700000 | AO101: 700000 | AP101: 0 | AQ101: 0 | AR101: 0 | AS101: =AT101+AU101+AV101+AW101 -> 0 | AT101: 0 | AU101: 0 | AV101: 0 | AW101: 0 | AX101: =AY101+AZ101+BA101 -> 0 | AY101: 0 | AZ101: 0 | BA101: 0 | BB101: 0 | BC101: 0 | BD101: 0 | BE101: 0 | BF101: 杨科长清单2016.2017
A102: 95 | B102: 林芝 | C102: 墨脱 | D102: 2016 | E102: 墨脱县帮辛乡根登村道路硬化项目 | F102: 是 | G102: 否 | H102: =I102+AF102 -> 800000 | I102: =J102+O102+T102+Y102+AC102+AD102+AE102 -> 800000 | J102: =K102+L102+M102+N102 -> 0 | K102: 0 | L102: 0 | M102: 0 | N102: 0 | O102: =P102+Q102+R102+S102 -> 800000 | P102: 800000 | Q102: 0 | R102: 0 | S102: 0 | T102: =U102+V102+W102+X102 -> 0 | U102: 0 | V102: 0 | W102: 0 | X102: 0 | Y102: =Z102+AA102+AB102 -> 0 | Z102: 0 | AA102: 0 | AB102: 0 | AC102: 0 | AD102: 0 | AE102: 0 | AF102: 0 | AG102: =AH102+BE102 -> 800000 | AH102: =AI102+AN102+AS102+AX102+BB102+BC102+BD102 -> 800000 | AI102: =AJ102+AK102+AL102+AM102 -> 0 | AJ102: 0 | AK102: 0 | AL102: 0 | AM102: 0 | AN102: =AO102+AP102+AQ102+AR102 -> 800000 | AO102: 800000 | AP102: 0 | AQ102: 0 | AR102: 0 | AS102: =AT102+AU102+AV102+AW102 -> 0 | AT102: 0 | AU102: 0 | AV102: 0 | AW102: 0 | AX102: =AY102+AZ102+BA102 -> 0 | AY102: 0 | AZ102: 0 | BA102: 0 | BB102: 0 | BC102: 0 | BD102: 0 | BE102: 0
A103: 96 | B103: 林芝 | C103: 墨脱 | D103: 2016 | E103: 墨脱县易地搬迁集中安置项目 | F103: 是 | G103: 否 | H103: =I103+AF103 -> 41110400 | I103: =J103+O103+T103+Y103+AC103+AD103+AE103 -> 41110400 | J103: =K103+L103+M103+N103 -> 0 | K103: 0 | L103: 0 | M103: 0 | N103: 0 | O103: =P103+Q103+R103+S103 -> 41110400 | P103: 41110400 | Q103: 0 | R103: 0 | S103: 0 | T103: =U103+V103+W103+X103 -> 0 | U103: 0 | V103: 0 | W103: 0 | X103: 0 | Y103: =Z103+AA103+AB103 -> 0 | Z103: 0 | AA103: 0 | AB103: 0 | AC103: 0 | AD103: 0 | AE103: 0 | AF103: 0 | AG103: =AH103+BE103 -> 41110400 | AH103: =AI103+AN103+AS103+AX103+BB103+BC103+BD103 -> 41110400 | AI103: =AJ103+AK103+AL103+AM103 -> 0 | AJ103: 0 | AK103: 0 | AL103: 0 | AM103: 0 | AN103: =AO103+AP103+AQ103+AR103 -> 41110400 | AO103: 41110400 | AP103: 0 | AQ103: 0 | AR103: 0 | AS103: =AT103+AU103+AV103+AW103 -> 0 | AT103: 0 | AU103: 0 | AV103: 0 | AW103: 0 | AX103: =AY103+AZ103+BA103 -> 0 | AY103: 0 | AZ103: 0 | BA103: 0 | BB103: 0 | BC103: 0 | BD103: 0 | BE103: 0
A104: 97 | B104: 林芝 | C104: 墨脱 | D104: 2016 | E104: 墨脱县墨脱镇朗杰岗搬迁点土地开发项目 | F104: 是 | G104: 否 | H104: =I104+AF104 -> 4840000 | I104: =J104+O104+T104+Y104+AC104+AD104+AE104 -> 4840000 | J104: =K104+L104+M104+N104 -> 0 | K104: 0 | L104: 0 | M104: 0 | N104: 0 | O104: =P104+Q104+R104+S104 -> 4840000 | P104: =1300000+3540000 -> 4840000 | Q104: 0 | R104: 0 | S104: 0 | T104: =U104+V104+W104+X104 -> 0 | U104: 0 | V104: 0 | W104: 0 | X104: 0 | Y104: =Z104+AA104+AB104 -> 0 | Z104: 0 | AA104: 0 | AB104: 0 | AC104: 0 | AD104: 0 | AE104: 0 | AF104: 0 | AG104: =AH104+BE104 -> 4840000 | AH104: =AI104+AN104+AS104+AX104+BB104+BC104+BD104 -> 4840000 | AI104: =AJ104+AK104+AL104+AM104 -> 0 | AJ104: 0 | AK104: 0 | AL104: 0 | AM104: 0 | AN104: =AO104+AP104+AQ104+AR104 -> 4840000 | AO104: =1300000+3540000 -> 4840000 | AP104: 0 | AQ104: 0 | AR104: 0 | AS104: =AT104+AU104+AV104+AW104 -> 0 | AT104: 0 | AU104: 0 | AV104: 0 | AW104: 0 | AX104: =AY104+AZ104+BA104 -> 0 | AY104: 0 | AZ104: 0 | BA104: 0 | BB104: 0 | BC104: 0 | BD104: 0 | BE104: 0
A105: 98 | B105: 林芝 | C105: 墨脱 | D105: 2016 | E105: 墨脱县墨脱镇朗杰岗搬迁点土壤改良项目 | F105: 是 | G105: 否 | H105: =I105+AF105 -> 1930400 | I105: =J105+O105+T105+Y105+AC105+AD105+AE105 -> 1930400 | J105: =K105+L105+M105+N105 -> 0 | K105: 0 | L105: 0 | M105: 0 | N105: 0 | O105: =P105+Q105+R105+S105 -> 1930400 | P105: 1930400 | Q105: 0 | R105: 0 | S105: 0 | T105: =U105+V105+W105+X105 -> 0 | U105: 0 | V105: 0 | W105: 0 | X105: 0 | Y105: =Z105+AA105+AB105 -> 0 | Z105: 0 | AA105: 0 | AB105: 0 | AC105: 0 | AD105: 0 | AE105: 0 | AF105: 0 | AG105: =AH105+BE105 -> 1930400 | AH105: =AI105+AN105+AS105+AX105+BB105+BC105+BD105 -> 1930400 | AI105: =AJ105+AK105+AL105+AM105 -> 0 | AJ105: 0 | AK105: 0 | AL105: 0 | AM105: 0 | AN105: =AO105+AP105+AQ105+AR105 -> 1930400 | AO105: 1930400 | AP105: 0 | AQ105: 0 | AR105: 0 | AS105: =AT105+AU105+AV105+AW105 -> 0 | AT105: 0 | AU105: 0 | AV105: 0 | AW105: 0 | AX105: =AY105+AZ105+BA105 -> 0 | AY105: 0 | AZ105: 0 | BA105: 0 | BB105: 0 | BC105: 0 | BD105: 0 | BE105: 0
A106: 99 | B106: 林芝 | C106: 墨脱 | D106: 2016 | E106: 格当乡兴开一期土地土地治理项目 | F106: 是 | G106: 否 | H106: =I106+AF106 -> 752800 | I106: =J106+O106+T106+Y106+AC106+AD106+AE106 -> 752800 | J106: =K106+L106+M106+N106 -> 0 | K106: 0 | L106: 0 | M106: 0 | N106: 0 | O106: =P106+Q106+R106+S106 -> 752800 | P106: 752800 | Q106: 0 | R106: 0 | S106: 0 | T106: =U106+V106+W106+X106 -> 0 | U106: 0 | V106: 0 | W106: 0 | X106: 0 | Y106: =Z106+AA106+AB106 -> 0 | Z106: 0 | AA106: 0 | AB106: 0 | AC106: 0 | AD106: 0 | AE106: 0 | AF106: 0 | AG106: =AH106+BE106 -> 752800 | AH106: =AI106+AN106+AS106+AX106+BB106+BC106+BD106 -> 752800 | AI106: =AJ106+AK106+AL106+AM106 -> 0 | AJ106: 0 | AK106: 0 | AL106: 0 | AM106: 0 | AN106: =AO106+AP106+AQ106+AR106 -> 752800 | AO106: 752800 | AP106: 0 | AQ106: 0 | AR106: 0 | AS106: =AT106+AU106+AV106+AW106 -> 0 | AT106: 0 | AU106: 0 | AV106: 0 | AW106: 0 | AX106: =AY106+AZ106+BA106 -> 0 | AY106: 0 | AZ106: 0 | BA106: 0 | BB106: 0 | BC106: 0 | BD106: 0 | BE106: 0
A107: 100 | B107: 林芝 | C107: 墨脱 | D107: 2016 | E107: 格当乡兴开二期土地土地治理项目 | F107: 是 | G107: 否 | H107: =I107+AF107 -> 1314000 | I107: =J107+O107+T107+Y107+AC107+AD107+AE107 -> 1314000 | J107: =K107+L107+M107+N107 -> 0 | K107: 0 | L107: 0 | M107: 0 | N107: 0 | O107: =P107+Q107+R107+S107 -> 1314000 | P107: 1314000 | Q107: 0 | R107: 0 | S107: 0 | T107: =U107+V107+W107+X107 -> 0 | U107: 0 | V107: 0 | W107: 0 | X107: 0 | Y107: =Z107+AA107+AB107 -> 0 | Z107: 0 | AA107: 0 | AB107: 0 | AC107: 0 | AD107: 0 | AE107: 0 | AF107: 0 | AG107: =AH107+BE107 -> 1314000 | AH107: =AI107+AN107+AS107+AX107+BB107+BC107+BD107 -> 1314000 | AI107: =AJ107+AK107+AL107+AM107 -> 0 | AJ107: 0 | AK107: 0 | AL107: 0 | AM107: 0 | AN107: =AO107+AP107+AQ107+AR107 -> 1314000 | AO107: 1314000 | AP107: 0 | AQ107: 0 | AR107: 0 | AS107: =AT107+AU107+AV107+AW107 -> 0 | AT107: 0 | AU107: 0 | AV107: 0 | AW107: 0 | AX107: =AY107+AZ107+BA107 -> 0 | AY107: 0 | AZ107: 0 | BA107: 0 | BB107: 0 | BC107: 0 | BD107: 0 | BE107: 0
A108: 101 | B108: 林芝 | C108: 墨脱 | D108: 2016 | E108: 墨脱县达木乡珠村搬迁点村级活动场所挡土墙建设项目 | F108: 是 | G108: 否 | H108: =I108+AF108 -> 1100000 | I108: =J108+O108+T108+Y108+AC108+AD108+AE108 -> 1100000 | J108: =K108+L108+M108+N108 -> 0 | K108: 0 | L108: 0 | M108: 0 | N108: 0 | O108: =P108+Q108+R108+S108 -> 1100000 | P108: 1100000 | Q108: 0 | R108: 0 | S108: 0 | T108: =U108+V108+W108+X108 -> 0 | U108: 0 | V108: 0 | W108: 0 | X108: 0 | Y108: =Z108+AA108+AB108 -> 0 | Z108: 0 | AA108: 0 | AB108: 0 | AC108: 0 | AD108: 0 | AE108: 0 | AF108: 0 | AG108: =AH108+BE108 -> 1100000 | AH108: =AI108+AN108+AS108+AX108+BB108+BC108+BD108 -> 1100000 | AI108: =AJ108+AK108+AL108+AM108 -> 0 | AJ108: 0 | AK108: 0 | AL108: 0 | AM108: 0 | AN108: =AO108+AP108+AQ108+AR108 -> 1100000 | AO108: 1100000 | AP108: 0 | AQ108: 0 | AR108: 0 | AS108: =AT108+AU108+AV108+AW108 -> 0 | AT108: 0 | AU108: 0 | AV108: 0 | AW108: 0 | AX108: =AY108+AZ108+BA108 -> 0 | AY108: 0 | AZ108: 0 | BA108: 0 | BB108: 0 | BC108: 0 | BD108: 0 | BE108: 0
A109: 102 | B109: 林芝 | C109: 墨脱 | D109: 2016 | E109: 墨脱县易地搬迁点基础设施建设项目 | F109: 是 | G109: 否 | H109: =I109+AF109 -> 4677800 | I109: =J109+O109+T109+Y109+AC109+AD109+AE109 -> 4677800 | J109: =K109+L109+M109+N109 -> 0 | K109: 0 | L109: 0 | M109: 0 | N109: 0 | O109: =P109+Q109+R109+S109 -> 4677800 | P109: 0 | Q109: 4677800 | R109: 0 | S109: 0 | T109: =U109+V109+W109+X109 -> 0 | U109: 0 | V109: 0 | W109: 0 | X109: 0 | Y109: =Z109+AA109+AB109 -> 0 | Z109: 0 | AA109: 0 | AB109: 0 | AC109: 0 | AD109: 0 | AE109: 0 | AF109: 0 | AG109: =AH109+BE109 -> 4677800 | AH109: =AI109+AN109+AS109+AX109+BB109+BC109+BD109 -> 4677800 | AI109: =AJ109+AK109+AL109+AM109 -> 0 | AJ109: 0 | AK109: 0 | AL109: 0 | AM109: 0 | AN109: =AO109+AP109+AQ109+AR109 -> 4677800 | AO109: 0 | AP109: 4677800 | AQ109: 0 | AR109: 0 | AS109: =AT109+AU109+AV109+AW109 -> 0 | AT109: 0 | AU109: 0 | AV109: 0 | AW109: 0 | AX109: =AY109+AZ109+BA109 -> 0 | AY109: 0 | AZ109: 0 | BA109: 0 | BB109: 0 | BC109: 0 | BD109: 0 | BE109: 0
A110: 103 | B110: 林芝 | C110: 墨脱 | D110: 2016 | E110: 墨脱县县级农产品质量安全检测站建设项目 | F110: 是 | G110: 否 | H110: =I110+AF110 -> 3000000 | I110: =J110+O110+T110+Y110+AC110+AD110+AE110 -> 3000000 | J110: =K110+L110+M110+N110 -> 0 | K110: 0 | L110: 0 | M110: 0 | N110: 0 | O110: =P110+Q110+R110+S110 -> 3000000 | P110: 3000000 | Q110: 0 | R110: 0 | S110: 0 | T110: =U110+V110+W110+X110 -> 0 | U110: 0 | V110: 0 | W110: 0 | X110: 0 | Y110: =Z110+AA110+AB110 -> 0 | Z110: 0 | AA110: 0 | AB110: 0 | AC110: 0 | AD110: 0 | AE110: 0 | AF110: 0 | AG110: =AH110+BE110 -> 3000000 | AH110: =AI110+AN110+AS110+AX110+BB110+BC110+BD110 -> 3000000 | AI110: =AJ110+AK110+AL110+AM110 -> 0 | AJ110: 0 | AK110: 0 | AL110: 0 | AM110: 0 | AN110: =AO110+AP110+AQ110+AR110 -> 3000000 | AO110: 3000000 | AP110: 0 | AQ110: 0 | AR110: 0 | AS110: =AT110+AU110+AV110+AW110 -> 0 | AT110: 0 | AU110: 0 | AV110: 0 | AW110: 0 | AX110: =AY110+AZ110+BA110 -> 0 | AY110: 0 | AZ110: 0 | BA110: 0 | BB110: 0 | BC110: 0 | BD110: 0 | BE110: 0
A111: 104 | B111: 林芝 | C111: 墨脱 | D111: 2016 | E111: 林芝墨脱县茶叶生产基地建设项目 | F111: 是 | G111: 是 | H111: =I111+AF111 -> 5000000 | I111: =J111+O111+T111+Y111+AC111+AD111+AE111 -> 5000000 | J111: =K111+L111+M111+N111 -> 0 | K111: 0 | L111: 0 | M111: 0 | N111: 0 | O111: =P111+Q111+R111+S111 -> 5000000 | P111: 5000000 | Q111: 0 | R111: 0 | S111: 0 | T111: =U111+V111+W111+X111 -> 0 | U111: 0 | V111: 0 | W111: 0 | X111: 0 | Y111: =Z111+AA111+AB111 -> 0 | Z111: 0 | AA111: 0 | AB111: 0 | AC111: 0 | AD111: 0 | AE111: 0 | AF111: 0 | AG111: =AH111+BE111 -> 5000000 | AH111: =AI111+AN111+AS111+AX111+BB111+BC111+BD111 -> 5000000 | AI111: =AJ111+AK111+AL111+AM111 -> 0 | AJ111: 0 | AK111: 0 | AL111: 0 | AM111: 0 | AN111: =AO111+AP111+AQ111+AR111 -> 5000000 | AO111: 5000000 | AP111: 0 | AQ111: 0 | AR111: 0 | AS111: =AT111+AU111+AV111+AW111 -> 0 | AT111: 0 | AU111: 0 | AV111: 0 | AW111: 0 | AX111: =AY111+AZ111+BA111 -> 0 | AY111: 0 | AZ111: 0 | BA111: 0 | BB111: 0 | BC111: 0 | BD111: 0 | BE111: 0
A112: 105 | B112: 林芝 | C112: 墨脱 | D112: 2016 | E112: 2016年墨脱县茶叶种植项目 | F112: 是 | G112: 是 | H112: =I112+AF112 -> 3000000 | I112: =J112+O112+T112+Y112+AC112+AD112+AE112 -> 3000000 | J112: =K112+L112+M112+N112 -> 0 | K112: 0 | L112: 0 | M112: 0 | N112: 0 | O112: =P112+Q112+R112+S112 -> 3000000 | P112: 3000000 | Q112: 0 | R112: 0 | S112: 0 | T112: =U112+V112+W112+X112 -> 0 | U112: 0 | V112: 0 | W112: 0 | X112: 0 | Y112: =Z112+AA112+AB112 -> 0 | Z112: 0 | AA112: 0 | AB112: 0 | AC112: 0 | AD112: 0 | AE112: 0 | AF112: 0 | AG112: =AH112+BE112 -> 3000000 | AH112: =AI112+AN112+AS112+AX112+BB112+BC112+BD112 -> 3000000 | AI112: =AJ112+AK112+AL112+AM112 -> 0 | AJ112: 0 | AK112: 0 | AL112: 0 | AM112: 0 | AN112: =AO112+AP112+AQ112+AR112 -> 3000000 | AO112: 3000000 | AP112: 0 | AQ112: 0 | AR112: 0 | AS112: =AT112+AU112+AV112+AW112 -> 0 | AT112: 0 | AU112: 0 | AV112: 0 | AW112: 0 | AX112: =AY112+AZ112+BA112 -> 0 | AY112: 0 | AZ112: 0 | BA112: 0 | BB112: 0 | BC112: 0 | BD112: 0 | BE112: 0
A113: 106 | B113: 林芝 | C113: 墨脱 | D113: 2017 | E113: 墨脱县永久片区异地开发项目 | F113: 是 | G113: 是 | H113: =I113+AF113 -> 48736100 | I113: =J113+O113+T113+Y113+AC113+AD113+AE113 -> 9610800 | J113: =K113+L113+M113+N113 -> 0 | K113: 0 | L113: 0 | M113: 0 | N113: 0 | O113: =P113+Q113+R113+S113 -> 9610800 | P113: 0 | Q113: 5672800 | R113: 3938000 | S113: 0 | T113: =U113+V113+W113+X113 -> 0 | U113: 0 | V113: 0 | W113: 0 | X113: 0 | Y113: =Z113+AA113+AB113 -> 0 | Z113: 0 | AA113: 0 | AB113: 0 | AC113: 0 | AD113: 0 | AE113: 0 | AF113: 39125300 | AG113: =AH113+BE113 -> 48068147 | AH113: =AI113+AN113+AS113+AX113+BB113+BC113+BD113 -> 9610800 | AI113: =AJ113+AK113+AL113+AM113 -> 0 | AJ113: 0 | AK113: 0 | AL113: 0 | AM113: 0 | AN113: =AO113+AP113+AQ113+AR113 -> 9610800 | AO113: 0 | AP113: 5672800 | AQ113: 3938000 | AR113: 0 | AS113: =AT113+AU113+AV113+AW113 -> 0 | AT113: 0 | AU113: 0 | AV113: 0 | AW113: 0 | AX113: =AY113+AZ113+BA113 -> 0 | AY113: 0 | AZ113: 0 | BA113: 0 | BB113: 0 | BC113: 0 | BD113: 0 | BE113: 38457347 | BF113: 概批金额4873.61万元，杨科长表格政策性资金961.08万元
A114: 107 | B114: 林芝 | C114: 墨脱 | D114: 2018 | E114: 墨脱县扶贫商住楼二期工程 | F114: 是 | G114: 是 | H114: =I114+AF114 -> 30000001 | I114: =J114+O114+T114+Y114+AC114+AD114+AE114 -> 20930686 | J114: =K114+L114+M114+N114 -> 0 | K114: 0 | L114: 0 | M114: 0 | N114: 0 | O114: =P114+Q114+R114+S114 -> 20930686 | P114: 20930686 | Q114: 0 | R114: 0 | S114: 0 | T114: =U114+V114+W114+X114 -> 0 | U114: 0 | V114: 0 | W114: 0 | X114: 0 | Y114: =Z114+AA114+AB114 -> 0 | Z114: 0 | AA114: 0 | AB114: 0 | AC114: 0 | AD114: 0 | AE114: 0 | AF114: 9069315 | AG114: =AH114+BE114 -> 28656853 | AH114: =AI114+AN114+AS114+AX114+BB114+BC114+BD114 -> 20930686 | AI114: =AJ114+AK114+AL114+AM114 -> 0 | AJ114: 0 | AK114: 0 | AL114: 0 | AM114: 0 | AN114: =AO114+AP114+AQ114+AR114 -> 20930686 | AO114: 20930686 | AP114: 0 | AQ114: 0 | AR114: 0 | AS114: =AT114+AU114+AV114+AW114 -> 0 | AT114: 0 | AU114: 0 | AV114: 0 | AW114: 0 | AX114: =AY114+AZ114+BA114 -> 0 | AY114: 0 | AZ114: 0 | BA114: 0 | BB114: 0 | BC114: 0 | BD114: 0 | BE114: 7726166.5
A115: 108 | B115: 林芝 | C115: 墨脱 | D115: 2018 | E115: 墨脱县帮辛乡扶贫商住楼建设工程 | F115: 是 | G115: 是 | H115: =I115+AF115 -> 8859100 | I115: =J115+O115+T115+Y115+AC115+AD115+AE115 -> 3106070 | J115: =K115+L115+M115+N115 -> 0 | K115: 0 | L115: 0 | M115: 0 | N115: 0 | O115: =P115+Q115+R115+S115 -> 3106070 | P115: 3106070 | Q115: 0 | R115: 0 | S115: 0 | T115: =U115+V115+W115+X115 -> 0 | U115: 0 | V115: 0 | W115: 0 | X115: 0 | Y115: =Z115+AA115+AB115 -> 0 | Z115: 0 | AA115: 0 | AB115: 0 | AC115: 0 | AD115: 0 | AE115: 0 | AF115: 5753030 | AG115: =AH115+BE115 -> 8864548.5 | AH115: =AI115+AN115+AS115+AX115+BB115+BC115+BD115 -> 3106070 | AI115: =AJ115+AK115+AL115+AM115 -> 0 | AJ115: 0 | AK115: 0 | AL115: 0 | AM115: 0 | AN115: =AO115+AP115+AQ115+AR115 -> 3106070 | AO115: =P115 -> 3106070 | AP115: 0 | AQ115: 0 | AR115: 0 | AS115: =AT115+AU115+AV115+AW115 -> 0 | AT115: 0 | AU115: 0 | AV115: 0 | AW115: 0 | AX115: =AY115+AZ115+BA115 -> 0 | AY115: 0 | AZ115: 0 | BA115: 0 | BB115: 0 | BC115: 0 | BD115: 0 | BE115: 5758478.5 | BF115: 概批885.91，财评批复886万元
A116: 109 | B116: 林芝 | C116: 墨脱 | D116: 2017 | E116: 墨脱县墨脱镇果果塘茶园建设项目 | F116: 是 | G116: 是 | H116: =I116+AF116 -> 8398900 | I116: =J116+O116+T116+Y116+AC116+AD116+AE116 -> 8398900 | J116: =K116+L116+M116+N116 -> 0 | K116: 0 | L116: 0 | M116: 0 | N116: 0 | O116: =P116+Q116+R116+S116 -> 8398900 | P116: 8398900 | Q116: 0 | R116: 0 | S116: 0 | T116: =U116+V116+W116+X116 -> 0 | U116: 0 | V116: 0 | W116: 0 | X116: 0 | Y116: =Z116+AA116+AB116 -> 0 | Z116: 0 | AA116: 0 | AB116: 0 | AC116: 0 | AD116: 0 | AE116: 0 | AF116: 0 | AG116: =AH116+BE116 -> 8395180.6 | AH116: =AI116+AN116+AS116+AX116+BB116+BC116+BD116 -> 8395180.6 | AI116: =AJ116+AK116+AL116+AM116 -> 0 | AJ116: 0 | AK116: 0 | AL116: 0 | AM116: 0 | AN116: =AO116+AP116+AQ116+AR116 -> 8395180.6 | AO116: 8395180.6 | AP116: 0 | AQ116: 0 | AR116: 0 | AS116: =AT116+AU116+AV116+AW116 -> 0 | AT116: 0 | AU116: 0 | AV116: 0 | AW116: 0 | AX116: =AY116+AZ116+BA116 -> 0 | AY116: 0 | AZ116: 0 | BA116: 0 | BB116: 0 | BC116: 0 | BD116: 0 | BE116: 0
A117: 110 | B117: 林芝 | C117: 墨脱 | D117: 2017 | E117: 背崩乡有机茶种植项目 | F117: 是 | G117: 是 | H117: =I117+AF117 -> 4633000 | I117: =J117+O117+T117+Y117+AC117+AD117+AE117 -> 4633000 | J117: =K117+L117+M117+N117 -> 0 | K117: 0 | L117: 0 | M117: 0 | N117: 0 | O117: =P117+Q117+R117+S117 -> 4633000 | P117: 0 | Q117: 4633000 | R117: 0 | S117: 0 | T117: =U117+V117+W117+X117 -> 0 | U117: 0 | V117: 0 | W117: 0 | X117: 0 | Y117: =Z117+AA117+AB117 -> 0 | Z117: 0 | AA117: 0 | AB117: 0 | AC117: 0 | AD117: 0 | AE117: 0 | AF117: 0 | AG117: =AH117+BE117 -> 4520342.5 | AH117: =AI117+AN117+AS117+AX117+BB117+BC117+BD117 -> 4520342.5 | AI117: =AJ117+AK117+AL117+AM117 -> 0 | AJ117: 0 | AK117: 0 | AL117: 0 | AM117: 0 | AN117: =AO117+AP117+AQ117+AR117 -> 4520342.5 | AO117: 0 | AP117: 4520342.5 | AQ117: 0 | AR117: 0 | AS117: =AT117+AU117+AV117+AW117 -> 0 | AT117: 0 | AU117: 0 | AV117: 0 | AW117: 0 | AX117: =AY117+AZ117+BA117 -> 0 | AY117: 0 | AZ117: 0 | BA117: 0 | BB117: 0 | BC117: 0 | BD117: 0 | BE117: 0
A118: 111 | B118: 林芝 | C118: 墨脱 | D118: 2017 | E118: 墨脱县名贵药用植物组培项目 | F118: 是 | G118: 是 | H118: =I118+AF118 -> 2580000 | I118: =J118+O118+T118+Y118+AC118+AD118+AE118 -> 2580000 | J118: =K118+L118+M118+N118 -> 0 | K118: 0 | L118: 0 | M118: 0 | N118: 0 | O118: =P118+Q118+R118+S118 -> 2580000 | P118: 2580000 | Q118: 0 | R118: 0 | S118: 0 | T118: =U118+V118+W118+X118 -> 0 | U118: 0 | V118: 0 | W118: 0 | X118: 0 | Y118: =Z118+AA118+AB118 -> 0 | Z118: 0 | AA118: 0 | AB118: 0 | AC118: 0 | AD118: 0 | AE118: 0 | AF118: 0 | AG118: =AH118+BE118 -> 2458391.7 | AH118: =AI118+AN118+AS118+AX118+BB118+BC118+BD118 -> 2458391.7 | AI118: =AJ118+AK118+AL118+AM118 -> 0 | AJ118: 0 | AK118: 0 | AL118: 0 | AM118: 0 | AN118: =AO118+AP118+AQ118+AR118 -> 2458391.7 | AO118: 2458391.7 | AP118: 0 | AQ118: 0 | AR118: 0 | AS118: =AT118+AU118+AV118+AW118 -> 0 | AT118: 0 | AU118: 0 | AV118: 0 | AW118: 0 | AX118: =AY118+AZ118+BA118 -> 0 | AY118: 0 | AZ118: 0 | BA118: 0 | BB118: 0 | BC118: 0 | BD118: 0 | BE118: 0
A119: 112 | B119: 林芝 | C119: 墨脱 | D119: 2017 | E119: 背崩乡巴登村竹(藤）编项目 | F119: 是 | G119: 是 | H119: =I119+AF119 -> 2154000 | I119: =J119+O119+T119+Y119+AC119+AD119+AE119 -> 2154000 | J119: =K119+L119+M119+N119 -> 0 | K119: 0 | L119: 0 | M119: 0 | N119: 0 | O119: =P119+Q119+R119+S119 -> 2154000 | P119: 1454000 | Q119: 0 | R119: 700000 | S119: 0 | T119: =U119+V119+W119+X119 -> 0 | U119: 0 | V119: 0 | W119: 0 | X119: 0 | Y119: =Z119+AA119+AB119 -> 0 | Z119: 0 | AA119: 0 | AB119: 0 | AC119: 0 | AD119: 0 | AE119: 0 | AF119: 0 | AG119: =AH119+BE119 -> 1922516.4 | AH119: =AI119+AN119+AS119+AX119+BB119+BC119+BD119 -> 1922516.4 | AI119: =AJ119+AK119+AL119+AM119 -> 0 | AJ119: 0 | AK119: 0 | AL119: 0 | AM119: 0 | AN119: =AO119+AP119+AQ119+AR119 -> 1922516.4 | AO119: 1454000 | AP119: 0 | AQ119: 468516.39 | AR119: 0 | AS119: =AT119+AU119+AV119+AW119 -> 0 | AT119: 0 | AU119: 0 | AV119: 0 | AW119: 0 | AX119: =AY119+AZ119+BA119 -> 0 | AY119: 0 | AZ119: 0 | BA119: 0 | BB119: 0 | BC119: 0 | BD119: 0 | BE119: 0
A120: 113 | B120: 林芝 | C120: 墨脱 | D120: 2017 | E120: 格当乡回迁安置点温室、猪圈建设项目 | F120: 是 | G120: 是 | H120: =I120+AF120 -> 2100800 | I120: =J120+O120+T120+Y120+AC120+AD120+AE120 -> 265453.58 | J120: =K120+L120+M120+N120 -> 0 | K120: 0 | L120: 0 | M120: 0 | N120: 0 | O120: =P120+Q120+R120+S120 -> 265453.58 | P120: 265453.58 | Q120: 0 | R120: 0 | S120: 0 | T120: =U120+V120+W120+X120 -> 0 | U120: 0 | V120: 0 | W120: 0 | X120: 0 | Y120: =Z120+AA120+AB120 -> 0 | Z120: 0 | AA120: 0 | AB120: 0 | AC120: 0 | AD120: 0 | AE120: 0 | AF120: 1835346.4 | AG120: =AH120+BE120 -> 2100800 | AH120: =AI120+AN120+AS120+AX120+BB120+BC120+BD120 -> 265453.58 | AI120: =AJ120+AK120+AL120+AM120 -> 0 | AJ120: 0 | AK120: 0 | AL120: 0 | AM120: 0 | AN120: =AO120+AP120+AQ120+AR120 -> 265453.58 | AO120: 265453.58 | AP120: 0 | AQ120: 0 | AR120: 0 | AS120: =AT120+AU120+AV120+AW120 -> 0 | AT120: 0 | AU120: 0 | AV120: 0 | AW120: 0 | AX120: =AY120+AZ120+BA120 -> 0 | AY120: 0 | AZ120: 0 | BA120: 0 | BB120: 0 | BC120: 0 | BD120: 0 | BE120: 1835346.4
A121: 114 | B121: 林芝 | C121: 墨脱 | D121: 2017 | E121: 墨脱县德兴乡德兴村藤网桥农副产品销售点建设项目 | F121: 是 | G121: 是 | H121: =I121+AF121 -> 1607000 | I121: =J121+O121+T121+Y121+AC121+AD121+AE121 -> 1607000 | J121: =K121+L121+M121+N121 -> 0 | K121: 0 | L121: 0 | M121: 0 | N121: 0 | O121: =P121+Q121+R121+S121 -> 1607000 | P121: 1607000 | Q121: 0 | R121: 0 | S121: 0 | T121: =U121+V121+W121+X121 -> 0 | U121: 0 | V121: 0 | W121: 0 | X121: 0 | Y121: =Z121+AA121+AB121 -> 0 | Z121: 0 | AA121: 0 | AB121: 0 | AC121: 0 | AD121: 0 | AE121: 0 | AF121: 0 | AG121: =AH121+BE121 -> 1536348 | AH121: =AI121+AN121+AS121+AX121+BB121+BC121+BD121 -> 1536348 | AI121: =AJ121+AK121+AL121+AM121 -> 0 | AJ121: 0 | AK121: 0 | AL121: 0 | AM121: 0 | AN121: =AO121+AP121+AQ121+AR121 -> 1536348 | AO121: 1536348 | AP121: 0 | AQ121: 0 | AR121: 0 | AS121: =AT121+AU121+AV121+AW121 -> 0 | AT121: 0 | AU121: 0 | AV121: 0 | AW121: 0 | AX121: =AY121+AZ121+BA121 -> 0 | AY121: 0 | AZ121: 0 | BA121: 0 | BB121: 0 | BC121: 0 | BD121: 0 | BE121: 0
A122: 115 | B122: 林芝 | C122: 墨脱 | D122: 2017 | E122: 墨脱县墨脱镇亚东村茶叶苗圃项目 | F122: 是 | G122: 是 | H122: =I122+AF122 -> 1278100 | I122: =J122+O122+T122+Y122+AC122+AD122+AE122 -> 1278100 | J122: =K122+L122+M122+N122 -> 0 | K122: 0 | L122: 0 | M122: 0 | N122: 0 | O122: =P122+Q122+R122+S122 -> 1278100 | P122: 1278100 | Q122: 0 | R122: 0 | S122: 0 | T122: =U122+V122+W122+X122 -> 0 | U122: 0 | V122: 0 | W122: 0 | X122: 0 | Y122: =Z122+AA122+AB122 -> 0 | Z122: 0 | AA122: 0 | AB122: 0 | AC122: 0 | AD122: 0 | AE122: 0 | AF122: 0 | AG122: =AH122+BE122 -> 1239589.6 | AH122: =AI122+AN122+AS122+AX122+BB122+BC122+BD122 -> 1239589.6 | AI122: =AJ122+AK122+AL122+AM122 -> 0 | AJ122: 0 | AK122: 0 | AL122: 0 | AM122: 0 | AN122: =AO122+AP122+AQ122+AR122 -> 1239589.6 | AO122: 1239589.6 | AP122: 0 | AQ122: 0 | AR122: 0 | AS122: =AT122+AU122+AV122+AW122 -> 0 | AT122: 0 | AU122: 0 | AV122: 0 | AW122: 0 | AX122: =AY122+AZ122+BA122 -> 0 | AY122: 0 | AZ122: 0 | BA122: 0 | BB122: 0 | BC122: 0 | BD122: 0 | BE122: 0
A123: 116 | B123: 林芝 | C123: 墨脱 | D123: 2017 | E123: 墨脱县帮辛乡、加热萨乡石锅加工器材配套项目 | F123: 是 | G123: 是 | H123: =I123+AF123 -> 1338100 | I123: =J123+O123+T123+Y123+AC123+AD123+AE123 -> 1338100 | J123: =K123+L123+M123+N123 -> 0 | K123: 0 | L123: 0 | M123: 0 | N123: 0 | O123: =P123+Q123+R123+S123 -> 1338100 | P123: 1338100 | Q123: 0 | R123: 0 | S123: 0 | T123: =U123+V123+W123+X123 -> 0 | U123: 0 | V123: 0 | W123: 0 | X123: 0 | Y123: =Z123+AA123+AB123 -> 0 | Z123: 0 | AA123: 0 | AB123: 0 | AC123: 0 | AD123: 0 | AE123: 0 | AF123: 0 | AG123: =AH123+BE123 -> 1235600 | AH123: =AI123+AN123+AS123+AX123+BB123+BC123+BD123 -> 1235600 | AI123: =AJ123+AK123+AL123+AM123 -> 0 | AJ123: 0 | AK123: 0 | AL123: 0 | AM123: 0 | AN123: =AO123+AP123+AQ123+AR123 -> 1235600 | AO123: 1235600 | AP123: 0 | AQ123: 0 | AR123: 0 | AS123: =AT123+AU123+AV123+AW123 -> 0 | AT123: 0 | AU123: 0 | AV123: 0 | AW123: 0 | AX123: =AY123+AZ123+BA123 -> 0 | AY123: 0 | AZ123: 0 | BA123: 0 | BB123: 0 | BC123: 0 | BD123: 0 | BE123: 0
A124: 117 | B124: 林芝 | C124: 墨脱 | D124: 2017 | E124: 墨脱县达木乡辣椒种植项目 | F124: 是 | G124: 是 | H124: =I124+AF124 -> 576900 | I124: =J124+O124+T124+Y124+AC124+AD124+AE124 -> 576900 | J124: =K124+L124+M124+N124 -> 0 | K124: 0 | L124: 0 | M124: 0 | N124: 0 | O124: =P124+Q124+R124+S124 -> 576900 | P124: 576900 | Q124: 0 | R124: 0 | S124: 0 | T124: =U124+V124+W124+X124 -> 0 | U124: 0 | V124: 0 | W124: 0 | X124: 0 | Y124: =Z124+AA124+AB124 -> 0 | Z124: 0 | AA124: 0 | AB124: 0 | AC124: 0 | AD124: 0 | AE124: 0 | AF124: 0 | AG124: =AH124+BE124 -> 552788 | AH124: =AI124+AN124+AS124+AX124+BB124+BC124+BD124 -> 552788 | AI124: =AJ124+AK124+AL124+AM124 -> 0 | AJ124: 0 | AK124: 0 | AL124: 0 | AM124: 0 | AN124: =AO124+AP124+AQ124+AR124 -> 552788 | AO124: 552788 | AP124: 0 | AQ124: 0 | AR124: 0 | AS124: =AT124+AU124+AV124+AW124 -> 0 | AT124: 0 | AU124: 0 | AV124: 0 | AW124: 0 | AX124: =AY124+AZ124+BA124 -> 0 | AY124: 0 | AZ124: 0 | BA124: 0 | BB124: 0 | BC124: 0 | BD124: 0 | BE124: 0
A125: 118 | B125: 林芝 | C125: 墨脱 | D125: 2017 | E125: 墨脱县崩嘎辣椒种植项目 | F125: 是 | G125: 是 | H125: =I125+AF125 -> 494300 | I125: =J125+O125+T125+Y125+AC125+AD125+AE125 -> 494300 | J125: =K125+L125+M125+N125 -> 0 | K125: 0 | L125: 0 | M125: 0 | N125: 0 | O125: =P125+Q125+R125+S125 -> 494300 | P125: 494300 | Q125: 0 | R125: 0 | S125: 0 | T125: =U125+V125+W125+X125 -> 0 | U125: 0 | V125: 0 | W125: 0 | X125: 0 | Y125: =Z125+AA125+AB125 -> 0 | Z125: 0 | AA125: 0 | AB125: 0 | AC125: 0 | AD125: 0 | AE125: 0 | AF125: 0 | AG125: =AH125+BE125 -> 494300 | AH125: =AI125+AN125+AS125+AX125+BB125+BC125+BD125 -> 494300 | AI125: =AJ125+AK125+AL125+AM125 -> 0 | AJ125: 0 | AK125: 0 | AL125: 0 | AM125: 0 | AN125: =AO125+AP125+AQ125+AR125 -> 494300 | AO125: 494300 | AP125: 0 | AQ125: 0 | AR125: 0 | AS125: =AT125+AU125+AV125+AW125 -> 0 | AT125: 0 | AU125: 0 | AV125: 0 | AW125: 0 | AX125: =AY125+AZ125+BA125 -> 0 | AY125: 0 | AZ125: 0 | BA125: 0 | BB125: 0 | BC125: 0 | BD125: 0 | BE125: 0 | BF125: 批复金额以概批金额填写，未收集到决算和支出资料，支出金额现以“同概批金额一致”填写
A126: 119 | B126: 林芝 | C126: 墨脱 | D126: 2017 | E126: 玛迪蜜柚种植项目 | F126: 是 | G126: 是 | H126: =I126+AF126 -> 350000 | I126: =J126+O126+T126+Y126+AC126+AD126+AE126 -> 350000 | J126: =K126+L126+M126+N126 -> 0 | K126: 0 | L126: 0 | M126: 0 | N126: 0 | O126: =P126+Q126+R126+S126 -> 350000 | P126: 0 | Q126: 350000 | R126: 0 | S126: 0 | T126: =U126+V126+W126+X126 -> 0 | U126: 0 | V126: 0 | W126: 0 | X126: 0 | Y126: =Z126+AA126+AB126 -> 0 | Z126: 0 | AA126: 0 | AB126: 0 | AC126: 0 | AD126: 0 | AE126: 0 | AF126: 0 | AG126: =AH126+BE126 -> 350000 | AH126: =AI126+AN126+AS126+AX126+BB126+BC126+BD126 -> 350000 | AI126: =AJ126+AK126+AL126+AM126 -> 0 | AJ126: 0 | AK126: 0 | AL126: 0 | AM126: 0 | AN126: =AO126+AP126+AQ126+AR126 -> 350000 | AO126: 0 | AP126: 350000 | AQ126: 0 | AR126: 0 | AS126: =AT126+AU126+AV126+AW126 -> 0 | AT126: 0 | AU126: 0 | AV126: 0 | AW126: 0 | AX126: =AY126+AZ126+BA126 -> 0 | AY126: 0 | AZ126: 0 | BA126: 0 | BB126: 0 | BC126: 0 | BD126: 0 | BE126: 0
A127: 120 | B127: 林芝 | C127: 墨脱 | D127: 2017 | E127: 墨脱县格当乡（占根卡村、布龙村）辣椒种植项目 | F127: 是 | G127: 是 | H127: =I127+AF127 -> 203500 | I127: =J127+O127+T127+Y127+AC127+AD127+AE127 -> 203500 | J127: =K127+L127+M127+N127 -> 0 | K127: 0 | L127: 0 | M127: 0 | N127: 0 | O127: =P127+Q127+R127+S127 -> 203500 | P127: 203500 | Q127: 0 | R127: 0 | S127: 0 | T127: =U127+V127+W127+X127 -> 0 | U127: 0 | V127: 0 | W127: 0 | X127: 0 | Y127: =Z127+AA127+AB127 -> 0 | Z127: 0 | AA127: 0 | AB127: 0 | AC127: 0 | AD127: 0 | AE127: 0 | AF127: 0 | AG127: =AH127+BE127 -> 194800 | AH127: =AI127+AN127+AS127+AX127+BB127+BC127+BD127 -> 194800 | AI127: =AJ127+AK127+AL127+AM127 -> 0 | AJ127: 0 | AK127: 0 | AL127: 0 | AM127: 0 | AN127: =AO127+AP127+AQ127+AR127 -> 194800 | AO127: 194800 | AP127: 0 | AQ127: 0 | AR127: 0 | AS127: =AT127+AU127+AV127+AW127 -> 0 | AT127: 0 | AU127: 0 | AV127: 0 | AW127: 0 | AX127: =AY127+AZ127+BA127 -> 0 | AY127: 0 | AZ127: 0 | BA127: 0 | BB127: 0 | BC127: 0 | BD127: 0 | BE127: 0
A128: 121 | B128: 林芝 | C128: 墨脱 | D128: 2017 | E128: 德兴乡荷扎村养殖场道路修建项目 | F128: 是 | G128: 是 | H128: =I128+AF128 -> 145000 | I128: =J128+O128+T128+Y128+AC128+AD128+AE128 -> 145000 | J128: =K128+L128+M128+N128 -> 0 | K128: 0 | L128: 0 | M128: 0 | N128: 0 | O128: =P128+Q128+R128+S128 -> 145000 | P128: 145000 | Q128: 0 | R128: 0 | S128: 0 | T128: =U128+V128+W128+X128 -> 0 | U128: 0 | V128: 0 | W128: 0 | X128: 0 | Y128: =Z128+AA128+AB128 -> 0 | Z128: 0 | AA128: 0 | AB128: 0 | AC128: 0 | AD128: 0 | AE128: 0 | AF128: 0 | AG128: =AH128+BE128 -> 125600 | AH128: =AI128+AN128+AS128+AX128+BB128+BC128+BD128 -> 125600 | AI128: =AJ128+AK128+AL128+AM128 -> 0 | AJ128: 0 | AK128: 0 | AL128: 0 | AM128: 0 | AN128: =AO128+AP128+AQ128+AR128 -> 125600 | AO128: 125600 | AP128: 0 | AQ128: 0 | AR128: 0 | AS128: =AT128+AU128+AV128+AW128 -> 0 | AT128: 0 | AU128: 0 | AV128: 0 | AW128: 0 | AX128: =AY128+AZ128+BA128 -> 0 | AY128: 0 | AZ128: 0 | BA128: 0 | BB128: 0 | BC128: 0 | BD128: 0 | BE128: 0
A129: 122 | B129: 林芝 | C129: 墨脱 | D129: 2017 | E129: 墨脱县德兴乡易贡白辣椒种植项目 | F129: 是 | G129: 是 | H129: =I129+AF129 -> 150000 | I129: =J129+O129+T129+Y129+AC129+AD129+AE129 -> 150000 | J129: =K129+L129+M129+N129 -> 0 | K129: 0 | L129: 0 | M129: 0 | N129: 0 | O129: =P129+Q129+R129+S129 -> 150000 | P129: 0 | Q129: 150000 | R129: 0 | S129: 0 | T129: =U129+V129+W129+X129 -> 0 | U129: 0 | V129: 0 | W129: 0 | X129: 0 | Y129: =Z129+AA129+AB129 -> 0 | Z129: 0 | AA129: 0 | AB129: 0 | AC129: 0 | AD129: 0 | AE129: 0 | AF129: 0 | AG129: =AH129+BE129 -> 87000 | AH129: =AI129+AN129+AS129+AX129+BB129+BC129+BD129 -> 87000 | AI129: =AJ129+AK129+AL129+AM129 -> 0 | AJ129: 0 | AK129: 0 | AL129: 0 | AM129: 0 | AN129: =AO129+AP129+AQ129+AR129 -> 87000 | AO129: 0 | AP129: 87000 | AQ129: 0 | AR129: 0 | AS129: =AT129+AU129+AV129+AW129 -> 0 | AT129: 0 | AU129: 0 | AV129: 0 | AW129: 0 | AX129: =AY129+AZ129+BA129 -> 0 | AY129: 0 | AZ129: 0 | BA129: 0 | BB129: 0 | BC129: 0 | BD129: 0 | BE129: 0
A130: 123 | B130: 林芝 | C130: 墨脱 | D130: 2017 | E130: 墨脱县墨脱镇米日村蜜柚种植项目 | F130: 是 | G130: 是 | H130: =I130+AF130 -> 300000 | I130: =J130+O130+T130+Y130+AC130+AD130+AE130 -> 300000 | J130: =K130+L130+M130+N130 -> 0 | K130: 0 | L130: 0 | M130: 0 | N130: 0 | O130: =P130+Q130+R130+S130 -> 300000 | P130: 0 | Q130: 0 | R130: 300000 | S130: 0 | T130: =U130+V130+W130+X130 -> 0 | U130: 0 | V130: 0 | W130: 0 | X130: 0 | Y130: =Z130+AA130+AB130 -> 0 | Z130: 0 | AA130: 0 | AB130: 0 | AC130: 0 | AD130: 0 | AE130: 0 | AF130: 0 | AG130: =AH130+BE130 -> 300000 | AH130: =AI130+AN130+AS130+AX130+BB130+BC130+BD130 -> 300000 | AI130: =AJ130+AK130+AL130+AM130 -> 0 | AJ130: 0 | AK130: 0 | AL130: 0 | AM130: 0 | AN130: =AO130+AP130+AQ130+AR130 -> 300000 | AO130: 0 | AP130: 0 | AQ130: 300000 | AR130: 0 | AS130: =AT130+AU130+AV130+AW130 -> 0 | AT130: 0 | AU130: 0 | AV130: 0 | AW130: 0 | AX130: =AY130+AZ130+BA130 -> 0 | AY130: 0 | AZ130: 0 | BA130: 0 | BB130: 0 | BC130: 0 | BD130: 0 | BE130: 0
A131: 124 | B131: 林芝 | C131: 墨脱 | D131: 2017 | E131: 墨脱县德兴乡那尔东村养猪场项目 | F131: 是 | G131: 是 | H131: =I131+AF131 -> 300000 | I131: =J131+O131+T131+Y131+AC131+AD131+AE131 -> 300000 | J131: =K131+L131+M131+N131 -> 0 | K131: 0 | L131: 0 | M131: 0 | N131: 0 | O131: =P131+Q131+R131+S131 -> 300000 | P131: 0 | Q131: 300000 | R131: 0 | S131: 0 | T131: =U131+V131+W131+X131 -> 0 | U131: 0 | V131: 0 | W131: 0 | X131: 0 | Y131: =Z131+AA131+AB131 -> 0 | Z131: 0 | AA131: 0 | AB131: 0 | AC131: 0 | AD131: 0 | AE131: 0 | AF131: 0 | AG131: =AH131+BE131 -> 300000 | AH131: =AI131+AN131+AS131+AX131+BB131+BC131+BD131 -> 300000 | AI131: =AJ131+AK131+AL131+AM131 -> 0 | AJ131: 0 | AK131: 0 | AL131: 0 | AM131: 0 | AN131: =AO131+AP131+AQ131+AR131 -> 300000 | AO131: 0 | AP131: 300000 | AQ131: 0 | AR131: 0 | AS131: =AT131+AU131+AV131+AW131 -> 0 | AT131: 0 | AU131: 0 | AV131: 0 | AW131: 0 | AX131: =AY131+AZ131+BA131 -> 0 | AY131: 0 | AZ131: 0 | BA131: 0 | BB131: 0 | BC131: 0 | BD131: 0 | BE131: 0
A132: 125 | B132: 林芝 | C132: 墨脱 | D132: 2017 | E132: 墨脱县墨脱镇墨脱村门珞服饰加工项目 | F132: 是 | G132: 是 | H132: =I132+AF132 -> 200000 | I132: =J132+O132+T132+Y132+AC132+AD132+AE132 -> 200000 | J132: =K132+L132+M132+N132 -> 0 | K132: 0 | L132: 0 | M132: 0 | N132: 0 | O132: =P132+Q132+R132+S132 -> 200000 | P132: 0 | Q132: 0 | R132: 200000 | S132: 0 | T132: =U132+V132+W132+X132 -> 0 | U132: 0 | V132: 0 | W132: 0 | X132: 0 | Y132: =Z132+AA132+AB132 -> 0 | Z132: 0 | AA132: 0 | AB132: 0 | AC132: 0 | AD132: 0 | AE132: 0 | AF132: 0 | AG132: =AH132+BE132 -> 200000 | AH132: =AI132+AN132+AS132+AX132+BB132+BC132+BD132 -> 200000 | AI132: =AJ132+AK132+AL132+AM132 -> 0 | AJ132: 0 | AK132: 0 | AL132: 0 | AM132: 0 | AN132: =AO132+AP132+AQ132+AR132 -> 200000 | AO132: 0 | AP132: 0 | AQ132: 200000 | AR132: 0 | AS132: =AT132+AU132+AV132+AW132 -> 0 | AT132: 0 | AU132: 0 | AV132: 0 | AW132: 0 | AX132: =AY132+AZ132+BA132 -> 0 | AY132: 0 | AZ132: 0 | BA132: 0 | BB132: 0 | BC132: 0 | BD132: 0 | BE132: 0
A133: 126 | B133: 林芝 | C133: 墨脱 | D133: 2017 | E133: 墨脱县2017年生态岗位资金 | F133: 否 | G133: 否 | H133: =I133+AF133 -> 9930000 | I133: =J133+O133+T133+Y133+AC133+AD133+AE133 -> 9930000 | J133: =K133+L133+M133+N133 -> 0 | K133: 0 | L133: 0 | M133: 0 | N133: 0 | O133: =P133+Q133+R133+S133 -> 9930000 | P133: 0 | Q133: 7830000 | R133: 2100000 | S133: 0 | T133: =U133+V133+W133+X133 -> 0 | U133: 0 | V133: 0 | W133: 0 | X133: 0 | Y133: =Z133+AA133+AB133 -> 0 | Z133: 0 | AA133: 0 | AB133: 0 | AC133: 0 | AD133: 0 | AE133: 0 | AF133: 0 | AG133: =AH133+BE133 -> 9930000 | AH133: =AI133+AN133+AS133+AX133+BB133+BC133+BD133 -> 9930000 | AI133: =AJ133+AK133+AL133+AM133 -> 0 | AJ133: 0 | AK133: 0 | AL133: 0 | AM133: 0 | AN133: =AO133+AP133+AQ133+AR133 -> 9930000 | AO133: 0 | AP133: 7830000 | AQ133: 2100000 | AR133: 0 | AS133: =AT133+AU133+AV133+AW133 -> 0 | AT133: 0 | AU133: 0 | AV133: 0 | AW133: 0 | AX133: =AY133+AZ133+BA133 -> 0 | AY133: 0 | AZ133: 0 | BA133: 0 | BB133: 0 | BC133: 0 | BD133: 0 | BE133: 0
A134: 127 | B134: 林芝 | C134: 墨脱 | D134: 2017 | E134: 墨脱县2017年政策性补助资金 | F134: 否 | G134: 否 | H134: =I134+AF134 -> 891600 | I134: =J134+O134+T134+Y134+AC134+AD134+AE134 -> 891600 | J134: =K134+L134+M134+N134 -> 0 | K134: 0 | L134: 0 | M134: 0 | N134: 0 | O134: =P134+Q134+R134+S134 -> 891600 | P134: 0 | Q134: 891600 | R134: 0 | S134: 0 | T134: =U134+V134+W134+X134 -> 0 | U134: 0 | V134: 0 | W134: 0 | X134: 0 | Y134: =Z134+AA134+AB134 -> 0 | Z134: 0 | AA134: 0 | AB134: 0 | AC134: 0 | AD134: 0 | AE134: 0 | AF134: 0 | AG134: =AH134+BE134 -> 891600 | AH134: =AI134+AN134+AS134+AX134+BB134+BC134+BD134 -> 891600 | AI134: =AJ134+AK134+AL134+AM134 -> 0 | AJ134: 0 | AK134: 0 | AL134: 0 | AM134: 0 | AN134: =AO134+AP134+AQ134+AR134 -> 891600 | AO134: 0 | AP134: 891600 | AQ134: 0 | AR134: 0 | AS134: =AT134+AU134+AV134+AW134 -> 0 | AT134: 0 | AU134: 0 | AV134: 0 | AW134: 0 | AX134: =AY134+AZ134+BA134 -> 0 | AY134: 0 | AZ134: 0 | BA134: 0 | BB134: 0 | BC134: 0 | BD134: 0 | BE134: 0
A135: 128 | B135: 林芝 | C135: 墨脱 | D135: 2017 | E135: 墨脱县茶叶种植、护林员建档立卡人口培训 | F135: 否 | G135: 否 | H135: =I135+AF135 -> 690000 | I135: =J135+O135+T135+Y135+AC135+AD135+AE135 -> 690000 | J135: =K135+L135+M135+N135 -> 0 | K135: 0 | L135: 0 | M135: 0 | N135: 0 | O135: =P135+Q135+R135+S135 -> 690000 | P135: 0 | Q135: 690000 | R135: 0 | S135: 0 | T135: =U135+V135+W135+X135 -> 0 | U135: 0 | V135: 0 | W135: 0 | X135: 0 | Y135: =Z135+AA135+AB135 -> 0 | Z135: 0 | AA135: 0 | AB135: 0 | AC135: 0 | AD135: 0 | AE135: 0 | AF135: 0 | AG135: =AH135+BE135 -> 690000 | AH135: =AI135+AN135+AS135+AX135+BB135+BC135+BD135 -> 690000 | AI135: =AJ135+AK135+AL135+AM135 -> 0 | AJ135: 0 | AK135: 0 | AL135: 0 | AM135: 0 | AN135: =AO135+AP135+AQ135+AR135 -> 690000 | AO135: 0 | AP135: 690000 | AQ135: 0 | AR135: 0 | AS135: =AT135+AU135+AV135+AW135 -> 0 | AT135: 0 | AU135: 0 | AV135: 0 | AW135: 0 | AX135: =AY135+AZ135+BA135 -> 0 | AY135: 0 | AZ135: 0 | BA135: 0 | BB135: 0 | BC135: 0 | BD135: 0 | BE135: 0
A136: 129 | B136: 林芝 | C136: 墨脱 | D136: 2017 | E136: 墨脱县背崩乡地东村农家乐建设项目 | F136: 是 | G136: 是 | H136: =I136+AF136 -> 1948900 | I136: =J136+O136+T136+Y136+AC136+AD136+AE136 -> 1948900 | J136: =K136+L136+M136+N136 -> 0 | K136: 0 | L136: 0 | M136: 0 | N136: 0 | O136: =P136+Q136+R136+S136 -> 1948900 | P136: 1948900 | Q136: 0 | R136: 0 | S136: 0 | T136: =U136+V136+W136+X136 -> 0 | U136: 0 | V136: 0 | W136: 0 | X136: 0 | Y136: =Z136+AA136+AB136 -> 0 | Z136: 0 | AA136: 0 | AB136: 0 | AC136: 0 | AD136: 0 | AE136: 0 | AF136: 0 | AG136: =AH136+BE136 -> 1876207.9 | AH136: =AI136+AN136+AS136+AX136+BB136+BC136+BD136 -> 1876207.9 | AI136: =AJ136+AK136+AL136+AM136 -> 0 | AJ136: 0 | AK136: 0 | AL136: 0 | AM136: 0 | AN136: =AO136+AP136+AQ136+AR136 -> 1876207.9 | AO136: 1876207.9 | AP136: 0 | AQ136: 0 | AR136: 0 | AS136: =AT136+AU136+AV136+AW136 -> 0 | AT136: 0 | AU136: 0 | AV136: 0 | AW136: 0 | AX136: =AY136+AZ136+BA136 -> 0 | AY136: 0 | AZ136: 0 | BA136: 0 | BB136: 0 | BC136: 0 | BD136: 0 | BE136: 0
A137: 130 | B137: 林芝 | C137: 墨脱 | D137: 2017 | E137: 墨脱县易地搬迁点房屋建设项目 | F137: 是 | G137: 否 | H137: =I137+AF137 -> 11740000 | I137: =J137+O137+T137+Y137+AC137+AD137+AE137 -> 11740000 | J137: =K137+L137+M137+N137 -> 0 | K137: 0 | L137: 0 | M137: 0 | N137: 0 | O137: =P137+Q137+R137+S137 -> 11740000 | P137: 0 | Q137: 0 | R137: 11740000 | S137: 0 | T137: =U137+V137+W137+X137 -> 0 | U137: 0 | V137: 0 | W137: 0 | X137: 0 | Y137: =Z137+AA137+AB137 -> 0 | Z137: 0 | AA137: 0 | AB137: 0 | AC137: 0 | AD137: 0 | AE137: 0 | AF137: 0 | AG137: =AH137+BE137 -> 11740000 | AH137: =AI137+AN137+AS137+AX137+BB137+BC137+BD137 -> 11740000 | AI137: =AJ137+AK137+AL137+AM137 -> 0 | AJ137: 0 | AK137: 0 | AL137: 0 | AM137: 0 | AN137: =AO137+AP137+AQ137+AR137 -> 11740000 | AO137: 0 | AP137: 0 | AQ137: 11740000 | AR137: 0 | AS137: =AT137+AU137+AV137+AW137 -> 0 | AT137: 0 | AU137: 0 | AV137: 0 | AW137: 0 | AX137: =AY137+AZ137+BA137 -> 0 | AY137: 0 | AZ137: 0 | BA137: 0 | BB137: 0 | BC137: 0 | BD137: 0 | BE137: 0
... A144: 137 | B144: 林芝 | C144: 墨脱 | D144: 2017 | E144: 墨脱县2017年茶叶种植项目 | F144: 是 | G144: 是 | H144: =I144+AF144 -> 5000000 | I144: =J144+O144+T144+Y144+AC144+AD144+AE144 -> 5000000 | J144: =K144+L144+M144+N144 -> 0 | K144: 0 | L144: 0 | M144: 0 | N144: 0 | O144: =P144+Q144+R144+S144 -> 5000000 | P144: 5000000 | Q144: 0 | R144: 0 | S144: 0 | T144: =U144+V144+W144+X144 -> 0 | U144: 0 | V144: 0 | W144: 0 | X144: 0 | Y144: =Z144+AA144+AB144 -> 0 | Z144: 0 | AA144: 0 | AB144: 0 | AC144: 0 | AD144: 0 | AE144: 0 | AF144: 0 | AG144: =AH144+BE144 -> 5000000 | AH144: =AI144+AN144+AS144+AX144+BB144+BC144+BD144 -> 5000000 | AI144: =AJ144+AK144+AL144+AM144 -> 0 | AJ144: 0 | AK144: 0 | AL144: 0 | AM144: 0 | AN144: =AO144+AP144+AQ144+AR144 -> 5000000 | AO144: 5000000 | AP144: 0 | AQ144: 0 | AR144: 0 | AS144: =AT144+AU144+AV144+AW144 -> 0 | AT144: 0 | AU144: 0 | AV144: 0 | AW144: 0 | AX144: =AY144+AZ144+BA144 -> 0 | AY144: 0 | AZ144: 0 | BA144: 0 | BB144: 0 | BC144: 0 | BD144: 0 | BE144: 0
A145: 138 | B145: 林芝 | C145: 墨脱 | D145: 2017 | E145: 墨脱县达木乡贡日村（80K）扶贫收益商铺建设项目 | F145: 是 | G145: 是 | H145: =I145+AF145 -> 17724400 | I145: =J145+O145+T145+Y145+AC145+AD145+AE145 -> 14119550 | J145: =K145+L145+M145+N145 -> 0 | K145: 0 | L145: 0 | M145: 0 | N145: 0 | O145: =P145+Q145+R145+S145 -> 14119550 | P145: =425.931351*10000+6000000 -> 10259314 | Q145: =386.023643*10000 -> 3860236.4 | R145: 0 | S145: 0 | T145: =U145+V145+W145+X145 -> 0 | U145: 0 | V145: 0 | W145: 0 | X145: 0 | Y145: =Z145+AA145+AB145 -> 0 | Z145: 0 | AA145: 0 | AB145: 0 | AC145: 0 | AD145: 0 | AE145: 0 | AF145: =360.485006*10000 -> 3604850.1 | AG145: =AH145+BE145 -> 17336800 | AH145: =AI145+AN145+AS145+AX145+BB145+BC145+BD145 -> 14119550 | AI145: =AJ145+AK145+AL145+AM145 -> 0 | AJ145: 0 | AK145: 0 | AL145: 0 | AM145: 0 | AN145: =AO145+AP145+AQ145+AR145 -> 14119550 | AO145: =4259313.51+6000000 -> 10259314 | AP145: 3860236.4 | AQ145: 0 | AR145: 0 | AS145: =AT145+AU145+AV145+AW145 -> 0 | AT145: 0 | AU145: 0 | AV145: 0 | AW145: 0 | AX145: =AY145+AZ145+BA145 -> 0 | AY145: 0 | AZ145: 0 | BA145: 0 | BB145: 0 | BC145: 0 | BD145: 0 | BE145: 3217250.1 | BF145: 概批1172.44万元，现按杨科长表格填写
A146: 139 | B146: 林芝 | C146: 墨脱 | D146: 2018 | E146: 墨脱县格当乡扶贫商住楼建设工程 | F146: 是 | G146: 是 | H146: =I146+AF146 -> 8380300 | I146: =J146+O146+T146+Y146+AC146+AD146+AE146 -> 2940285 | J146: =K146+L146+M146+N146 -> 0 | K146: 0 | L146: 0 | M146: 0 | N146: 0 | O146: =P146+Q146+R146+S146 -> 2940285 | P146: 290521.42 | Q146: 449763.58 | R146: 2200000 | S146: 0 | T146: =U146+V146+W146+X146 -> 0 | U146: 0 | V146: 0 | W146: 0 | X146: 0 | Y146: =Z146+AA146+AB146 -> 0 | Z146: 0 | AA146: 0 | AB146: 0 | AC146: 0 | AD146: 0 | AE146: 0 | AF146: 5440015 | AG146: =AH146+BE146 -> 8057166.1 | AH146: =AI146+AN146+AS146+AX146+BB146+BC146+BD146 -> 2940285 | AI146: =AJ146+AK146+AL146+AM146 -> 0 | AJ146: 0 | AK146: 0 | AL146: 0 | AM146: 0 | AN146: =AO146+AP146+AQ146+AR146 -> 2940285 | AO146: 290521.42 | AP146: 449763.58 | AQ146: 2200000 | AR146: 0 | AS146: =AT146+AU146+AV146+AW146 -> 0 | AT146: 0 | AU146: 0 | AV146: 0 | AW146: 0 | AX146: =AY146+AZ146+BA146 -> 0 | AY146: 0 | AZ146: 0 | BA146: 0 | BB146: 0 | BC146: 0 | BD146: 0 | BE146: 5116881.1
A147: 140 | B147: 林芝 | C147: 墨脱 | D147: 2018 | E147: 墨脱县达木乡扶贫商住楼建设工程 | F147: 是 | G147: 是 | H147: =I147+AF147 -> 7953900 | I147: =J147+O147+T147+Y147+AC147+AD147+AE147 -> 5894355 | J147: =K147+L147+M147+N147 -> 0 | K147: 0 | L147: 0 | M147: 0 | N147: 0 | O147: =P147+Q147+R147+S147 -> 5894355 | P147: 5894355 | Q147: 0 | R147: 0 | S147: 0 | T147: =U147+V147+W147+X147 -> 0 | U147: 0 | V147: 0 | W147: 0 | X147: 0 | Y147: =Z147+AA147+AB147 -> 0 | Z147: 0 | AA147: 0 | AB147: 0 | AC147: 0 | AD147: 0 | AE147: 0 | AF147: 2059545 | AG147: =AH147+BE147 -> 7381180.7 | AH147: =AI147+AN147+AS147+AX147+BB147+BC147+BD147 -> 5894355 | AI147: =AJ147+AK147+AL147+AM147 -> 0 | AJ147: 0 | AK147: 0 | AL147: 0 | AM147: 0 | AN147: =AO147+AP147+AQ147+AR147 -> 5894355 | AO147: 5894355 | AP147: 0 | AQ147: 0 | AR147: 0 | AS147: =AT147+AU147+AV147+AW147 -> 0 | AT147: 0 | AU147: 0 | AV147: 0 | AW147: 0 | AX147: =AY147+AZ147+BA147 -> 0 | AY147: 0 | AZ147: 0 | BA147: 0 | BB147: 0 | BC147: 0 | BD147: 0 | BE147: 1486825.7
A148: 141 | B148: 林芝 | C148: 墨脱 | D148: 2018 | E148: 墨脱县背崩乡扶贫商住楼建设工程 | F148: 是 | G148: 是 | H148: =I148+AF148 -> 6888100 | I148: =J148+O148+T148+Y148+AC148+AD148+AE148 -> 34300 | J148: =K148+L148+M148+N148 -> 0 | K148: 0 | L148: 0 | M148: 0 | N148: 0 | O148: =P148+Q148+R148+S148 -> 34300 | P148: 34300 | Q148: 0 | R148: 0 | S148: 0 | T148: =U148+V148+W148+X148 -> 0 | U148: 0 | V148: 0 | W148: 0 | X148: 0 | Y148: =Z148+AA148+AB148 -> 0 | Z148: 0 | AA148: 0 | AB148: 0 | AC148: 0 | AD148: 0 | AE148: 0 | AF148: 6853800 | AG148: =AH148+BE148 -> 6626770.8 | AH148: =AI148+AN148+AS148+AX148+BB148+BC148+BD148 -> 34300 | AI148: =AJ148+AK148+AL148+AM148 -> 0 | AJ148: 0 | AK148: 0 | AL148: 0 | AM148: 0 | AN148: =AO148+AP148+AQ148+AR148 -> 34300 | AO148: 34300 | AP148: 0 | AQ148: 0 | AR148: 0 | AS148: =AT148+AU148+AV148+AW148 -> 0 | AT148: 0 | AU148: 0 | AV148: 0 | AW148: 0 | AX148: =AY148+AZ148+BA148 -> 0 | AY148: 0 | AZ148: 0 | BA148: 0 | BB148: 0 | BC148: 0 | BD148: 0 | BE148: 6592470.8
A149: 142 | B149: 林芝 | C149: 墨脱 | D149: 2018 | E149: 墨脱县果果塘茶叶基地基础设施建设项目 | F149: 是 | G149: 是 | H149: =I149+AF149 -> 5793700 | I149: =J149+O149+T149+Y149+AC149+AD149+AE149 -> 3770000 | J149: =K149+L149+M149+N149 -> 0 | K149: 0 | L149: 0 | M149: 0 | N149: 0 | O149: =P149+Q149+R149+S149 -> 3770000 | P149: 0 | Q149: 0 | R149: 0 | S149: 3770000 | T149: =U149+V149+W149+X149 -> 0 | U149: 0 | V149: 0 | W149: 0 | X149: 0 | Y149: =Z149+AA149+AB149 -> 0 | Z149: 0 | AA149: 0 | AB149: 0 | AC149: 0 | AD149: 0 | AE149: 0 | AF149: 2023700 | AG149: =AH149+BE149 -> 5589286.8 | AH149: =AI149+AN149+AS149+AX149+BB149+BC149+BD149 -> 3770000 | AI149: =AJ149+AK149+AL149+AM149 -> 0 | AJ149: 0 | AK149: 0 | AL149: 0 | AM149: 0 | AN149: =AO149+AP149+AQ149+AR149 -> 3770000 | AO149: 0 | AP149: 0 | AQ149: 0 | AR149: 3770000 | AS149: =AT149+AU149+AV149+AW149 -> 0 | AT149: 0 | AU149: 0 | AV149: 0 | AW149: 0 | AX149: =AY149+AZ149+BA149 -> 0 | AY149: 0 | AZ149: 0 | BA149: 0 | BB149: 0 | BC149: 0 | BD149: 0 | BE149: =5589286.83-3770000 -> 1819286.8
A150: 143 | B150: 林芝 | C150: 墨脱 | D150: 2017 | E150: 墨脱县墨脱镇玛迪村茶叶苗圃基地建设项目 | F150: 是 | G150: 是 | H150: =I150+AF150 -> 5328467 | I150: =J150+O150+T150+Y150+AC150+AD150+AE150 -> 5328467 | J150: =K150+L150+M150+N150 -> 0 | K150: 0 | L150: 0 | M150: 0 | N150: 0 | O150: =P150+Q150+R150+S150 -> 5328467 | P150: 0 | Q150: 1828467 | R150: 0 | S150: 3500000 | T150: =U150+V150+W150+X150 -> 0 | U150: 0 | V150: 0 | W150: 0 | X150: 0 | Y150: =Z150+AA150+AB150 -> 0 | Z150: 0 | AA150: 0 | AB150: 0 | AC150: 0 | AD150: 0 | AE150: 0 | AF150: 0 | AG150: =AH150+BE150 -> 4554326.4 | AH150: =AI150+AN150+AS150+AX150+BB150+BC150+BD150 -> 4554326.4 | AI150: =AJ150+AK150+AL150+AM150 -> 0 | AJ150: 0 | AK150: 0 | AL150: 0 | AM150: 0 | AN150: =AO150+AP150+AQ150+AR150 -> 4554326.4 | AO150: 0 | AP150: 1828467 | AQ150: 0 | AR150: 2725859.4 | AS150: =AT150+AU150+AV150+AW150 -> 0 | AT150: 0 | AU150: 0 | AV150: 0 | AW150: 0 | AX150: =AY150+AZ150+BA150 -> 0 | AY150: 0 | AZ150: 0 | BA150: 0 | BB150: 0 | BC150: 0 | BD150: 0 | BE150: 0 | BF150: 概算批复总投资471万元，但现按杨科长表格填写
A151: 144 | B151: 林芝 | C151: 墨脱 | D151: 2017 | E151: 墨脱县达木乡达木村猕猴桃种植项目 | F151: 是 | G151: 是 | H151: =I151+AF151 -> 280000 | I151: =J151+O151+T151+Y151+AC151+AD151+AE151 -> 280000 | J151: =K151+L151+M151+N151 -> 0 | K151: 0 | L151: 0 | M151: 0 | N151: 0 | O151: =P151+Q151+R151+S151 -> 280000 | P151: 0 | Q151: 280000 | R151: 0 | S151: 0 | T151: =U151+V151+W151+X151 -> 0 | U151: 0 | V151: 0 | W151: 0 | X151: 0 | Y151: =Z151+AA151+AB151 -> 0 | Z151: 0 | AA151: 0 | AB151: 0 | AC151: 0 | AD151: 0 | AE151: 0 | AF151: 0 | AG151: =AH151+BE151 -> 269100 | AH151: =AI151+AN151+AS151+AX151+BB151+BC151+BD151 -> 269100 | AI151: =AJ151+AK151+AL151+AM151 -> 0 | AJ151: 0 | AK151: 0 | AL151: 0 | AM151: 0 | AN151: =AO151+AP151+AQ151+AR151 -> 269100 | AO151: 0 | AP151: 269100 | AQ151: 0 | AR151: 0 | AS151: =AT151+AU151+AV151+AW151 -> 0 | AT151: 0 | AU151: 0 | AV151: 0 | AW151: 0 | AX151: =AY151+AZ151+BA151 -> 0 | AY151: 0 | AZ151: 0 | BA151: 0 | BB151: 0 | BC151: 0 | BD151: 0 | BE151: 0 | BF151: 概批26.91万元，现按杨科长表格填写计划金额
A152: 145 | B152: 林芝 | C152: 墨脱 | D152: 2018 | E152: 墨脱县格当乡桑珍卡村辣椒种植项目 | F152: 是 | G152: 是 | H152: =I152+AF152 -> 297000 | I152: =J152+O152+T152+Y152+AC152+AD152+AE152 -> 297000 | J152: =K152+L152+M152+N152 -> 0 | K152: 0 | L152: 0 | M152: 0 | N152: 0 | O152: =P152+Q152+R152+S152 -> 297000 | P152: 297000 | Q152: 0 | R152: 0 | S152: 0 | T152: =U152+V152+W152+X152 -> 0 | U152: 0 | V152: 0 | W152: 0 | X152: 0 | Y152: =Z152+AA152+AB152 -> 0 | Z152: 0 | AA152: 0 | AB152: 0 | AC152: 0 | AD152: 0 | AE152: 0 | AF152: 0 | AG152: =AH152+BE152 -> 297000 | AH152: =AI152+AN152+AS152+AX152+BB152+BC152+BD152 -> 297000 | AI152: =AJ152+AK152+AL152+AM152 -> 0 | AJ152: 0 | AK152: 0 | AL152: 0 | AM152: 0 | AN152: =AO152+AP152+AQ152+AR152 -> 297000 | AO152: 297000 | AP152: 0 | AQ152: 0 | AR152: 0 | AS152: =AT152+AU152+AV152+AW152 -> 0 | AT152: 0 | AU152: 0 | AV152: 0 | AW152: 0 | AX152: =AY152+AZ152+BA152 -> 0 | AY152: 0 | AZ152: 0 | BA152: 0 | BB152: 0 | BC152: 0 | BD152: 0 | BE152: 0
A153: 146 | B153: 林芝 | C153: 墨脱 | D153: 2017 | E153: 格当乡藏餐馆与便民超市修建 | F153: 是 | G153: 是 | H153: =I153+AF153 -> 1501400 | I153: =J153+O153+T153+Y153+AC153+AD153+AE153 -> 1501400 | J153: =K153+L153+M153+N153 -> 0 | K153: 0 | L153: 0 | M153: 0 | N153: 0 | O153: =P153+Q153+R153+S153 -> 1501400 | P153: 0 | Q153: 701400 | R153: 800000 | S153: 0 | T153: =U153+V153+W153+X153 -> 0 | U153: 0 | V153: 0 | W153: 0 | X153: 0 | Y153: =Z153+AA153+AB153 -> 0 | Z153: 0 | AA153: 0 | AB153: 0 | AC153: 0 | AD153: 0 | AE153: 0 | AF153: 0 | AG153: =AH153+BE153 -> 800000 | AH153: =AI153+AN153+AS153+AX153+BB153+BC153+BD153 -> 800000 | AI153: =AJ153+AK153+AL153+AM153 -> 0 | AJ153: 0 | AK153: 0 | AL153: 0 | AM153: 0 | AN153: =AO153+AP153+AQ153+AR153 -> 800000 | AO153: 0 | AP153: 0 | AQ153: 800000 | AR153: 0 | AS153: =AT153+AU153+AV153+AW153 -> 0 | AT153: 0 | AU153: 0 | AV153: 0 | AW153: 0 | AX153: =AY153+AZ153+BA153 -> 0 | AY153: 0 | AZ153: 0 | BA153: 0 | BB153: 0 | BC153: 0 | BD153: 0 | BE153: 0
A154: 147 | B154: 林芝 | C154: 墨脱 | D154: 2018 | E154: 生态岗位就业补助资金 | F154: 否 | G154: 否 | H154: =I154+AF154 -> 12421500 | I154: =J154+O154+T154+Y154+AC154+AD154+AE154 -> 12421500 | J154: =K154+L154+M154+N154 -> 0 | K154: 0 | L154: 0 | M154: 0 | N154: 0 | O154: =P154+Q154+R154+S154 -> 12421500 | P154: 12071500 | Q154: 0 | R154: 350000 | S154: 0 | T154: =U154+V154+W154+X154 -> 0 | U154: 0 | V154: 0 | W154: 0 | X154: 0 | Y154: =Z154+AA154+AB154 -> 0 | Z154: 0 | AA154: 0 | AB154: 0 | AC154: 0 | AD154: 0 | AE154: 0 | AF154: 0 | AG154: =AH154+BE154 -> 12421500 | AH154: =AI154+AN154+AS154+AX154+BB154+BC154+BD154 -> 12421500 | AI154: =AJ154+AK154+AL154+AM154 -> 0 | AJ154: 0 | AK154: 0 | AL154: 0 | AM154: 0 | AN154: =AO154+AP154+AQ154+AR154 -> 12421500 | AO154: 12071500 | AP154: 0 | AQ154: 350000 | AR154: 0 | AS154: =AT154+AU154+AV154+AW154 -> 0 | AT154: 0 | AU154: 0 | AV154: 0 | AW154: 0 | AX154: =AY154+AZ154+BA154 -> 0 | AY154: 0 | AZ154: 0 | BA154: 0 | BB154: 0 | BC154: 0 | BD154: 0 | BE154: 0
...

Sheet 经营类、公益类汇总
A1: 墨脱县帮扶产业项目总台账 （截至2026年8月30日数据）
A2: 项目 编号 | B2: 项目 地市 | C2: 项目 县区 | D2: 项目 年度 | E2: 项目 名称 | F2: 项目申报主体 | G2: 项目实施地点 | H2: 项目主要建设内容 | I2: 计划投资（万元） | L2: 实际投资（万元） | O2: 项目 分类情况 | P2: 项目所属产业分类 | Q2: 产业“四个一批”分类 | R2: 经营性项目“四个一批”分类 | S2: 项目运营情况 | T2: 项目运营模式 | U2: 项目经营主体 | W2: 项目联农带农协议签订情况 | X2: 项目联农带农协议签订时间 | Y2: 项目联农带农协议签订年限 | Z2: 项目联农带农协议主要内容 | AA2: 项目累计分红金额 （元） | AB2: 项目累计带动就业人数 （人） | AC2: 项目归口行业单位名称 | AD2: 所有权 | AE2: 备注
I3: 合计 | J3: 政策性资金 （同表2政策性资金合计数） | K3: 其他渠道资金 （如企业自筹、信贷资金等非政策性资金，同表2） | L3: 合计 | M3: 政策性资金 （同表2政策性资金合计数） | N3: 其他渠道资金 （如企业自筹、信贷资金等非政策性资金，同表2） | U3: 经营主体类别 | V3: 名称 | AF3: 约定收取租金时间
A4: 填表说明：根据指南编码规则编号 | E4: 以项目批复中对应内容为准 | G4: 以项目批复中项目实施地点为准，例：XX乡（镇）XX 村（居） | H4: 以项目竣工决算中项目主要建设内容为准 | I4: 与表2数据一致 （保留小数点后面2位） | L4: 与表2数据一致 （保留小数点后面2位） | O4: 在“经营类、公益类、到户类“中选择 | P4: 在“青稞、小麦、饲料、牦牛、乳、羊、猪、鸡、蜂、鱼虾、藏药、茶、葡萄、苹果、猕猴桃、设施农业、乡村旅游、商贸流通、其他”中选择 | Q4: 在“巩固、升级、盘活、调整”中选择 | R4: 在“巩固、升级、盘活、调整”中选择，仅经营类项目填写 | S4: 根据实际情况填写“是/否” | T4: 在“自主运营、合作运营、委托运营“中选择 | U4: 在“农村集体经济组织、农牧民专业合作社、农户、国企、私企、个体工商户、其他”中选择 | W4: 根据实际情况填写“是/否” | X4: 例：2022.09 | Y4: 例：10年 | Z4: 例：该项目带动建档立卡群众不低于23户79人增收，分红金额不低于500元/人/年 | AC4: 以项目实施内容对应行业单位为准 | AG4: 年度 （不可删除，有公式链接） | AH4: 编号 （不可删除，有公式链接）
A5: =540423&D5&VLOOKUP(P5,{"青稞","01";"小麦","02";"饲料","03";"牦牛","04";"乳","05";"羊","06";"猪","07";"鸡","08";"蜂","09";"鱼虾","10";"藏药","11";"茶","12";"葡萄","13";"苹果","14";"猕猴桃","15";"设施农业","16";"乡村旅游","17";"商贸流通","18";"其他","19"},2,FALSE)&TEXT(COUNTIF($P$5:P5,P5),"000") -> 540423201319001 | B5: 林芝 | C5: 墨脱 | D5: {=INDEX(附件2!$D:$D,MATCH(E5,附件2!$E:$E,0))} -> 2013 | E5: 墨脱镇米日村、德兴乡荷扎村、德兴村蜜柚种植项目（第一批） | F5: 墨脱镇、德兴乡 | G5: 米日村 荷扎村 德兴村 | H5: 种植240亩蜜柚、购置蜜柚苗14400株。 | I5: =J5+K5 -> 60 | J5: =VLOOKUP(E5,附件2!$E$9:$I$410,5,0)/10000 -> 55 | K5: =VLOOKUP(E5,附件2!E:AF,28,0)/10000 -> 5 | L5: =M5+N5 -> 55 | M5: =VLOOKUP(E5,附件2!$E:$BE,30,0)/10000 -> 55 | N5: =VLOOKUP(E5,附件2!$E:$BE,53,0)/10000 -> 0 | O5: 经营类 | P5: 其他 | Q5: 巩固 | R5: 巩固 | S5: 否 | T5: - | U5: - | V5: - | W5: - | X5: - | Y5: - | Z5: - | AA5: - | AB5: 0 | AC5: 墨脱县农业农村局 | AD5: =VLOOKUP(E:E,'附件5-1'!D:P,8,FALSE) -> 米日村股份经济合作社 荷扎村股份经济合作社 德兴村股份经济合作社 | AG5: =D5 -> 2013 | AH5: =A5 -> 540423201319001
A6: =540423&D6&VLOOKUP(P6,{"青稞","01";"小麦","02";"饲料","03";"牦牛","04";"乳","05";"羊","06";"猪","07";"鸡","08";"蜂","09";"鱼虾","10";"藏药","11";"茶","12";"葡萄","13";"苹果","14";"猕猴桃","15";"设施农业","16";"乡村旅游","17";"商贸流通","18";"其他","19"},2,FALSE)&TEXT(COUNTIF($P$5:P6,P6),"000") -> 540423201319002 | B6: 林芝 | C6: 墨脱 | D6: {=INDEX(附件2!$D:$D,MATCH(E6,附件2!$E:$E,0))} -> 2013 | E6: 加热萨乡加热萨村木碗加工项目（第一批） | F6: 加热萨乡 | G6: 加热萨村 | H6: 购置相关加工机械，新建砖混木制结构厂房100平方米。 | I6: =J6+K6 -> 50 | J6: =VLOOKUP(E6,附件2!$E$9:$I$410,5,0)/10000 -> 45 | K6: =VLOOKUP(E6,附件2!E:AF,28,0)/10000 -> 5 | L6: =M6+N6 -> 45 | M6: =VLOOKUP(E6,附件2!$E:$BE,30,0)/10000 -> 45 | N6: =VLOOKUP(E6,附件2!$E:$BE,53,0)/10000 -> 0 | O6: 经营类 | P6: 其他 | Q6: 巩固 | R6: 调整 | S6: 否 | T6: - | U6: - | V6: - | W6: - | X6: - | Y6: - | Z6: - | AA6: - | AB6: 0 | AC6: 墨脱县农业农村局 | AD6: =VLOOKUP(E:E,'附件5-1'!D:P,8,FALSE) -> 加热萨村股份经济合作社 | AE6: 上三乡搬迁调整项目 | AG6: =D6 -> 2013 | AH6: =A6 -> 540423201319002
A7: =540423&D7&VLOOKUP(P7,{"青稞","01";"小麦","02";"饲料","03";"牦牛","04";"乳","05";"羊","06";"猪","07";"鸡","08";"蜂","09";"鱼虾","10";"藏药","11";"茶","12";"葡萄","13";"苹果","14";"猕猴桃","15";"设施农业","16";"乡村旅游","17";"商贸流通","18";"其他","19"},2,FALSE)&TEXT(COUNTIF($P$5:P7,P7),"000") -> 540423201317001 | B7: 林芝 | C7: 墨脱 | D7: {=INDEX(附件2!$D:$D,MATCH(E7,附件2!$E:$E,0))} -> 2013 | E7: 德兴乡德兴村嘎兴农家乐项目（第二批） | F7: 德兴乡 | G7: 德兴村 | H7: 新建砖混结构100平方米农家屋，购置农家屋所需藏式床、桌椅共85张及相关附属配套 | I7: =J7+K7 -> 45 | J7: =VLOOKUP(E7,附件2!$E$9:$I$410,5,0)/10000 -> 40 | K7: =VLOOKUP(E7,附件2!E:AF,28,0)/10000 -> 5 | L7: =M7+N7 -> 40 | M7: =VLOOKUP(E7,附件2!$E:$BE,30,0)/10000 -> 40 | N7: =VLOOKUP(E7,附件2!$E:$BE,53,0)/10000 -> 0 | O7: 经营类 | P7: 乡村旅游 | Q7: 巩固 | R7: 巩固 | S7: 是 | T7: 委托运营 | U7: 个体工商户 | V7: 次仁玉珍 | W7: 是 | X7: 2026.06 | Y7: 1年 | Z7: 租赁内容：1.房屋坐落:墨脱县德兴乡德兴村2组(德兴党校旁)。2.房屋结构及面积:该房屋为木制结构，共一层，房屋建筑面积约160平方米，院落面积约260平方米。 租赁用途：自住及合法合规经营使用。 | AA7: 有情况说明，有现场照片。 德兴德兴村分红情况： 2026年度分红：两次分红总金额为130万元，覆盖376人，于2026年1月29日发放。 | AB7: 0 | AC7: 墨脱县农业农村局 | AD7: =VLOOKUP(E:E,'附件5-1'!D:P,8,FALSE) -> 德兴村股份经济合作社 | AG7: =D7 -> 2013 | AH7: =A7 -> 540423201317001
A8: =540423&D8&VLOOKUP(P8,{"青稞","01";"小麦","02";"饲料","03";"牦牛","04";"乳","05";"羊","06";"猪","07";"鸡","08";"蜂","09";"鱼虾","10";"藏药","11";"茶","12";"葡萄","13";"苹果","14";"猕猴桃","15";"设施农业","16";"乡村旅游","17";"商贸流通","18";"其他","19"},2,FALSE)&TEXT(COUNTIF($P$5:P8,P8),"000") -> 540423201319003 | B8: 林芝 | C8: 墨脱 | D8: {=INDEX(附件2!$D:$D,MATCH(E8,附件2!$E:$E,0))} -> 2013 | E8: 背崩乡阿苍村馒头加工点项目（财政专项扶持） | F8: 背崩乡 | G8: 阿苍村 | H8: 新建房屋180平方米、购置制作馒头所需设备、购买必备家具 | I8: =J8+K8 -> 49 | J8: =VLOOKUP(E8,附件2!$E$9:$I$410,5,0)/10000 -> 25 | K8: =VLOOKUP(E8,附件2!E:AF,28,0)/10000 -> 24 | L8: =M8+N8 -> 25 | M8: =VLOOKUP(E8,附件2!$E:$BE,30,0)/10000 -> 25 | N8: =VLOOKUP(E8,附件2!$E:$BE,53,0)/10000 -> 0 | O8: 经营类 | P8: 其他 | Q8: 巩固 | R8: 巩固 | S8: 是 | T8: 委托运营 | U8: 个体工商户 | V8: 梁国亮 | W8: 是 | X8: 2026.06 | Y8: 2年 | Z8: 租赁内容：坐落于背崩乡主干道旁，背崩村154号，建筑面积200平方米商铺。 租赁用途：餐饮住宿服务。 | AA8: 有现场照片，有情况说明。 背崩乡阿苍村分红情况： 2021年年度分红：该村以采购藏式家具共计30万元进行分红，于2021年5月25日。 | AB8: 0 | AC8: 墨脱县农业农村局 | AD8: =VLOOKUP(E:E,'附件5-1'!D:P,8,FALSE) -> 阿苍村股份经济合作社 | AG8: =D8 -> 2013 | AH8: =A8 -> 540423201319003
A9: =540423&D9&VLOOKUP(P9,{"青稞","01";"小麦","02";"饲料","03";"牦牛","04";"乳","05";"羊","06";"猪","07";"鸡","08";"蜂","09";"鱼虾","10";"藏药","11";"茶","12";"葡萄","13";"苹果","14";"猕猴桃","15";"设施农业","16";"乡村旅游","17";"商贸流通","18";"其他","19"},2,FALSE)&TEXT(COUNTIF($P$5:P9,P9),"000") -> 540423201316001 | B9: 林芝 | C9: 墨脱 | D9: {=INDEX(附件2!$D:$D,MATCH(E9,附件2!$E:$E,0))} -> 2013 | E9: 墨脱镇亚让村香椿种植项目（财政专项扶持） | F9: 墨脱镇 | G9: 亚让村 | H9: 新开发香椿种植基地10亩，购置香椿树苗6万株 | I9: =J9+K9 -> 17 | J9: =VLOOKUP(E9,附件2!$E$9:$I$410,5,0)/10000 -> 15 | K9: =VLOOKUP(E9,附件2!E:AF,28,0)/10000 -> 2 | L9: =M9+N9 -> 15 | M9: =VLOOKUP(E9,附件2!$E:$BE,30,0)/10000 -> 15 | N9: =VLOOKUP(E9,附件2!$E:$BE,53,0)/10000 -> 0 | O9: 经营类 | P9: 设施农业 | Q9: 巩固 | R9: 调整 | S9: 否 | T9: - | U9: - | V9: - | W9: - | X9: - | Y9: - | Z9: - | AA9: - | AB9: 0 | AC9: 墨脱县农业农村局 | AD9: =VLOOKUP(E:E,'附件5-1'!D:P,8,FALSE) -> 亚让村股份经济合作社 | AG9: =D9 -> 2013 | AH9: =A9 -> 540423201316001
A10: =540423&D10&VLOOKUP(P10,{"青稞","01";"小麦","02";"饲料","03";"牦牛","04";"乳","05";"羊","06";"猪","07";"鸡","08";"蜂","09";"鱼虾","10";"藏药","11";"茶","12";"葡萄","13";"苹果","14";"猕猴桃","15";"设施农业","16";"乡村旅游","17";"商贸流通","18";"其他","19"},2,FALSE)&TEXT(COUNTIF($P$5:P10,P10),"000") -> 540423201316002 | B10: 林芝 | C10: 墨脱 | D10: {=INDEX(附件2!$D:$D,MATCH(E10,附件2!$E:$E,0))} -> 2013 | E10: 帮辛乡根登村蔬菜大棚项目（财政专项扶持） | F10: 帮辛乡 | G10: 根登村 | H10: 在5户低收入户房前屋后修建5座大棚，每座占地面积10平方米，共计50平方米 | I10: =J10+K10 -> 22 | J10: =VLOOKUP(E10,附件2!$E$9:$I$410,5,0)/10000 -> 20 | K10: =VLOOKUP(E10,附件2!E:AF,28,0)/10000 -> 2 | L10: =M10+N10 -> 22 | M10: =VLOOKUP(E10,附件2!$E:$BE,30,0)/10000 -> 20 | N10: =VLOOKUP(E10,附件2!$E:$BE,53,0)/10000 -> 2 | O10: 经营类 | P10: 设施农业 | Q10: 巩固 | R10: 调整 | S10: 否 | T10: - | U10: - | V10: - | W10: - | X10: - | Y10: - | Z10: - | AA10: - | AB10: 0 | AC10: 墨脱县农业农村局 | AD10: =VLOOKUP(E:E,'附件5-1'!D:P,8,FALSE) -> 根登村股份经济合作社 | AE10: 上三乡搬迁调整项目 | AG10: =D10 -> 2013 | AH10: =A10 -> 540423201316002
A11: =540423&D11&VLOOKUP(P11,{"青稞","01";"小麦","02";"饲料","03";"牦牛","04";"乳","05";"羊","06";"猪","07";"鸡","08";"蜂","09";"鱼虾","10";"藏药","11";"茶","12";"葡萄","13";"苹果","14";"猕猴桃","15";"设施农业","16";"乡村旅游","17";"商贸流通","18";"其他","19"},2,FALSE)&TEXT(COUNTIF($P$5:P11,P11),"000") -> 540423201319004 | B11: 林芝 | C11: 墨脱 | D11: {=INDEX(附件2!$D:$D,MATCH(E11,附件2!$E:$E,0))} -> 2013 | E11: 帮辛乡西登村石锅加工项目（第三批） | F11: 帮辛乡 | G11: 西登村 | H11: 新建一栋150平方米加工厂房、购置切割机、发电机、抛光机的工具 | I11: =J11+K11 -> 55 | J11: =VLOOKUP(E11,附件2!$E$9:$I$410,5,0)/10000 -> 50 | K11: =VLOOKUP(E11,附件2!E:AF,28,0)/10000 -> 5 | L11: =M11+N11 -> 55 | M11: =VLOOKUP(E11,附件2!$E:$BE,30,0)/10000 -> 50 | N11: =VLOOKUP(E11,附件2!$E:$BE,53,0)/10000 -> 5 | O11: 经营类 | P11: 其他 | Q11: 巩固 | R11: 调整 | S11: 否 | T11: - | U11: - | V11: - | W11: - | X11: - | Y11: - | Z11: - | AA11: - | AB11: 0 | AC11: 墨脱县农业农村局 | AD11: =VLOOKUP(E:E,'附件5-1'!D:P,8,FALSE) -> 西登村股份经济合作社 | AE11: 上三乡搬迁调整项目 | AG11: =D11 -> 2013 | AH11: =A11 -> 540423201319004
A12: =540423&D12&VLOOKUP(P12,{"青稞","01";"小麦","02";"饲料","03";"牦牛","04";"乳","05";"羊","06";"猪","07";"鸡","08";"蜂","09";"鱼虾","10";"藏药","11";"茶","12";"葡萄","13";"苹果","14";"猕猴桃","15";"设施农业","16";"乡村旅游","17";"商贸流通","18";"其他","19"},2,FALSE)&TEXT(COUNTIF($P$5:P12,P12),"000") -> 540423201317002 | B12: 林芝 | C12: 墨脱 | D12: {=INDEX(附件2!$D:$D,MATCH(E12,附件2!$E:$E,0))} -> 2013 | E12: 背崩乡地东村汗密农家乐项目（第三批） | F12: 背崩乡 | G12: 地东村 | H12: 修建一栋200平方米农家乐，购买家具等附属设施 | I12: =J12+K12 -> 51 | J12: =VLOOKUP(E12,附件2!$E$9:$I$410,5,0)/10000 -> 45 | K12: =VLOOKUP(E12,附件2!E:AF,28,0)/10000 -> 6 | L12: =M12+N12 -> 45 | M12: =VLOOKUP(E12,附件2!$E:$BE,30,0)/10000 -> 45 | N12: =VLOOKUP(E12,附件2!$E:$BE,53,0)/10000 -> 0 | O12: 经营类 | P12: 乡村旅游 | Q12: 巩固 | R12: 调整 | S12: 否 | T12: - | U12: - | V12: - | W12: - | X12: - | Y12: - | Z12: - | AA12: - | AB12: 0 | AC12: 墨脱县农业农村局 | AD12: =VLOOKUP(E:E,'附件5-1'!D:P,8,FALSE) -> 地东村股份经济合作社 | AG12: =D12 -> 2013 | AH12: =A12 -> 540423201317002
A13: =540423&D13&VLOOKUP(P13,{"青稞","01";"小麦","02";"饲料","03";"牦牛","04";"乳","05";"羊","06";"猪","07";"鸡","08";"蜂","09";"鱼虾","10";"藏药","11";"茶","12";"葡萄","13";"苹果","14";"猕猴桃","15";"设施农业","16";"乡村旅游","17";"商贸流通","18";"其他","19"},2,FALSE)&TEXT(COUNTIF($P$5:P13,P13),"000") -> 540423201317003 | B13: 林芝 | C13: 墨脱 | D13: {=INDEX(附件2!$D:$D,MATCH(E13,附件2!$E:$E,0))} -> 2013 | E13: 德兴乡荷扎村农家乐项目（第三批） | F13: 德兴乡 | G13: 荷扎村 | H13: 新建200平方米农家乐 ，采购藏式床 、藏式桌、椅子、太阳能热水器 、42寸电视机 、冰柜 、厨具等。 | I13: =J13+K13 -> 51 | J13: =VLOOKUP(E13,附件2!$E$9:$I$410,5,0)/10000 -> 45 | K13: =VLOOKUP(E13,附件2!E:AF,28,0)/10000 -> 6 | L13: =M13+N13 -> 45 | M13: =VLOOKUP(E13,附件2!$E:$BE,30,0)/10000 -> 45 | N13: =VLOOKUP(E13,附件2!$E:$BE,53,0)/10000 -> 0 | O13: 经营类 | P13: 乡村旅游 | Q13: 巩固 | R13: 调整 | S13: 是 | T13: 委托运营 | U13: 私企 | V13: 西藏春天乡村文化旅游有限公司 | W13: 是 | X13: 2023.11 | Y13: 15年 | Z13: - | AA13: 130000 | AB13: 0 | AC13: 墨脱县农业农村局 | AD13: =VLOOKUP(E:E,'附件5-1'!D:P,8,FALSE) -> 荷扎村股份经济合作社 | AG13: =D13 -> 2013 | AH13: =A13 -> 540423201317003
A14: =540423&D14&VLOOKUP(P14,{"青稞","01";"小麦","02";"饲料","03";"牦牛","04";"乳","05";"羊","06";"猪","07";"鸡","08";"蜂","09";"鱼虾","10";"藏药","11";"茶","12";"葡萄","13";"苹果","14";"猕猴桃","15";"设施农业","16";"乡村旅游","17";"商贸流通","18";"其他","19"},2,FALSE)&TEXT(COUNTIF($P$5:P14,P14),"000") -> 540423201317004 | B14: 林芝 | C14: 墨脱 | D14: {=INDEX(附件2!$D:$D,MATCH(E14,附件2!$E:$E,0))} -> 2013 | E14: 墨脱镇玛迪村农家乐项目（第三批） | F14: 墨脱镇 | G14: 玛迪村 | H14: 新建农家乐100平方米、购买家具和其他附属设施 | I14: =J14+K14 -> 40 | J14: =VLOOKUP(E14,附件2!$E$9:$I$410,5,0)/10000 -> 35 | K14: =VLOOKUP(E14,附件2!E:AF,28,0)/10000 -> 5 | L14: =M14+N14 -> 35 | M14: =VLOOKUP(E14,附件2!$E:$BE,30,0)/10000 -> 35 | N14: =VLOOKUP(E14,附件2!$E:$BE,53,0)/10000 -> 0 | O14: 经营类 | P14: 乡村旅游 | Q14: 巩固 | R14: 升级 | AA14: 2022年度分红总额64913.00元。2023年度分红总额45870.00元。2025年度分红总额29700.00元，村集体经济总额70%用于分红覆盖139人。 | AB14: 0 | AC14: 墨脱县农业农村局 | AD14: =VLOOKUP(E:E,'附件5-1'!D:P,8,FALSE) -> 玛迪村股份经济合作社 | AG14: =D14 -> 2013 | AH14: =A14 -> 540423201317004
A15: =540423&D15&VLOOKUP(P15,{"青稞","01";"小麦","02";"饲料","03";"牦牛","04";"乳","05";"羊","06";"猪","07";"鸡","08";"蜂","09";"鱼虾","10";"藏药","11";"茶","12";"葡萄","13";"苹果","14";"猕猴桃","15";"设施农业","16";"乡村旅游","17";"商贸流通","18";"其他","19"},2,FALSE)&TEXT(COUNTIF($P$5:P15,P15),"000") -> 540423201316003 | B15: 林芝 | C15: 墨脱 | D15: {=INDEX(附件2!$D:$D,MATCH(E15,附件2!$E:$E,0))} -> 2013 | E15: 达木乡达木村小杂粮种植项目（整乡推进） | F15: 甘登乡 | G15: 达木村 | H15: 将现有的200亩玉米耕地改造成小杂粮种植基地，其中鸡爪谷100亩，红米100亩 | I15: =J15+K15 -> 40 | J15: =VLOOKUP(E15,附件2!$E$9:$I$410,5,0)/10000 -> 35 | K15: =VLOOKUP(E15,附件2!E:AF,28,0)/10000 -> 5 | L15: =M15+N15 -> 40 | M15: =VLOOKUP(E15,附件2!$E:$BE,30,0)/10000 -> 35 | N15: =VLOOKUP(E15,附件2!$E:$BE,53,0)/10000 -> 5 | O15: 经营类 | P15: 设施农业 | Q15: 巩固 | R15: 调整 | S15: - | T15: - | U15: - | V15: - | W15: - | X15: - | Y15: - | Z15: - | AA15: - | AB15: - | AC15: - | AD15: =VLOOKUP(E:E,'附件5-1'!D:P,8,FALSE) -> 达木村股份经济合作社 | AE15: 上三乡搬迁调整项目（整村搬迁） | AG15: =D15 -> 2013 | AH15: =A15 -> 540423201316003
A16: =540423&D16&VLOOKUP(P16,{"青稞","01";"小麦","02";"饲料","03";"牦牛","04";"乳","05";"羊","06";"猪","07";"鸡","08";"蜂","09";"鱼虾","10";"藏药","11";"茶","12";"葡萄","13";"苹果","14";"猕猴桃","15";"设施农业","16";"乡村旅游","17";"商贸流通","18";"其他","19"},2,FALSE)&TEXT(COUNTIF($P$5:P16,P16),"000") -> 540423201317005 | B16: 林芝 | C16: 墨脱 | D16: {=INDEX(附件2!$D:$D,MATCH(E16,附件2!$E:$E,0))} -> 2013 | E16: 达木乡卡布村农家乐建设项目（整乡推进） | F16: 达木乡 | G16: 卡布村 | H16: 新建农家屋200平方米、购置彰显珞巴民族特色的家具所需家具、床及桌椅各购置80张及其他配套设施 | I16: =J16+K16 -> 55 | J16: =VLOOKUP(E16,附件2!$E$9:$I$410,5,0)/10000 -> 50 | K16: =VLOOKUP(E16,附件2!E:AF,28,0)/10000 -> 5 | L16: =M16+N16 -> 55 | M16: =VLOOKUP(E16,附件2!$E:$BE,30,0)/10000 -> 50 | N16: =VLOOKUP(E16,附件2!$E:$BE,53,0)/10000 -> 5 | O16: 经营类 | P16: 乡村旅游 | Q16: 巩固 | R16: 巩固 | S16: 是 | T16: 委托运营 | U16: 个体工商户 | V16: 张兵 | W16: 是 | X16: 2025.05 | Y16: 2年 | Z16: 租赁内容：墨脱县达木珞巴民乡卡布村，建筑面积400平方米房屋。 租赁用途：用于经营农家乐。 | AA16: 有情况说明。有现场照片。 达木乡卡布村暂未分红，租金收益等均在村集体账上。 | AB16: 0 | AC16: 墨脱县农业农村局 | AD16: =VLOOKUP(E:E,'附件5-1'!D:P,8,FALSE) -> 卡布村股份经济合作社 | AG16: =D16 -> 2013 | AH16: =A16 -> 540423201317005
A17: =540423&D17&VLOOKUP(P17,{"青稞","01";"小麦","02";"饲料","03";"牦牛","04";"乳","05";"羊","06";"猪","07";"鸡","08";"蜂","09";"鱼虾","10";"藏药","11";"茶","12";"葡萄","13";"苹果","14";"猕猴桃","15";"设施农业","16";"乡村旅游","17";"商贸流通","18";"其他","19"},2,FALSE)&TEXT(COUNTIF($P$5:P17,P17),"000") -> 540423201417006 | B17: 林芝 | C17: 墨脱 | D17: {=INDEX(附件2!$D:$D,MATCH(E17,附件2!$E:$E,0))} -> 2014 | E17: 墨脱镇仁青崩自然村农家乐项目 | F17: 墨脱镇 | G17: 墨脱村 | H17: 新建民宿特色仿原始的竹、木结构农家屋200平方米，床、桌椅各购置80张及其他配套设施；村寨内开设三条宽为2米的硬化路600米；修建民宿特色的山庄大门 | I17: =J17+K17 -> 50 | J17: =VLOOKUP(E17,附件2!$E$9:$I$410,5,0)/10000 -> 45 | K17: =VLOOKUP(E17,附件2!E:AF,28,0)/10000 -> 5 | L17: =M17+N17 -> 45 | M17: =VLOOKUP(E17,附件2!$E:$BE,30,0)/10000 -> 45 | N17: =VLOOKUP(E17,附件2!$E:$BE,53,0)/10000 -> 0 | O17: 经营类 | P17: 乡村旅游 | Q17: 巩固 | R17: 调整 | S17: 否 | T17: - | U17: - | V17: - | W17: - | X17: - | Y17: - | Z17: - | AA17: - | AB17: 0 | AC17: 墨脱县农业农村局 | AD17: =VLOOKUP(E:E,'附件5-1'!D:P,8,FALSE) -> 墨脱村股份经济合作社 | AG17: =D17 -> 2014 | AH17: =A17 -> 540423201417006
A18: =540423&D18&VLOOKUP(P18,{"青稞","01";"小麦","02";"饲料","03";"牦牛","04";"乳","05";"羊","06";"猪","07";"鸡","08";"蜂","09";"鱼虾","10";"藏药","11";"茶","12";"葡萄","13";"苹果","14";"猕猴桃","15";"设施农业","16";"乡村旅游","17";"商贸流通","18";"其他","19"},2,FALSE)&TEXT(COUNTIF($P$5:P18,P18),"000") -> 540423201417007 | B18: 林芝 | C18: 墨脱 | D18: {=INDEX(附件2!$D:$D,MATCH(E18,附件2!$E:$E,0))} -> 2014 | E18: 格当乡格当村农家乐项目 | F18: 格当乡 | G18: 格当村 | H18: 新建农家乐200平方米，藏式床、藏式桌椅各购置80张及其他配套设施 | I18: =J18+K18 -> 50 | J18: =VLOOKUP(E18,附件2!$E$9:$I$410,5,0)/10000 -> 45 | K18: =VLOOKUP(E18,附件2!E:AF,28,0)/10000 -> 5 | L18: =M18+N18 -> 50 | M18: =VLOOKUP(E18,附件2!$E:$BE,30,0)/10000 -> 45 | N18: =VLOOKUP(E18,附件2!$E:$BE,53,0)/10000 -> 5 | O18: 经营类 | P18: 乡村旅游 | Q18: 巩固 | R18: 盘活 | S18: 否 | T18: - | U18: - | V18: - | W18: - | X18: - | Y18: - | Z18: - | AA18: - | AB18: 0 | AC18: 墨脱县农业农村局 | AD18: =VLOOKUP(E:E,'附件5-1'!D:P,8,FALSE) -> 格当村股份经济合作社 | AE18: 拟申报2027年乡村产业帮扶资金，用于农家乐提质升级，项目改造完成后将继续对外出租经营 | AG18: =D18 -> 2014 | AH18: =A18 -> 540423201417007
A19: =540423&D19&VLOOKUP(P19,{"青稞","01";"小麦","02";"饲料","03";"牦牛","04";"乳","05";"羊","06";"猪","07";"鸡","08";"蜂","09";"鱼虾","10";"藏药","11";"茶","12";"葡萄","13";"苹果","14";"猕猴桃","15";"设施农业","16";"乡村旅游","17";"商贸流通","18";"其他","19"},2,FALSE)&TEXT(COUNTIF($P$5:P19,P19),"000") -> 540423201417008 | B19: 林芝 | C19: 墨脱 | D19: {=INDEX(附件2!$D:$D,MATCH(E19,附件2!$E:$E,0))} -> 2014 | E19: 达木乡珠村珞巴民俗农家乐项目 | F19: 达木乡 | G19: 珠村 | H19: 新建农家屋200平方米，购置彰显珞巴民俗农家乐特色的农家屋所需家具床及桌椅共计80张及其他配套设施 | I19: =J19+K19 -> 50 | J19: =VLOOKUP(E19,附件2!$E$9:$I$410,5,0)/10000 -> 45 | K19: =VLOOKUP(E19,附件2!E:AF,28,0)/10000 -> 5 | L19: =M19+N19 -> 49.99975 | M19: =VLOOKUP(E19,附件2!$E:$BE,30,0)/10000 -> 45 | N19: =VLOOKUP(E19,附件2!$E:$BE,53,0)/10000 -> 4.99975 | O19: 经营类 | P19: 乡村旅游 | Q19: 巩固 | R19: 调整 | S19: 是 | T19: 委托运营 | U19: 个体工商户 | V19: 张正军 | W19: 是 | X19: 2025.08 | Y19: 6年 | Z19: 租赁内容：农家乐与新村蔬菜大棚一起配套出租。 租赁用途：老村农家乐用于居住和堆放物品。 | AA19: 有情况说明。有现场盘点照片。 珠村暂未分红，租金收益统一留存村集体账户。 | AB19: 0 | AC19: 墨脱县农业农村局 | AD19: =VLOOKUP(E:E,'附件5-1'!D:P,8,FALSE) -> 珠村股份经济合作社 | AE19: 上三乡搬迁调整项目（整村搬迁） | AG19: =D19 -> 2014 | AH19: =A19 -> 540423201417008
A20: =540423&D20&VLOOKUP(P20,{"青稞","01";"小麦","02";"饲料","03";"牦牛","04";"乳","05";"羊","06";"猪","07";"鸡","08";"蜂","09";"鱼虾","10";"藏药","11";"茶","12";"葡萄","13";"苹果","14";"猕猴桃","15";"设施农业","16";"乡村旅游","17";"商贸流通","18";"其他","19"},2,FALSE)&TEXT(COUNTIF($P$5:P20,P20),"000") -> 540423201413001 | B20: 林芝 | C20: 墨脱 | D20: {=INDEX(附件2!$D:$D,MATCH(E20,附件2!$E:$E,0))} -> 2014 | E20: 帮兴乡帮辛村果园建设项目 | F20: 帮辛乡 | G20: 帮辛村 | H20: 新建枇杷种植 每亩148株共15亩，葡萄种植 每亩40棵共15亩 | I20: =J20+K20 -> 27 | J20: =VLOOKUP(E20,附件2!$E$9:$I$410,5,0)/10000 -> 23 | K20: =VLOOKUP(E20,附件2!E:AF,28,0)/10000 -> 4 | L20: =M20+N20 -> 27 | M20: =VLOOKUP(E20,附件2!$E:$BE,30,0)/10000 -> 23 | N20: =VLOOKUP(E20,附件2!$E:$BE,53,0)/10000 -> 4 | O20: 经营类 | P20: 葡萄 | Q20: 调整 | R20: 调整 | S20: 否 | T20: - | U20: - | V20: - | W20: - | X20: - | Y20: - | Z20: - | AA20: - | AB20: 0 | AC20: 墨脱县农业农村局 | AD20: =VLOOKUP(E:E,'附件5-1'!D:P,8,FALSE) -> 帮辛村股份经济合作社 | AE20: 上三乡搬迁调整项目 | AG20: =D20 -> 2014 | AH20: =A20 -> 540423201413001
A21: =540423&D21&VLOOKUP(P21,{"青稞","01";"小麦","02";"饲料","03";"牦牛","04";"乳","05";"羊","06";"猪","07";"鸡","08";"蜂","09";"鱼虾","10";"藏药","11";"茶","12";"葡萄","13";"苹果","14";"猕猴桃","15";"设施农业","16";"乡村旅游","17";"商贸流通","18";"其他","19"},2,FALSE)&TEXT(COUNTIF($P$5:P21,P21),"000") -> 540423201406001 | B21: 林芝 | C21: 墨脱 | D21: {=INDEX(附件2!$D:$D,MATCH(E21,附件2!$E:$E,0))} -> 2014 | E21: 德兴乡易贡白村山羊养殖项目 | F21: 德兴乡 | G21: 易贡白村 | H21: 新建100平方米羊圈，购买山羊70头 | I21: =J21+K21 -> 40 | J21: =VLOOKUP(E21,附件2!$E$9:$I$410,5,0)/10000 -> 38 | K21: =VLOOKUP(E21,附件2!E:AF,28,0)/10000 -> 2 | L21: =M21+N21 -> 40 | M21: =VLOOKUP(E21,附件2!$E:$BE,30,0)/10000 -> 38 | N21: =VLOOKUP(E21,附件2!$E:$BE,53,0)/10000 -> 2 | O21: 经营类 | P21: 羊 | Q21: 调整 | R21: 调整 | S21: 是 | T21: 委托运营 | U21: 私企 | V21: 西藏圣华耀安酒店管理有限公司 | W21: 是 | X21: 2025.04 | Y21: 10年 | Z21: 租赁内容：易贡白村养羊基地 租赁用途：采用出租的方式将其名下养羊基地及其附属建筑、措登湖流转给乙方用于承包经营，乙方可在养羊基地羊圈上进行改造升级，用于运营。 | AB21: 0 | AC21: 墨脱县农业农村局 | AD21: =VLOOKUP(E:E,'附件5-1'!D:P,8,FALSE) -> 易贡白村股份经济合作社 | AG21: =D21 -> 2014 | AH21: =A21 -> 540423201406001
A22: =540423&D22&VLOOKUP(P22,{"青稞","01";"小麦","02";"饲料","03";"牦牛","04";"乳","05";"羊","06";"猪","07";"鸡","08";"蜂","09";"鱼虾","10";"藏药","11";"茶","12";"葡萄","13";"苹果","14";"猕猴桃","15";"设施农业","16";"乡村旅游","17";"商贸流通","18";"其他","19"},2,FALSE)&TEXT(COUNTIF($P$5:P22,P22),"000") -> 540423201417009 | B22: 林芝 | C22: 墨脱 | D22: {=INDEX(附件2!$D:$D,MATCH(E22,附件2!$E:$E,0))} -> 2014 | E22: 墨脱镇巴日村农家乐项目 | F22: 墨脱镇 | G22: 巴日村 | H22: 新建农家乐200平方米，藏式床、藏式桌椅各购置80张及其他配套设施 | I22: =J22+K22 -> 50 | J22: =VLOOKUP(E22,附件2!$E$9:$I$410,5,0)/10000 -> 45 | K22: =VLOOKUP(E22,附件2!E:AF,28,0)/10000 -> 5 | L22: =M22+N22 -> 50 | M22: =VLOOKUP(E22,附件2!$E:$BE,30,0)/10000 -> 45 | N22: =VLOOKUP(E22,附件2!$E:$BE,53,0)/10000 -> 5 | O22: 经营类 | P22: 乡村旅游 | Q22: 巩固 | R22: 升级 | S22: 是 | T22: 委托运营 | U22: 私企 | V22: 墨脱县门珞秘境旅游开发有限公司 | W22: 是 | X22: 2021.11 | Y22: 10年 | Z22: 租赁内容：巴日村农家乐； 租赁用途：有权对农家乐进行改造升级，用于运营。 | AA22: 有现场照片。 墨脱镇巴日村分红情况： 该项目2022年分红总计10200元，其中2022年租金分红总额9300元，覆盖23户93人，慰问老人、建档立卡及生活困难村民共计900元，均于2022年1月29日发放。 | AB22: 0 | AC22: 墨脱县农业农村局 | AD22: =VLOOKUP(E:E,'附件5-1'!D:P,8,FALSE) -> 巴日村股份经济合作社 | AG22: =D22 -> 2014 | AH22: =A22 -> 540423201417009
A23: =540423&D23&VLOOKUP(P23,{"青稞","01";"小麦","02";"饲料","03";"牦牛","04";"乳","05";"羊","06";"猪","07";"鸡","08";"蜂","09";"鱼虾","10";"藏药","11";"茶","12";"葡萄","13";"苹果","14";"猕猴桃","15";"设施农业","16";"乡村旅游","17";"商贸流通","18";"其他","19"},2,FALSE)&TEXT(COUNTIF($P$5:P23,P23),"000") -> 540423201407001 | B23: 林芝 | C23: 墨脱 | D23: {=INDEX(附件2!$D:$D,MATCH(E23,附件2!$E:$E,0))} -> 2014 | E23: 墨脱县帮辛乡帮辛村养猪项目 | F23: 帮辛乡 | G23: 帮辛村 | H23: 新修猪圈10个，每座15平米，购买10头母猪、6头种猪、30头仔猪 | I23: =J23+K23 -> 43 | J23: =VLOOKUP(E23,附件2!$E$9:$I$410,5,0)/10000 -> 41 | K23: =VLOOKUP(E23,附件2!E:AF,28,0)/10000 -> 2 | L23: =M23+N23 -> 39.975 | M23: =VLOOKUP(E23,附件2!$E:$BE,30,0)/10000 -> 39.975 | N23: =VLOOKUP(E23,附件2!$E:$BE,53,0)/10000 -> 0 | O23: 经营类 | P23: 猪 | Q23: 巩固 | R23: 调整 | S23: 否 | T23: - | U23: - | V23: - | W23: - | X23: - | Y23: - | Z23: - | AA23: - | AB23: 0 | AC23: 墨脱县农业农村局 | AD23: =VLOOKUP(E:E,'附件5-1'!D:P,8,FALSE) -> 帮辛村股份经济合作社 | AE23: 上三乡搬迁调整项目 | AG23: =D23 -> 2014 | AH23: =A23 -> 540423201407001
A24: =540423&D24&VLOOKUP(P24,{"青稞","01";"小麦","02";"饲料","03";"牦牛","04";"乳","05";"羊","06";"猪","07";"鸡","08";"蜂","09";"鱼虾","10";"藏药","11";"茶","12";"葡萄","13";"苹果","14";"猕猴桃","15";"设施农业","16";"乡村旅游","17";"商贸流通","18";"其他","19"},2,FALSE)&TEXT(COUNTIF($P$5:P24,P24),"000") -> 540423201419005 | B24: 林芝 | C24: 墨脱 | D24: {=INDEX(附件2!$D:$D,MATCH(E24,附件2!$E:$E,0))} -> 2014 | E24: 墨脱镇墨脱村扶贫洗车场建设项目 | F24: 墨脱镇 | G24: 墨脱村 | H24: 购置单级单吸卧式离心泵一台；控制箱两台；电缆(25x1)100米;洗车设备一套:搭建占地面积20平方米的简易木板房;新修占地面积40平方米的洗车场地(水泥地面) | I24: =J24+K24 -> 27 | J24: =VLOOKUP(E24,附件2!$E$9:$I$410,5,0)/10000 -> 25 | K24: =VLOOKUP(E24,附件2!E:AF,28,0)/10000 -> 2 | L24: =M24+N24 -> 25 | M24: =VLOOKUP(E24,附件2!$E:$BE,30,0)/10000 -> 25 | N24: =VLOOKUP(E24,附件2!$E:$BE,53,0)/10000 -> 0 | O24: 经营类 | P24: 其他 | Q24: 巩固 | R24: 调整 | S24: 否 | T24: - | U24: - | V24: - | W24: - | X24: - | Y24: - | Z24: - | AA24: - | AB24: 0 | AC24: 墨脱县农业农村局 | AD24: =VLOOKUP(E:E,'附件5-1'!D:P,8,FALSE) -> 墨脱村股份经济合作社 | AG24: =D24 -> 2014 | AH24: =A24 -> 540423201419005
A25: =540423&D25&VLOOKUP(P25,{"青稞","01";"小麦","02";"饲料","03";"牦牛","04";"乳","05";"羊","06";"猪","07";"鸡","08";"蜂","09";"鱼虾","10";"藏药","11";"茶","12";"葡萄","13";"苹果","14";"猕猴桃","15";"设施农业","16";"乡村旅游","17";"商贸流通","18";"其他","19"},2,FALSE)&TEXT(COUNTIF($P$5:P25,P25),"000") -> 540423201419006 | B25: 林芝 | C25: 墨脱 | D25: {=INDEX(附件2!$D:$D,MATCH(E25,附件2!$E:$E,0))} -> 2014 | E25: 墨脱镇玛迪村、米日村，背崩乡巴登村野花椒种植项目 | F25: 墨脱镇、背崩乡 | G25: 玛迪村 米日村 巴登村 | H25: 玛迪村种植花椒20亩、米日村种植花椒20亩，巴登村种植花椒42亩 | I25: =J25+K25 -> 47 | J25: =VLOOKUP(E25,附件2!$E$9:$I$410,5,0)/10000 -> 45 | K25: =VLOOKUP(E25,附件2!E:AF,28,0)/10000 -> 2 | L25: =M25+N25 -> 45 | M25: =VLOOKUP(E25,附件2!$E:$BE,30,0)/10000 -> 45 | N25: =VLOOKUP(E25,附件2!$E:$BE,53,0)/10000 -> 0 | O25: 经营类 | P25: 其他 | Q25: 巩固 | R25: 调整 | S25: 否 | T25: - | U25: - | V25: - | W25: - | X25: - | Y25: - | Z25: - | AA25: - | AB25: 0 | AC25: 墨脱县农业农村局 | AD25: =VLOOKUP(E:E,'附件5-1'!D:P,8,FALSE) -> 玛迪村股份经济合作社 米日村股份经济合作社 巴登村股份经济合作社 | AE25: 上三乡搬迁调整项目（整村搬迁） | AG25: =D25 -> 2014 | AH25: =A25 -> 540423201419006
A26: =540423&D26&VLOOKUP(P26,{"青稞","01";"小麦","02";"饲料","03";"牦牛","04";"乳","05";"羊","06";"猪","07";"鸡","08";"蜂","09";"鱼虾","10";"藏药","11";"茶","12";"葡萄","13";"苹果","14";"猕猴桃","15";"设施农业","16";"乡村旅游","17";"商贸流通","18";"其他","19"},2,FALSE)&TEXT(COUNTIF($P$5:P26,P26),"000") -> 540423201419007 | B26: 林芝 | C26: 墨脱 | D26: {=INDEX(附件2!$D:$D,MATCH(E26,附件2!$E:$E,0))} -> 2014 | E26: 背崩乡格林村梨子种植项目 | F26: 甘登乡 | G26: 格林村 | H26: 种植梨子30亩，购买梨子苗1200株，铁丝网围栏1500米 | I26: =J26+K26 -> 12 | J26: =VLOOKUP(E26,附件2!$E$9:$I$410,5,0)/10000 -> 10 | K26: =VLOOKUP(E26,附件2!E:AF,28,0)/10000 -> 2 | L26: =M26+N26 -> 10 | M26: =VLOOKUP(E26,附件2!$E:$BE,30,0)/10000 -> 10 | N26: =VLOOKUP(E26,附件2!$E:$BE,53,0)/10000 -> 0 | O26: 经营类 | P26: 其他 | Q26: 巩固 | R26: 调整 | S26: 否 | T26: - | U26: - | V26: - | W26: - | X26: - | Y26: - | Z26: - | AA26: - | AB26: 0 | AC26: 墨脱县农业农村局 | AD26: =VLOOKUP(E:E,'附件5-1'!D:P,8,FALSE) -> 格林村股份经济合作社 | AG26: =D26 -> 2014 | AH26: =A26 -> 540423201419007
A27: =540423&D27&VLOOKUP(P27,{"青稞","01";"小麦","02";"饲料","03";"牦牛","04";"乳","05";"羊","06";"猪","07";"鸡","08";"蜂","09";"鱼虾","10";"藏药","11";"茶","12";"葡萄","13";"苹果","14";"猕猴桃","15";"设施农业","16";"乡村旅游","17";"商贸流通","18";"其他","19"},2,FALSE)&TEXT(COUNTIF($P$5:P27,P27),"000") -> 540423201417010 | B27: 林芝 | C27: 墨脱 | D27: {=INDEX(附件2!$D:$D,MATCH(E27,附件2!$E:$E,0))} -> 2014 | E27: 墨脱县低收入户农家乐建设项目 | F27: 德兴乡、甘登乡、背崩乡、达木乡、墨脱镇、格当乡 | G27: 德兴乡文朗村 甘登乡巴登则村 甘登乡那尔东村 背崩乡背崩村 墨脱镇亚东村 达木乡80K波弄贡村 格当乡布龙村 | H27: 新建7栋农家房屋，每栋占地面积200平米。 | I27: =J27+K27 -> 357 | J27: =VLOOKUP(E27,附件2!$E$9:$I$410,5,0)/10000 -> 300 | K27: =VLOOKUP(E27,附件2!E:AF,28,0)/10000 -> 57 | L27: =M27+N27 -> 322.5005 | M27: =VLOOKUP(E27,附件2!$E:$BE,30,0)/10000 -> 300 | N27: =VLOOKUP(E27,附件2!$E:$BE,53,0)/10000 -> 22.5005 | O27: 经营类 | P27: 乡村旅游 | Q27: 巩固 | R27: 巩固 | AB27: 0 | AC27: 墨脱县农业农村局 | AD27: =VLOOKUP(E:E,'附件5-1'!D:P,8,FALSE) -> 背崩村股份经济合作社 亚东村股份经济合作社 那尔东村股份经济合作社 巴登则村股份经济合作社 文郎村股份经济合作社 布龙村股份经济合作社 贡日村股份经济合作社 | AE27: 背崩村（调整） 亚东村（盘活） 那尔东村（调整） 巴登则（调整） 文郎村（巩固） 布龙村（巩固） 贡日村（巩固） | AG27: =D27 -> 2014 | AH27: =A27 -> 540423201417010
A28: =540423&D28&VLOOKUP(P28,{"青稞","01";"小麦","02";"饲料","03";"牦牛","04";"乳","05";"羊","06";"猪","07";"鸡","08";"蜂","09";"鱼虾","10";"藏药","11";"茶","12";"葡萄","13";"苹果","14";"猕猴桃","15";"设施农业","16";"乡村旅游","17";"商贸流通","18";"其他","19"},2,FALSE)&TEXT(COUNTIF($P$5:P28,P28),"000") -> 540423201518001 | B28: 林芝 | C28: 墨脱 | D28: {=INDEX(附件2!$D:$D,MATCH(E28,附件2!$E:$E,0))} -> 2015 | E28: 墨脱县2015年扶贫农家乐项目 | F28: 墨脱县城乡振兴产业有限公司 | G28: 亚东村 | H28: 新建五层框架剪力墙结构农家屋，一层分设服务台、餐厅、厨房和土特产营销中心、休闲区等；二、三、四层为客房，五层为茶园大厅及包间；附属设施包括停车场、围墙 | I28: =J28+K28 -> 1499.84 | J28: =VLOOKUP(E28,附件2!$E$9:$I$410,5,0)/10000 -> 1000 | K28: =VLOOKUP(E28,附件2!E:AF,28,0)/10000 -> 499.84 | L28: =M28+N28 -> 1442.0159 | M28: =VLOOKUP(E28,附件2!$E:$BE,30,0)/10000 -> 1000 | N28: =VLOOKUP(E28,附件2!$E:$BE,53,0)/10000 -> 442.01587 | O28: 经营类 | P28: 商贸流通 | Q28: 巩固 | R28: 巩固 | S28: 是 | T28: 委托运营 | U28: 私企 | V28: 西藏圣华耀安酒店管理有限公司 | W28: 是 | X28: 2023.07 | Y28: 20年 | Z28: 租赁内容：坐落于墨脱县城水仙花路(格拉丹东酒店斜对面)，五层框架剪力墙结构楼房，一层分设服务台、餐厅、厨房和土特产营销中心、休闲区等，二、三、四层为客房，共33间，五层为茶园大厅及包间;附属设施包括停车场、围墙、大门等，建筑面积2980.04平方米。 | AB28: 0 | AC28: 墨脱县农业农村局 | AD28: =VLOOKUP(E:E,'附件5-1'!D:P,8,FALSE) -> 墨脱县城乡振兴产业有限公司 | AG28: =D28 -> 2015 | AH28: =A28 -> 540423201518001
A29: =540423&D29&VLOOKUP(P29,{"青稞","01";"小麦","02";"饲料","03";"牦牛","04";"乳","05";"羊","06";"猪","07";"鸡","08";"蜂","09";"鱼虾","10";"藏药","11";"茶","12";"葡萄","13";"苹果","14";"猕猴桃","15";"设施农业","16";"乡村旅游","17";"商贸流通","18";"其他","19"},2,FALSE)&TEXT(COUNTIF($P$5:P29,P29),"000") -> 540423201516004 | B29: 林芝 | C29: 墨脱 | D29: {=INDEX(附件2!$D:$D,MATCH(E29,附件2!$E:$E,0))} -> 2015 | E29: 墨脱县墨脱镇玛迪村17座蔬菜大棚建设项目 | F29: 墨脱镇 | G29: 玛迪村 | H29: 全钢架拱棚结构大棚17座、PE100管给水管1798米、现浇砼取水口1座、钢筋砼蓄水池30立方米。 | I29: =J29+K29 -> 285 | J29: =VLOOKUP(E29,附件2!$E$9:$I$410,5,0)/10000 -> 190 | K29: =VLOOKUP(E29,附件2!E:AF,28,0)/10000 -> 95 | L29: =M29+N29 -> 285 | M29: =VLOOKUP(E29,附件2!$E:$BE,30,0)/10000 -> 190 | N29: =VLOOKUP(E29,附件2!$E:$BE,53,0)/10000 -> 95 | O29: 经营类 | P29: 设施农业 | Q29: 巩固 | R29: 巩固 | S29: 是 | T29: 委托运营 | U29: 私企 | V29: 四川省中农国优品农业科技有限责任公司 | W29: 是 | X29: 2024.1 | Y29: 10年 | Z29: 租赁用途：住宿、餐饮、休闲娱乐、棋牌等。 | AA29: 有现场照片。 1、墨脱镇玛迪村分红情况： 2022年度分红总额64913.00元。2023年度分红总额45870.00元。2025年度分红总额29700.00元，村集体经济总额70%用于分红覆盖139人。（分红资料被三资审计带走了） | AB29: 0 | AC29: 墨脱县农业农村局 | AD29: =VLOOKUP(E:E,'附件5-1'!D:P,8,FALSE) -> 玛迪村股份经济合作社 | AG29: =D29 -> 2015 | AH29: =A29 -> 540423201516004
A30: =540423&D30&VLOOKUP(P30,{"青稞","01";"小麦","02";"饲料","03";"牦牛","04";"乳","05";"羊","06";"猪","07";"鸡","08";"蜂","09";"鱼虾","10";"藏药","11";"茶","12";"葡萄","13";"苹果","14";"猕猴桃","15";"设施农业","16";"乡村旅游","17";"商贸流通","18";"其他","19"},2,FALSE)&TEXT(COUNTIF($P$5:P30,P30),"000") -> 540423201517011 | B30: 林芝 | C30: 墨脱 | D30: {=INDEX(附件2!$D:$D,MATCH(E30,附件2!$E:$E,0))} -> 2015 | E30: 墨脱镇亚让村农家乐建设项目 | F30: 墨脱镇 | G30: 亚让村 | H30: 新站2座砖混结构，每座古地面积200平方米(分别为:40m餐厅、20m住宿房五间、10m洗手间、30m伙房、20㎡库房），每座农家乐配套2个凉亭 | I30: =J30+K30 -> 220 | J30: =VLOOKUP(E30,附件2!$E$9:$I$410,5,0)/10000 -> 210 | K30: =VLOOKUP(E30,附件2!E:AF,28,0)/10000 -> 10 | L30: =M30+N30 -> 202.82861 | M30: =VLOOKUP(E30,附件2!$E:$BE,30,0)/10000 -> 202.82861 | N30: =VLOOKUP(E30,附件2!$E:$BE,53,0)/10000 -> 0 | O30: 经营类 | P30: 乡村旅游 | Q30: 巩固 | R30: 巩固 | S30: 是 | T30: 委托运营 | U30: 个体工商户 | V30: 唐杰明152302198510120038 | W30: 是 | X30: 2025.01 | Y30: 15年 | Z30: 租赁内容：位于亚让村村集体农家乐及周边院落区域及屋内相应的经营的设备设施； 租赁用途：该农家乐开展经营活动。 | AA30: 有现场照片，有情况说明。 墨脱镇亚让村分红情况：2025年度分红总额27.5万元，每户每人1100元。 | AB30: 0 | AC30: 墨脱县农业农村局 | AD30: =VLOOKUP(E:E,'附件5-1'!D:P,8,FALSE) -> 亚让村股份经济合作社 | AG30: =D30 -> 2015 | AH30: =A30 -> 540423201517011
A31: =540423&D31&VLOOKUP(P31,{"青稞","01";"小麦","02";"饲料","03";"牦牛","04";"乳","05";"羊","06";"猪","07";"鸡","08";"蜂","09";"鱼虾","10";"藏药","11";"茶","12";"葡萄","13";"苹果","14";"猕猴桃","15";"设施农业","16";"乡村旅游","17";"商贸流通","18";"其他","19"},2,FALSE)&TEXT(COUNTIF($P$5:P31,P31),"000") -> 540423201519008 | B31: 林芝 | C31: 墨脱 | D31: {=INDEX(附件2!$D:$D,MATCH(E31,附件2!$E:$E,0))} -> 2015 | E31: 帮辛乡肯肯村石锅加工厂项目 | F31: 帮辛乡 | G31: 肯肯村 | H31: 为项目区30户每户购买1台手持石头切割机，共计30台；购买YT17000E 10KW发电机1台；每户购买1台3M7403手持抛光机，共计30台，新建1间30㎡活动板房 | I31: =J31+K31 -> 30 | J31: =VLOOKUP(E31,附件2!$E$9:$I$410,5,0)/10000 -> 30 | K31: =VLOOKUP(E31,附件2!E:AF,28,0)/10000 -> 0 | L31: =M31+N31 -> 30 | M31: =VLOOKUP(E31,附件2!$E:$BE,30,0)/10000 -> 30 | N31: =VLOOKUP(E31,附件2!$E:$BE,53,0)/10000 -> 0 | O31: 经营类 | P31: 其他 | Q31: 巩固 | R31: 调整 | S31: 否 | T31: - | U31: - | V31: - | W31: - | X31: - | Y31: - | Z31: - | AA31: - | AB31: 0 | AC31: 墨脱县农业农村局 | AD31: =VLOOKUP(E:E,'附件5-1'!D:P,8,FALSE) -> 肯肯村股份经济合作社 | AE31: 上三乡搬迁调整项目 | AG31: =D31 -> 2015 | AH31: =A31 -> 540423201519008
A32: =540423&D32&VLOOKUP(P32,{"青稞","01";"小麦","02";"饲料","03";"牦牛","04";"乳","05";"羊","06";"猪","07";"鸡","08";"蜂","09";"鱼虾","10";"藏药","11";"茶","12";"葡萄","13";"苹果","14";"猕猴桃","15";"设施农业","16";"乡村旅游","17";"商贸流通","18";"其他","19"},2,FALSE)&TEXT(COUNTIF($P$5:P32,P32),"000") -> 540423201618002 | B32: 林芝 | C32: 墨脱 | D32: {=INDEX(附件2!$D:$D,MATCH(E32,附件2!$E:$E,0))} -> 2016 | E32: 墨脱县墨脱古街民族特色产品销售点配套项目 | F32: 墨脱镇 | G32: 墨脱村 | H32: 门面装修200平方米及设备采购(采购1台佳能60D、彩色打印机1台、真空过塑封机5台、民族服饰60套)。 | I32: =J32+K32 -> 50.69 | J32: =VLOOKUP(E32,附件2!$E$9:$I$410,5,0)/10000 -> 50.69 | K32: =VLOOKUP(E32,附件2!E:AF,28,0)/10000 -> 0 | L32: =M32+N32 -> 50.69 | M32: =VLOOKUP(E32,附件2!$E:$BE,30,0)/10000 -> 50.69 | N32: =VLOOKUP(E32,附件2!$E:$BE,53,0)/10000 -> 0 | O32: 经营类 | P32: 商贸流通 | Q32: 巩固 | R32: 调整 | S32: 否 | T32: - | U32: - | V32: - | W32: - | X32: - | Y32: - | Z32: - | AA32: - | AB32: 0 | AC32: 墨脱县农业农村局 | AD32: =VLOOKUP(E:E,'附件5-1'!D:P,8,FALSE) -> 墨脱村股份经济合作社 | AG32: =D32 -> 2016 | AH32: =A32 -> 540423201618002
A33: =540423&D33&VLOOKUP(P33,{"青稞","01";"小麦","02";"饲料","03";"牦牛","04";"乳","05";"羊","06";"猪","07";"鸡","08";"蜂","09";"鱼虾","10";"藏药","11";"茶","12";"葡萄","13";"苹果","14";"猕猴桃","15";"设施农业","16";"乡村旅游","17";"商贸流通","18";"其他","19"},2,FALSE)&TEXT(COUNTIF($P$5:P33,P33),"000") -> 540423201718003 | B33: 林芝 | C33: 墨脱 | D33: {=INDEX(附件2!$D:$D,MATCH(E33,附件2!$E:$E,0))} -> 2017 | E33: 墨脱县德兴乡德兴村藤网桥农副产品销售点建设项目 | F33: 德兴乡 | G33: 德兴村 | H33: 新建展销厅232.04平方米及附属工程，（硬化工程24.27平方米，围墙工程60.46米及总体电气给排水工程等） | I33: =J33+K33 -> 160.7 | J33: =VLOOKUP(E33,附件2!$E$9:$I$410,5,0)/10000 -> 160.7 | K33: =VLOOKUP(E33,附件2!E:AF,28,0)/10000 -> 0 | L33: =M33+N33 -> 153.6348 | M33: =VLOOKUP(E33,附件2!$E:$BE,30,0)/10000 -> 153.6348 | N33: =VLOOKUP(E33,附件2!$E:$BE,53,0)/10000 -> 0 | O33: 经营类 | P33: 商贸流通 | Q33: 巩固 | R33: 巩固 | S33: 是 | T33: 委托运营 | U33: 个体工商户 | V33: 次仁措姆 | W33: 是 | X33: 2026.01 | Y33: 1年 | Z33: 租赁内容：位于德兴村钢架结构，共2层，建筑面积约为247平方米，院落面积约为60平方米房屋； 租赁用途：仅作为农副产品使用。 | AA33: 有现场照片。 德兴德兴村分红情况： 2026年度分红：两次分红总金额为130万元，覆盖376人，于2026年1月29日发放。 | AB33: 0 | AC33: 墨脱县农业农村局 | AD33: =VLOOKUP(E:E,'附件5-1'!D:P,8,FALSE) -> 德兴村股份经济合作社 | AG33: =D33 -> 2017 | AH33: =A33 -> 540423201718003
A34: =540423&D34&VLOOKUP(P34,{"青稞","01";"小麦","02";"饲料","03";"牦牛","04";"乳","05";"羊","06";"猪","07";"鸡","08";"蜂","09";"鱼虾","10";"藏药","11";"茶","12";"葡萄","13";"苹果","14";"猕猴桃","15";"设施农业","16";"乡村旅游","17";"商贸流通","18";"其他","19"},2,FALSE)&TEXT(COUNTIF($P$5:P34,P34),"000") -> 540423201617012 | B34: 林芝 | C34: 墨脱 | D34: {=INDEX(附件2!$D:$D,MATCH(E34,附件2!$E:$E,0))} -> 2016 | E34: 墨脱县甘登乡甘登村农家乐建设项目 | F34: 甘登乡 | G34: 甘登村 | H34: 新建客房171.72平方米，公厕工程14.08平方米，附属工程（硬化40.60平方米，总体电气给排水工程） | I34: =J34+K34 -> 143.66 | J34: =VLOOKUP(E34,附件2!$E$9:$I$410,5,0)/10000 -> 143.66 | K34: =VLOOKUP(E34,附件2!E:AF,28,0)/10000 -> 0 | L34: =M34+N34 -> 143.66 | M34: =VLOOKUP(E34,附件2!$E:$BE,30,0)/10000 -> 143.66 | N34: =VLOOKUP(E34,附件2!$E:$BE,53,0)/10000 -> 0 | O34: 经营类 | P34: 乡村旅游 | Q34: 巩固 | R34: 调整 | S34: 否 | T34: - | U34: - | V34: - | W34: - | X34: - | Y34: - | Z34: - | AA34: - | AB34: 0 | AC34: 墨脱县农业农村局 | AD34: =VLOOKUP(E:E,'附件5-1'!D:P,8,FALSE) -> 甘登村股份经济合作社 | AE34: 上三乡搬迁调整项目 | AG34: =D34 -> 2016 | AH34: =A34 -> 540423201617012
A35: =540423&D35&VLOOKUP(P35,{"青稞","01";"小麦","02";"饲料","03";"牦牛","04";"乳","05";"羊","06";"猪","07";"鸡","08";"蜂","09";"鱼虾","10";"藏药","11";"茶","12";"葡萄","13";"苹果","14";"猕猴桃","15";"设施农业","16";"乡村旅游","17";"商贸流通","18";"其他","19"},2,FALSE)&TEXT(COUNTIF($P$5:P35,P35),"000") -> 540423201618004 | B35: 林芝 | C35: 墨脱 | D35: {=INDEX(附件2!$D:$D,MATCH(E35,附件2!$E:$E,0))} -> 2016 | E35: 墨脱县德兴乡扶贫超市建设项目 | F35: 德兴乡 | G35: 德兴村 | H35: 新建扶贫超市268.82平方米及附属工程（硬化工程241.74平方米、场地开挖工程968.55立方米、总体电气给排水工程） | I35: =J35+K35 -> 110.86 | J35: =VLOOKUP(E35,附件2!$E$9:$I$410,5,0)/10000 -> 110.86 | K35: =VLOOKUP(E35,附件2!E:AF,28,0)/10000 -> 0 | L35: =M35+N35 -> 105.37544 | M35: =VLOOKUP(E35,附件2!$E:$BE,30,0)/10000 -> 105.37544 | N35: =VLOOKUP(E35,附件2!$E:$BE,53,0)/10000 -> 0 | O35: 经营类 | P35: 商贸流通 | Q35: 巩固 | R35: 巩固 | S35: 是 | T35: 委托运营 | U35: 个体工商户 | V35: 次旺仁措 | W35: 是 | X35: 2026.04 | Y35: 1年 | Z35: 租赁内容：坐落于德兴村，建筑面积280平方米，户型2室1厅1卫房屋； 租赁用途：商业。 | AA35: 有现场照片。 德兴德兴村分红情况： 2026年度分红：两次分红总金额为130万元，覆盖376人，于2026年1月29日发放。 | AB35: 0 | AC35: 墨脱县农业农村局 | AD35: =VLOOKUP(E:E,'附件5-1'!D:P,8,FALSE) -> 德兴村股份经济合作社 | AG35: =D35 -> 2016 | AH35: =A35 -> 540423201618004
A36: =540423&D36&VLOOKUP(P36,{"青稞","01";"小麦","02";"饲料","03";"牦牛","04";"乳","05";"羊","06";"猪","07";"鸡","08";"蜂","09";"鱼虾","10";"藏药","11";"茶","12";"葡萄","13";"苹果","14";"猕猴桃","15";"设施农业","16";"乡村旅游","17";"商贸流通","18";"其他","19"},2,FALSE)&TEXT(COUNTIF($P$5:P36,P36),"000") -> 540423201619009 | B36: 林芝 | C36: 墨脱 | D36: {=INDEX(附件2!$D:$D,MATCH(E36,附件2!$E:$E,0))} -> 2016 | E36: 墨脱县加热萨乡新建砂石厂项目 | F36: 加热萨乡 | G36: 更帮村 | H36: 核定项目建设内容如下:新建机耕道工程1450米，排水沟工程1450米，涵洞1座及设备采购工程(详见实施方案及概算核定表)。 | I36: =J36+K36 -> 105.39 | J36: =VLOOKUP(E36,附件2!$E$9:$I$410,5,0)/10000 -> 105.39 | K36: =VLOOKUP(E36,附件2!E:AF,28,0)/10000 -> 0 | L36: =M36+N36 -> 105.39 | M36: =VLOOKUP(E36,附件2!$E:$BE,30,0)/10000 -> 105.39 | N36: =VLOOKUP(E36,附件2!$E:$BE,53,0)/10000 -> 0 | O36: 经营类 | P36: 其他 | Q36: 巩固 | R36: 调整 | S36: 否 | T36: - | U36: - | V36: - | W36: - | X36: - | Y36: - | Z36: - | AA36: - | AB36: 0 | AC36: 墨脱县农业农村局 | AD36: =VLOOKUP(E:E,'附件5-1'!D:P,8,FALSE) -> 加热萨村股份经济合作社 | AE36: 上三乡搬迁调整项目 | AG36: =D36 -> 2016 | AH36: =A36 -> 540423201619009
A37: =540423&D37&VLOOKUP(P37,{"青稞","01";"小麦","02";"饲料","03";"牦牛","04";"乳","05";"羊","06";"猪","07";"鸡","08";"蜂","09";"鱼虾","10";"藏药","11";"茶","12";"葡萄","13";"苹果","14";"猕猴桃","15";"设施农业","16";"乡村旅游","17";"商贸流通","18";"其他","19"},2,FALSE)&TEXT(COUNTIF($P$5:P37,P37),"000") -> 540423201616005 | B37: 林芝 | C37: 墨脱 | D37: {=INDEX(附件2!$D:$D,MATCH(E37,附件2!$E:$E,0))} -> 2016 | E37: 德兴乡德兴村热带水果采摘体验区建设项目 | F37: 德兴乡 | G37: 德兴村 | H37: 新建住房工程68.57平方米，卫生间工程26.91平方米，景观亭工程4座及附属工程(硬化工程320.77m²、卵石路面工程1011.62m²，围墙工程580.73m、种植工程、人员培训工程及总体电气给排水工程 | I37: =J37+K37 -> 156.24 | J37: =VLOOKUP(E37,附件2!$E$9:$I$410,5,0)/10000 -> 156.24 | K37: =VLOOKUP(E37,附件2!E:AF,28,0)/10000 -> 0 | L37: =M37+N37 -> 142.94 | M37: =VLOOKUP(E37,附件2!$E:$BE,30,0)/10000 -> 142.94 | N37: =VLOOKUP(E37,附件2!$E:$BE,53,0)/10000 -> 0 | O37: 经营类 | P37: 设施农业 | Q37: 巩固 | R37: 巩固 | S37: 是 | T37: 委托运营 | U37: 个体工商户 | V37: 夏六林 | W37: 是 | X37: 2022.01 | Y37: 8年 | Z37: 租赁内容：德兴村耕地18亩。 租赁用途：果树的种植加工、食用菌种植加工、推广及其它农业种植和养殖、旅游开发。 | AA37: 有现场照片。 德兴德兴村分红情况： 2026年度分红：两次分红总金额为130万元，覆盖376人，于2026年1月29日发放。 | AB37: 0 | AC37: 墨脱县农业农村局 | AD37: =VLOOKUP(E:E,'附件5-1'!D:P,8,FALSE) -> 德兴村股份经济合作社 | AG37: =D37 -> 2016 | AH37: =A37 -> 540423201616005
A38: =540423&D38&VLOOKUP(P38,{"青稞","01";"小麦","02";"饲料","03";"牦牛","04";"乳","05";"羊","06";"猪","07";"鸡","08";"蜂","09";"鱼虾","10";"藏药","11";"茶","12";"葡萄","13";"苹果","14";"猕猴桃","15";"设施农业","16";"乡村旅游","17";"商贸流通","18";"其他","19"},2,FALSE)&TEXT(COUNTIF($P$5:P38,P38),"000") -> 540423201616006 | B38: 林芝 | C38: 墨脱 | D38: {=INDEX(附件2!$D:$D,MATCH(E38,附件2!$E:$E,0))} -> 2016 | E38: 墨脱县加热萨乡蔬菜大棚建设项目 | F38: 加热萨乡 | G38: 更帮村、加热萨村 | H38: 新建1号地块温室大棚4座，便道35米，网围栏114.67米;2号地块新建温室大棚3座，便道27.74米，网围栏113米 | I38: =J38+K38 -> 23.82 | J38: =VLOOKUP(E38,附件2!$E$9:$I$410,5,0)/10000 -> 23.82 | K38: =VLOOKUP(E38,附件2!E:AF,28,0)/10000 -> 0 | L38: =M38+N38 -> 23.82 | M38: =VLOOKUP(E38,附件2!$E:$BE,30,0)/10000 -> 23.82 | N38: =VLOOKUP(E38,附件2!$E:$BE,53,0)/10000 -> 0 | O38: 经营类 | P38: 设施农业 | Q38: 巩固 | R38: 调整 | S38: 否 | T38: - | U38: - | V38: - | W38: - | X38: - | Y38: - | Z38: - | AA38: - | AB38: 0 | AC38: 墨脱县农业农村局 | AD38: =VLOOKUP(E:E,'附件5-1'!D:P,8,FALSE) -> 加热萨村股份经济合作社 | AE38: 上三乡搬迁调整项目 | AG38: =D38 -> 2016 | AH38: =A38 -> 540423201616006
A39: =540423&D39&VLOOKUP(P39,{"青稞","01";"小麦","02";"饲料","03";"牦牛","04";"乳","05";"羊","06";"猪","07";"鸡","08";"蜂","09";"鱼虾","10";"藏药","11";"茶","12";"葡萄","13";"苹果","14";"猕猴桃","15";"设施农业","16";"乡村旅游","17";"商贸流通","18";"其他","19"},2,FALSE)&TEXT(COUNTIF($P$5:P39,P39),"000") -> 540423201712001 | B39: 林芝 | C39: 墨脱 | D39: {=INDEX(附件2!$D:$D,MATCH(E39,附件2!$E:$E,0))} -> 2017 | E39: 墨脱县墨脱镇亚东村茶叶苗圃项目 | F39: 墨脱镇 | G39: 亚东村 | H39: 土地整治工程11亩，遮阳棚44个，网围栏工程500米，管道工程1312米，蓄水池1座。 | I39: =J39+K39 -> 127.81 | J39: =VLOOKUP(E39,附件2!$E$9:$I$410,5,0)/10000 -> 127.81 | K39: =VLOOKUP(E39,附件2!E:AF,28,0)/10000 -> 0 | L39: =M39+N39 -> 123.95896 | M39: =VLOOKUP(E39,附件2!$E:$BE,30,0)/10000 -> 123.95896 | N39: =VLOOKUP(E39,附件2!$E:$BE,53,0)/10000 -> 0 | O39: 经营类 | P39: 茶 | Q39: 巩固 | R39: 调整 | S39: 否 | T39: - | U39: - | V39: - | W39: - | X39: - | Y39: - | Z39: - | AA39: - | AB39: 0 | AC39: 墨脱县农业农村局 | AD39: =VLOOKUP(E:E,'附件5-1'!D:P,8,FALSE) -> 亚东村股份经济合作社 | AG39: =D39 -> 2017 | AH39: =A39 -> 540423201712001
A40: =540423&D40&VLOOKUP(P40,{"青稞","01";"小麦","02";"饲料","03";"牦牛","04";"乳","05";"羊","06";"猪","07";"鸡","08";"蜂","09";"鱼虾","10";"藏药","11";"茶","12";"葡萄","13";"苹果","14";"猕猴桃","15";"设施农业","16";"乡村旅游","17";"商贸流通","18";"其他","19"},2,FALSE)&TEXT(COUNTIF($P$5:P40,P40),"000") -> 540423201607002 | B40: 林芝 | C40: 墨脱 | D40: 2016 | E40: 德兴乡荷扎村养猪场道路修建项目 | F40: 德兴乡 | G40: 荷扎村 | H40: 修建1.5米宽道路2000米、购买疫苗。 | I40: =J40+K40 -> 12.56 | J40: =VLOOKUP(E40,附件2!$E$9:$I$410,5,0)/10000 -> 12.56 | K40: =VLOOKUP(E40,附件2!E:AF,28,0)/10000 -> 0 | L40: =M40+N40 -> 12.56 | M40: =VLOOKUP(E40,附件2!$E:$BE,30,0)/10000 -> 12.56 | N40: =VLOOKUP(E40,附件2!$E:$BE,53,0)/10000 -> 0 | O40: 公益类 | P40: 猪 | Q40: 巩固 | R40: - | S40: - | T40: - | U40: - | V40: - | W40: - | X40: - | Y40: - | Z40: - | AA40: - | AB40: - | AC40: - | AD40: =VLOOKUP(E:E,'附件5-1'!D:P,8,FALSE) -> 德兴乡荷扎村股份经济合作社 | AG40: =D40 -> 2016 | AH40: =A40 -> 540423201607002
A41: =540423&D41&VLOOKUP(P41,{"青稞","01";"小麦","02";"饲料","03";"牦牛","04";"乳","05";"羊","06";"猪","07";"鸡","08";"蜂","09";"鱼虾","10";"藏药","11";"茶","12";"葡萄","13";"苹果","14";"猕猴桃","15";"设施农业","16";"乡村旅游","17";"商贸流通","18";"其他","19"},2,FALSE)&TEXT(COUNTIF($P$5:P41,P41),"000") -> 540423201607003 | B41: 林芝 | C41: 墨脱 | D41: {=INDEX(附件2!$D:$D,MATCH(E41,附件2!$E:$E,0))} -> 2016 | E41: 墨脱村生猪养殖项目 | F41: 墨脱镇 | G41: 墨脱村 | H41: 新建猪圈 | I41: =J41+K41 -> 136 | J41: =VLOOKUP(E41,附件2!$E$9:$I$410,5,0)/10000 -> 136 | K41: =VLOOKUP(E41,附件2!E:AF,28,0)/10000 -> 0 | L41: =M41+N41 -> 136 | M41: =VLOOKUP(E41,附件2!$E:$BE,30,0)/10000 -> 136 | N41: =VLOOKUP(E41,附件2!$E:$BE,53,0)/10000 -> 0 | O41: 经营类 | P41: 猪 | Q41: 巩固 | R41: 调整 | S41: 否 | T41: - | U41: - | V41: - | W41: - | X41: - | Y41: - | Z41: - | AA41: - | AB41: 0 | AC41: 墨脱县农业农村局 | AD41: =VLOOKUP(E:E,'附件5-1'!D:P,8,FALSE) -> 墨脱村股份经济合作社 | AG41: =D41 -> 2016 | AH41: =A41 -> 540423201607003
A42: =540423&D42&VLOOKUP(P42,{"青稞","01";"小麦","02";"饲料","03";"牦牛","04";"乳","05";"羊","06";"猪","07";"鸡","08";"蜂","09";"鱼虾","10";"藏药","11";"茶","12";"葡萄","13";"苹果","14";"猕猴桃","15";"设施农业","16";"乡村旅游","17";"商贸流通","18";"其他","19"},2,FALSE)&TEXT(COUNTIF($P$5:P42,P42),"000") -> 540423201719010 | B42: 林芝 | C42: 墨脱 | D42: {=INDEX(附件2!$D:$D,MATCH(E42,附件2!$E:$E,0))} -> 2017 | E42: 背崩乡巴登村竹(藤）编项目 | F42: 背崩乡 | G42: 巴登村 | H42: 新建厂房203.56平方米、公厕26.91平方米，种植竹子50亩及附属工程（硬化工程113平方米，围墙大门工程及总体电气给排水工程等） | I42: =J42+K42 -> 215.4 | J42: =VLOOKUP(E42,附件2!$E$9:$I$410,5,0)/10000 -> 215.4 | K42: =VLOOKUP(E42,附件2!E:AF,28,0)/10000 -> 0 | L42: =M42+N42 -> 192.25164 | M42: =VLOOKUP(E42,附件2!$E:$BE,30,0)/10000 -> 192.25164 | N42: =VLOOKUP(E42,附件2!$E:$BE,53,0)/10000 -> 0 | O42: 经营类 | P42: 其他 | Q42: 巩固 | R42: 调整 | S42: 否 | T42: - | U42: - | V42: - | W42: - | X42: - | Y42: - | Z42: - | AA42: - | AB42: 0 | AC42: 墨脱县农业农村局 | AD42: =VLOOKUP(E:E,'附件5-1'!D:P,8,FALSE) -> 巴登村股份经济合作社 | AE42: 上三乡搬迁调整项目（整村搬迁） | AG42: =D42 -> 2017 | AH42: =A42 -> 540423201719010
A43: =540423&D43&VLOOKUP(P43,{"青稞","01";"小麦","02";"饲料","03";"牦牛","04";"乳","05";"羊","06";"猪","07";"鸡","08";"蜂","09";"鱼虾","10";"藏药","11";"茶","12";"葡萄","13";"苹果","14";"猕猴桃","15";"设施农业","16";"乡村旅游","17";"商贸流通","18";"其他","19"},2,FALSE)&TEXT(COUNTIF($P$5:P43,P43),"000") -> 540423201617013 | B43: 林芝 | C43: 墨脱 | D43: 2016 | E43: 墨脱县墨脱镇亚东村扶贫农家乐附属设施项目 | F43: 墨脱镇 | G43: 亚东村 | H43: 修建围墙256米，挡墙536米，道路硬化280米 | I43: =J43+K43 -> 120 | J43: =VLOOKUP(E43,附件2!$E$9:$I$410,5,0)/10000 -> 120 | K43: =VLOOKUP(E43,附件2!E:AF,28,0)/10000 -> 0 | L43: =M43+N43 -> 120 | M43: =VLOOKUP(E43,附件2!$E:$BE,30,0)/10000 -> 120 | N43: =VLOOKUP(E43,附件2!$E:$BE,53,0)/10000 -> 0 | O43: 公益类 | P43: 乡村旅游 | Q43: 巩固 | R43: - | S43: - | T43: - | U43: - | V43: - | W43: - | X43: - | Y43: - | Z43: - | AA43: - | AB43: - | AC43: - | AD43: =VLOOKUP(E:E,'附件5-1'!D:P,8,FALSE) -> 墨脱镇亚东村股份经济合作社 | AG43: =D43 -> 2016 | AH43: =A43 -> 540423201617013
A44: =540423&D44&VLOOKUP(P44,{"青稞","01";"小麦","02";"饲料","03";"牦牛","04";"乳","05";"羊","06";"猪","07";"鸡","08";"蜂","09";"鱼虾","10";"藏药","11";"茶","12";"葡萄","13";"苹果","14";"猕猴桃","15";"设施农业","16";"乡村旅游","17";"商贸流通","18";"其他","19"},2,FALSE)&TEXT(COUNTIF($P$5:P44,P44),"000") -> 540423201716007 | B44: 林芝 | C44: 墨脱 | D44: {=INDEX(附件2!$D:$D,MATCH(E44,附件2!$E:$E,0))} -> 2017 | E44: 墨脱县达木乡辣椒种植项目 | F44: 达木乡 | G44: 卡布村 | H44: 土地治理60亩，其中包括：1、孤石捡除：2232.57立方米；2、表土剥离：2232.57立方米；3、土地平整：2232.57平方米；4、表土回填：2232.57立方米；辣椒种子：300公斤；农家肥4800公斤，机耕道工程2300米，网围栏工程1200米。 | I44: =J44+K44 -> 57.69 | J44: =VLOOKUP(E44,附件2!$E$9:$I$410,5,0)/10000 -> 57.69 | K44: =VLOOKUP(E44,附件2!E:AF,28,0)/10000 -> 0 | L44: =M44+N44 -> 55.2788 | M44: =VLOOKUP(E44,附件2!$E:$BE,30,0)/10000 -> 55.2788 | N44: =VLOOKUP(E44,附件2!$E:$BE,53,0)/10000 -> 0 | O44: 经营类 | P44: 设施农业 | Q44: 巩固 | R44: 调整 | S44: 否 | T44: - | U44: - | V44: - | W44: - | X44: - | Y44: - | Z44: - | AA44: - | AB44: 0 | AC44: 墨脱县农业农村局 | AD44: =VLOOKUP(E:E,'附件5-1'!D:P,8,FALSE) -> 卡布村股份经济合作社 | AG44: =D44 -> 2017 | AH44: =A44 -> 540423201716007
A45: =540423&D45&VLOOKUP(P45,{"青稞","01";"小麦","02";"饲料","03";"牦牛","04";"乳","05";"羊","06";"猪","07";"鸡","08";"蜂","09";"鱼虾","10";"藏药","11";"茶","12";"葡萄","13";"苹果","14";"猕猴桃","15";"设施农业","16";"乡村旅游","17";"商贸流通","18";"其他","19"},2,FALSE)&TEXT(COUNTIF($P$5:P45,P45),"000") -> 540423201715001 | B45: 林芝 | C45: 墨脱 | D45: {=INDEX(附件2!$D:$D,MATCH(E45,附件2!$E:$E,0))} -> 2017 | E45: 墨脱县达木乡达木村猕猴桃种植项目 | F45: 甘登乡 | G45: 达木村 | H45: 新建网围栏500米，（钢丝网围栏高1.8米，间距3米设立柱一根），土地清理13320平方米，购买猕猴桃树苗2500株，培养技术人员8人 | I45: =J45+K45 -> 28 | J45: =VLOOKUP(E45,附件2!$E$9:$I$410,5,0)/10000 -> 28 | K45: =VLOOKUP(E45,附件2!E:AF,28,0)/10000 -> 0 | L45: =M45+N45 -> 26.91 | M45: =VLOOKUP(E45,附件2!$E:$BE,30,0)/10000 -> 26.91 | N45: =VLOOKUP(E45,附件2!$E:$BE,53,0)/10000 -> 0 | O45: 经营类 | P45: 猕猴桃 | Q45: 巩固 | R45: 调整 | S45: 是 | T45: 委托运营 | U45: 私企 | V45: 林芝亘茗农业开发有限公司 | W45: 是 | X45: 2025.11 | Y45: 10年 | Z45: 租赁内容：村集体20亩猕猴桃基地。 租赁用途：管理和生产经营20亩猕猴桃基地。 | AA45: 有情况说明，有现场照片。 该项目无分红。 | AB45: 0 | AC45: 墨脱县农业农村局 | AD45: =VLOOKUP(E:E,'附件5-1'!D:P,8,FALSE) -> 达木村股份经济合作社 | AE45: 上三乡搬迁调整项目（整村搬迁） | AG45: =D45 -> 2017 | AH45: =A45 -> 540423201715001
A46: =540423&D46&VLOOKUP(P46,{"青稞","01";"小麦","02";"饲料","03";"牦牛","04";"乳","05";"羊","06";"猪","07";"鸡","08";"蜂","09";"鱼虾","10";"藏药","11";"茶","12";"葡萄","13";"苹果","14";"猕猴桃","15";"设施农业","16";"乡村旅游","17";"商贸流通","18";"其他","19"},2,FALSE)&TEXT(COUNTIF($P$5:P46,P46),"000") -> 540423201712002 | B46: 林芝 | C46: 墨脱 | D46: {=INDEX(附件2!$D:$D,MATCH(E46,附件2!$E:$E,0))} -> 2017 | E46: 墨脱县墨脱镇玛迪村茶叶苗圃基地建设项目 | F46: 墨脱镇 | G46: 玛迪村 | H46: 新建管理用房62.84平方米，30m双层薄膜大棚2935.32平方米，35m双层薄膜大棚2280.88平方米，50m双层薄膜大棚3252.88平方米，55m双层薄膜大棚3576.88平方米及相关附属工程 | I46: =J46+K46 -> 532.8467 | J46: =VLOOKUP(E46,附件2!$E$9:$I$410,5,0)/10000 -> 532.8467 | K46: =VLOOKUP(E46,附件2!E:AF,28,0)/10000 -> 0 | L46: =M46+N46 -> 455.43264 | M46: =VLOOKUP(E46,附件2!$E:$BE,30,0)/10000 -> 455.43264 | N46: =VLOOKUP(E46,附件2!$E:$BE,53,0)/10000 -> 0 | O46: 经营类 | P46: 茶 | Q46: 巩固 | R46: 升级 | S46: 是 | T46: 委托运营 | U46: 其他 | V46: 墨脱县农业农村局 | W46: 是 | X46: 2021.1 | Y46: 5年 | Z46: 租赁内容：位于玛迪村吉崩岗温室大棚的农村集体土地约63.5亩，其中温室大棚土地5120㎡。 租赁用途：用于水产养殖，改造温室大棚修建养殖系统，改造板房等辅助设施。 | AA46: 有现场照片。 墨脱镇玛迪村分红情况： 2022年度分红总额64913.00元。2023年度分红总额45870.00元。2025年度分红总额29700.00元，村集体经济总额70%用于分红覆盖139人。（分红资料被三资审计带走了） | AB46: 0 | AC46: 墨脱县农业农村局 | AD46: =VLOOKUP(E:E,'附件5-1'!D:P,8,FALSE) -> 玛迪村股份经济合作社 | AG46: =D46 -> 2017 | AH46: =A46 -> 540423201712002
A47: =540423&D47&VLOOKUP(P47,{"青稞","01";"小麦","02";"饲料","03";"牦牛","04";"乳","05";"羊","06";"猪","07";"鸡","08";"蜂","09";"鱼虾","10";"藏药","11";"茶","12";"葡萄","13";"苹果","14";"猕猴桃","15";"设施农业","16";"乡村旅游","17";"商贸流通","18";"其他","19"},2,FALSE)&TEXT(COUNTIF($P$5:P47,P47),"000") -> 540423201719011 | B47: 林芝 | C47: 墨脱 | D47: 2017 | E47: 墨脱县墨脱镇米日村蜜柚种植项目 | F47: 墨脱镇 | G47: 米日村 | H47: 种植蜜柚30亩，架设网围栏。 | I47: =J47+K47 -> 30 | J47: =VLOOKUP(E47,附件2!$E$9:$I$410,5,0)/10000 -> 30 | K47: =VLOOKUP(E47,附件2!E:AF,28,0)/10000 -> 0 | L47: =M47+N47 -> 30 | M47: =VLOOKUP(E47,附件2!$E:$BE,30,0)/10000 -> 30 | N47: =VLOOKUP(E47,附件2!$E:$BE,53,0)/10000 -> 0 | O47: 公益类 | P47: 其他 | Q47: 巩固 | R47: - | S47: - | T47: - | U47: - | V47: - | W47: - | X47: - | Y47: - | Z47: - | AA47: - | AB47: - | AC47: - | AD47: =VLOOKUP(E:E,'附件5-1'!D:P,8,FALSE) -> 米日村股份经济合作社 | AG47: =D47 -> 2017 | AH47: =A47 -> 540423201719011
A48: =540423&D48&VLOOKUP(P48,{"青稞","01";"小麦","02";"饲料","03";"牦牛","04";"乳","05";"羊","06";"猪","07";"鸡","08";"蜂","09";"鱼虾","10";"藏药","11";"茶","12";"葡萄","13";"苹果","14";"猕猴桃","15";"设施农业","16";"乡村旅游","17";"商贸流通","18";"其他","19"},2,FALSE)&TEXT(COUNTIF($P$5:P48,P48),"000") -> 540423201707004 | B48: 林芝 | C48: 墨脱 | D48: {=INDEX(附件2!$D:$D,MATCH(E48,附件2!$E:$E,0))} -> 2017 | E48: 墨脱县德兴乡德兴村黑猪养殖项目 | F48: 德兴乡 | G48: 德兴村 | H48: 核定新建猪舍840.9平方米(3栋，每栋280.3平方米)、管理用房10.24平方米、网围栏893.4米及室外给排水工程和室外电气工程、等附属设施 | I48: =J48+K48 -> 117.1533 | J48: =VLOOKUP(E48,附件2!$E$9:$I$410,5,0)/10000 -> 117.1533 | K48: =VLOOKUP(E48,附件2!E:AF,28,0)/10000 -> 0 | L48: =M48+N48 -> 117.1533 | M48: =VLOOKUP(E48,附件2!$E:$BE,30,0)/10000 -> 117.1533 | N48: =VLOOKUP(E48,附件2!$E:$BE,53,0)/10000 -> 0 | O48: 经营类 | P48: 猪 | Q48: 巩固 | R48: 巩固 | S48: 是 | T48: 委托运营 | U48: 私企 | V48: 西藏林芝墨脱墨问企业管理有限责任公司 | W48: 是 | X48: 2025.12 | Y48: 5年 | Z48: 租赁内容：坐落于德兴村嘎兴茶园东北方向1.2公里处养殖场，养殖区面积851.14平方米，37间猪舍； 租赁用途：畜牧养殖业及肉类销售等产业链。 | AA48: 有现场照片，有情况说明。 德兴德兴村分红情况： 2026年度分红：两次分红总金额为130万元，覆盖376人，于2026年1月29日发放。 | AB48: 0 | AC48: 墨脱县农业农村局 | AD48: =VLOOKUP(E:E,'附件5-1'!D:P,8,FALSE) -> 德兴村股份经济合作社 | AG48: =D48 -> 2017 | AH48: =A48 -> 540423201707004
A49: =540423&D49&VLOOKUP(P49,{"青稞","01";"小麦","02";"饲料","03";"牦牛","04";"乳","05";"羊","06";"猪","07";"鸡","08";"蜂","09";"鱼虾","10";"藏药","11";"茶","12";"葡萄","13";"苹果","14";"猕猴桃","15";"设施农业","16";"乡村旅游","17";"商贸流通","18";"其他","19"},2,FALSE)&TEXT(COUNTIF($P$5:P49,P49),"000") -> 540423201719012 | B49: 林芝 | C49: 墨脱 | D49: {=INDEX(附件2!$D:$D,MATCH(E49,附件2!$E:$E,0))} -> 2017 | E49: 墨脱县墨脱镇墨脱村门珞服饰加工项目 | F49: 墨脱镇 | G49: 墨脱村 | H49: 购置门珞服饰加工设备 | I49: =J49+K49 -> 20 | J49: =VLOOKUP(E49,附件2!$E$9:$I$410,5,0)/10000 -> 20 | K49: =VLOOKUP(E49,附件2!E:AF,28,0)/10000 -> 0 | L49: =M49+N49 -> 20 | M49: =VLOOKUP(E49,附件2!$E:$BE,30,0)/10000 -> 20 | N49: =VLOOKUP(E49,附件2!$E:$BE,53,0)/10000 -> 0 | O49: 经营类 | P49: 其他 | Q49: 巩固 | R49: 巩固 | S49: 是 | T49: 自主运营 | U49: 农村集体经济组织 | V49: 运行权归墨脱村村委会所有 | W49: 是 | X49: - | Y49: 10年 | AA49: 有现场照片，有情况说明。无分红。 | AB49: 0 | AC49: 墨脱县农业农村局 | AD49: =VLOOKUP(E:E,'附件5-1'!D:P,8,FALSE) -> 墨脱村股份经济合作社 | AG49: =D49 -> 2017 | AH49: =A49 -> 540423201719012
A50: =540423&D50&VLOOKUP(P50,{"青稞","01";"小麦","02";"饲料","03";"牦牛","04";"乳","05";"羊","06";"猪","07";"鸡","08";"蜂","09";"鱼虾","10";"藏药","11";"茶","12";"葡萄","13";"苹果","14";"猕猴桃","15";"设施农业","16";"乡村旅游","17";"商贸流通","18";"其他","19"},2,FALSE)&TEXT(COUNTIF($P$5:P50,P50),"000") -> 540423201718005 | B50: 林芝 | C50: 墨脱 | D50: {=INDEX(附件2!$D:$D,MATCH(E50,附件2!$E:$E,0))} -> 2017 | E50: 墨脱县达木乡贡日村（80K）扶贫收益商铺建设项目 | F50: 墨脱县城乡振兴产业有限公司 | G50: 贡日村 | H50: 新建商住楼 2725.54㎡及其附属工程（停车位工程 527.36㎡；硬化工程 2892.32㎡及总体给排水、总体电气工程） | I50: =J50+K50 -> 1772.44 | J50: =VLOOKUP(E50,附件2!$E$9:$I$410,5,0)/10000 -> 1411.955 | K50: =VLOOKUP(E50,附件2!E:AF,28,0)/10000 -> 360.48501 | L50: =M50+N50 -> 1733.68 | M50: =VLOOKUP(E50,附件2!$E:$BE,30,0)/10000 -> 1411.955 | N50: =VLOOKUP(E50,附件2!$E:$BE,53,0)/10000 -> 321.72501 | O50: 经营类 | P50: 商贸流通 | Q50: 巩固 | R50: 巩固 | S50: 是 | T50: 委托运营 | U50: 个体工商户 | V50: 1、陈安 2、陈安 3、陈阳阳 4、王彦平 5、杨玲 6、杨玲 7、余全泽 | W50: 是 | X50: 陈安：2020.06 陈安：2024.01 陈阳阳：2024.08 王彦平：2024.07 杨玲：2025.09 杨玲：2020.06 余全泽：2024.11 | Y50: 陈安：5年 陈安：1年 陈阳阳：1年 王彦平：1年 杨玲：1年 杨玲：5年 余全泽：1年 | Z50: 陈安： 租赁商铺面积：一层65.12平方米，二层以上364.05平方米，租赁房号1-1层，5、6号房； 陈安： 租赁商铺面积：116.725平方米，租赁房号，四层整层； 陈阳阳： 租赁商铺面积：一层65.3平方米，租赁房号1-1层，8、9号房； 王彦平： 租赁商铺面积：一层40平方米，租赁房号1-1层，1号房； 杨玲： 租赁商铺面积：一层238.83平方米，二层以上494.07平方米，计费面积共计732.9平方米，租赁房号一层、二层、三层、四层； 杨玲： 租赁商铺面积：一层238.83平方米，二层以上494.07平方米，租赁房号二层整栋； 余全泽： 租赁商铺面积：一层65.12平方米，租赁房号1-1层，4、5号房； | AB50: 0 | AC50: 墨脱县农业农村局 | AD50: =VLOOKUP(E:E,'附件5-1'!D:P,8,FALSE) -> 墨脱县城乡振兴产业有限公司 | AG50: =D50 -> 2017 | AH50: =A50 -> 540423201718005
A51: =540423&D51&VLOOKUP(P51,{"青稞","01";"小麦","02";"饲料","03";"牦牛","04";"乳","05";"羊","06";"猪","07";"鸡","08";"蜂","09";"鱼虾","10";"藏药","11";"茶","12";"葡萄","13";"苹果","14";"猕猴桃","15";"设施农业","16";"乡村旅游","17";"商贸流通","18";"其他","19"},2,FALSE)&TEXT(COUNTIF($P$5:P51,P51),"000") -> 540423201717014 | B51: 林芝 | C51: 墨脱 | D51: {=INDEX(附件2!$D:$D,MATCH(E51,附件2!$E:$E,0))} -> 2017 | E51: 墨脱县格当乡布龙村农家乐改造建设项目 | F51: 格当乡 | G51: 布龙村 | H51: 新建伙房(带阳光棚)61.17平方米、围墙212米、大门1座、碎石路面135.27平方米及总体给排水工程和总体电气工程等附属 | I51: =J51+K51 -> 55.64 | J51: =VLOOKUP(E51,附件2!$E$9:$I$410,5,0)/10000 -> 50 | K51: =VLOOKUP(E51,附件2!E:AF,28,0)/10000 -> 5.64 | L51: =M51+N51 -> 55.64 | M51: =VLOOKUP(E51,附件2!$E:$BE,30,0)/10000 -> 50 | N51: =VLOOKUP(E51,附件2!$E:$BE,53,0)/10000 -> 5.64 | O51: 经营类 | P51: 乡村旅游 | Q51: 巩固 | R51: 巩固 | S51: 是 | T51: 委托运营 | U51: 个体工商户 | V51: 张鹏371323198808132180 | W51: 是 | X51: 2026.03 | Y51: 10年 | Z51: 租赁内容：坐落于格当乡布龙村，建筑面积256.8㎡； 租赁用途：农家院。 | AA51: 有现场照片。 布龙村分红情况：分红总额为1001445.09元，其中2020年款项501445.09元(对应39户、174人)、2026年款项500000元(对应39户、183人)，均于2026年2月13日发放。 | AB51: 0 | AC51: 墨脱县农业农村局 | AD51: =VLOOKUP(E:E,'附件5-1'!D:P,8,FALSE) -> 布龙村股份经济合作社 | AG51: =D51 -> 2017 | AH51: =A51 -> 540423201717014
A52: =540423&D52&VLOOKUP(P52,{"青稞","01";"小麦","02";"饲料","03";"牦牛","04";"乳","05";"羊","06";"猪","07";"鸡","08";"蜂","09";"鱼虾","10";"藏药","11";"茶","12";"葡萄","13";"苹果","14";"猕猴桃","15";"设施农业","16";"乡村旅游","17";"商贸流通","18";"其他","19"},2,FALSE)&TEXT(COUNTIF($P$5:P52,P52),"000") -> 540423201718006 | B52: 林芝 | C52: 墨脱 | D52: {=INDEX(附件2!$D:$D,MATCH(E52,附件2!$E:$E,0))} -> 2017 | E52: 格当乡藏餐馆与便民超市修建 | F52: 格当乡 | G52: 占根卡村 | H52: 新建一座占地面积150平方米的藏餐馆和农家超市一体房屋，购买相关附属设施 | I52: =J52+K52 -> 150.14 | J52: =VLOOKUP(E52,附件2!$E$9:$I$410,5,0)/10000 -> 150.14 | K52: =VLOOKUP(E52,附件2!E:AF,28,0)/10000 -> 0 | L52: =M52+N52 -> 80 | M52: =VLOOKUP(E52,附件2!$E:$BE,30,0)/10000 -> 80 | N52: =VLOOKUP(E52,附件2!$E:$BE,53,0)/10000 -> 0 | O52: 经营类 | P52: 商贸流通 | Q52: 巩固 | R52: 巩固 | S52: 是 | T52: 委托运营 | U52: 个体工商户 | V52: 张贵成 | W52: 是 | X52: 2024.08 | Y52: 6年 | Z52: 租赁内容：格当乡占根卡村村集体商品房，租赁面积共计200平方米； 租赁用途：经商使用。 | AA52: 有现场照片。 占根卡村便民超市及藏餐馆集体经济收益4.8万元，向17户脱贫户（或监测户）分红，户均2823元。 | AB52: 0 | AC52: 墨脱县农业农村局 | AD52: =VLOOKUP(E:E,'附件5-1'!D:P,8,FALSE) -> 占根卡村股份经济合作社 | AG52: =D52 -> 2017 | AH52: =A52 -> 540423201718006
A53: =540423&D53&VLOOKUP(P53,{"青稞","01";"小麦","02";"饲料","03";"牦牛","04";"乳","05";"羊","06";"猪","07";"鸡","08";"蜂","09";"鱼虾","10";"藏药","11";"茶","12";"葡萄","13";"苹果","14";"猕猴桃","15";"设施农业","16";"乡村旅游","17";"商贸流通","18";"其他","19"},2,FALSE)&TEXT(COUNTIF($P$5:P53,P53),"000") -> 540423201717015 | B53: 林芝 | C53: 墨脱 | D53: {=INDEX(附件2!$D:$D,MATCH(E53,附件2!$E:$E,0))} -> 2017 | E53: 墨脱县帮辛乡帮果村农家乐建设项目 | F53: 帮辛乡 | G53: 帮果村 | H53: 新建农家乐143.6平方米、场地土石方工程(场地挖方1.9立方米，场地填方490.5立方米)及总体给排水工程和总体电气工程等附属 | I53: =J53+K53 -> 69.06 | J53: =VLOOKUP(E53,附件2!$E$9:$I$410,5,0)/10000 -> 49 | K53: =VLOOKUP(E53,附件2!E:AF,28,0)/10000 -> 20.06 | L53: =M53+N53 -> 69.06 | M53: =VLOOKUP(E53,附件2!$E:$BE,30,0)/10000 -> 49 | N53: =VLOOKUP(E53,附件2!$E:$BE,53,0)/10000 -> 20.06 | O53: 经营类 | P53: 乡村旅游 | Q53: 巩固 | R53: 调整 | S53: 否 | T53: - | U53: - | V53: - | W53: - | X53: - | Y53: - | Z53: - | AA53: - | AB53: 0 | AC53: 墨脱县农业农村局 | AD53: =VLOOKUP(E:E,'附件5-1'!D:P,8,FALSE) -> 帮果村股份经济合作社 | AE53: 上三乡搬迁调整项目 | AG53: =D53 -> 2017 | AH53: =A53 -> 540423201717015
A54: =540423&D54&VLOOKUP(P54,{"青稞","01";"小麦","02";"饲料","03";"牦牛","04";"乳","05";"羊","06";"猪","07";"鸡","08";"蜂","09";"鱼虾","10";"藏药","11";"茶","12";"葡萄","13";"苹果","14";"猕猴桃","15";"设施农业","16";"乡村旅游","17";"商贸流通","18";"其他","19"},2,FALSE)&TEXT(COUNTIF($P$5:P54,P54),"000") -> 540423201711001 | B54: 林芝 | C54: 墨脱 | D54: {=INDEX(附件2!$D:$D,MATCH(E54,附件2!$E:$E,0))} -> 2017 | E54: 墨脱县名贵药用植物组培项目 | F54: 墨脱县 | G54: 生态园（尾部） | H54: 新建组培车间402平方米、办公室105平方米及设备购置及安装费 | I54: =J54+K54 -> 258 | J54: =VLOOKUP(E54,附件2!$E$9:$I$410,5,0)/10000 -> 258 | K54: =VLOOKUP(E54,附件2!E:AF,28,0)/10000 -> 0 | L54: =M54+N54 -> 245.83917 | M54: =VLOOKUP(E54,附件2!$E:$BE,30,0)/10000 -> 245.83917 | N54: =VLOOKUP(E54,附件2!$E:$BE,53,0)/10000 -> 0 | O54: 经营类 | P54: 藏药 | Q54: 巩固 | R54: 巩固 | AB54: 0 | AC54: 墨脱县农业农村局 | AD54: =VLOOKUP(E:E,'附件5-1'!D:P,8,FALSE) -> 墨脱县城乡振兴产业有限公司 | AG54: =D54 -> 2017 | AH54: =A54 -> 540423201711001
A55: =540423&D55&VLOOKUP(P55,{"青稞","01";"小麦","02";"饲料","03";"牦牛","04";"乳","05";"羊","06";"猪","07";"鸡","08";"蜂","09";"鱼虾","10";"藏药","11";"茶","12";"葡萄","13";"苹果","14";"猕猴桃","15";"设施农业","16";"乡村旅游","17";"商贸流通","18";"其他","19"},2,FALSE)&TEXT(COUNTIF($P$5:P55,P55),"000") -> 540423201718007 | B55: 林芝 | C55: 墨脱 | D55: {=INDEX(附件2!$D:$D,MATCH(E55,附件2!$E:$E,0))} -> 2017 | E55: 墨脱县永久片区异地开发项目 | F55: 墨脱县城乡振兴产业有限公司 | G55: 林芝市巴宜区永久片区 | H55: 新建酒店 13218.73㎡；景观亭 1 个；附属工程 1 项（包括车行道 1110㎡、花岗石及砾石铺装工程 850.54㎡、木平台工程 136.70㎡、植草砖铺装工程 646.43㎡、汀步 21.12㎡、水景 2 座、踏步 3.15㎡、土石方工程 9382.21m³、景观栏杆 24.2m、休闲座位 25.8m、布品工程 1 项、景观绿化工程及总体电气给排水工程）；设备购置及安装工程（垃圾桶 8 个、室外沙发 2 套、指示牌 2 个、车行道闸 2 个、电梯 5 部） | I55: =J55+K55 -> 4873.61 | J55: =VLOOKUP(E55,附件2!$E$9:$I$410,5,0)/10000 -> 961.08 | K55: =VLOOKUP(E55,附件2!E:AF,28,0)/10000 -> 3912.53 | L55: =M55+N55 -> 4806.8147 | M55: =VLOOKUP(E55,附件2!$E:$BE,30,0)/10000 -> 961.08 | N55: =VLOOKUP(E55,附件2!$E:$BE,53,0)/10000 -> 3845.7347 | O55: 经营类 | P55: 商贸流通 | Q55: 巩固 | R55: 巩固 | S55: 是 | T55: 委托运营 | U55: 私企 | V55: 西安亨庆酒店管理有限公司 | W55: 是 | X55: 2021.05 | Y55: 20年 | Z55: 租赁内容：位于巴宜区永久片区尼洋大道支路二东侧，六层房屋，建筑面积总计为13216.14平方米，其中，地上五层的建筑面积为11195.09平方米；地下一层的建筑面积为2021.05平方米；场地景观及绿化面积2041.77㎡，共有房屋136间、地面停车位48个；项目建设总占地面积6793.33㎡内的全部建筑物、构筑物，钢筋混凝土框架结构。 租赁用途：以酒店形式经营住宿、餐饮、休闲娱乐、棋牌、温泉洗浴等。 | AB55: 0 | AC55: 墨脱县农业农村局 | AD55: =VLOOKUP(E:E,'附件5-1'!D:P,8,FALSE) -> 墨脱县城乡振兴产业有限公司 | AG55: =D55 -> 2017 | AH55: =A55 -> 540423201718007
A56: =540423&D56&VLOOKUP(P56,{"青稞","01";"小麦","02";"饲料","03";"牦牛","04";"乳","05";"羊","06";"猪","07";"鸡","08";"蜂","09";"鱼虾","10";"藏药","11";"茶","12";"葡萄","13";"苹果","14";"猕猴桃","15";"设施农业","16";"乡村旅游","17";"商贸流通","18";"其他","19"},2,FALSE)&TEXT(COUNTIF($P$5:P56,P56),"000") -> 540423201717016 | B56: 林芝 | C56: 墨脱 | D56: {=INDEX(附件2!$D:$D,MATCH(E56,附件2!$E:$E,0))} -> 2017 | E56: 墨脱县背崩乡地东村农家乐建设项目 | F56: 背崩乡 | G56: 地东村 | H56: 客房工程307.72平方米、厨房工程44.5平方米、附属工程(围墙大门工程及总体电气给排水工程)、设备采购工程 | I56: =J56+K56 -> 194.89 | J56: =VLOOKUP(E56,附件2!$E$9:$I$410,5,0)/10000 -> 194.89 | K56: =VLOOKUP(E56,附件2!E:AF,28,0)/10000 -> 0 | L56: =M56+N56 -> 187.62079 | M56: =VLOOKUP(E56,附件2!$E:$BE,30,0)/10000 -> 187.62079 | N56: =VLOOKUP(E56,附件2!$E:$BE,53,0)/10000 -> 0 | O56: 经营类 | P56: 乡村旅游 | Q56: 巩固 | R56: 巩固 | S56: 是 | T56: 委托运营 | U56: 国企 | V56: 长江岩土工程有限公司 | W56: 是 | X56: 2025.01 | Y56: 1年 | Z56: 租赁内容：墨脱县背崩乡地东村的村委会所属农家乐（房屋总建筑面积390㎡），及附属建筑物、院坝和周边空地（占地面积3300㎡）。 租赁用途：居住、办公、储存岩芯等材料物资。 | AA56: 有现场照片。 背崩乡地东村分红情况： 2023-2024年集资房分红总额192535.2元，覆盖135户594人，于2025年6月18日发放。 2024年第一次分红总额518136元，每人872元，覆盖594人，司机168元，于2025年6月18日发放。 2024年第二次分红总额502046元，每人845元，覆盖594人，司机116元。 | AB56: 0 | AC56: 墨脱县农业农村局 | AD56: =VLOOKUP(E:E,'附件5-1'!D:P,8,FALSE) -> 地东村股份经济合作社 | AG56: =D56 -> 2017 | AH56: =A56 -> 540423201717016
A57: =540423&D57&VLOOKUP(P57,{"青稞","01";"小麦","02";"饲料","03";"牦牛","04";"乳","05";"羊","06";"猪","07";"鸡","08";"蜂","09";"鱼虾","10";"藏药","11";"茶","12";"葡萄","13";"苹果","14";"猕猴桃","15";"设施农业","16";"乡村旅游","17";"商贸流通","18";"其他","19"},2,FALSE)&TEXT(COUNTIF($P$5:P57,P57),"000") -> 540423201812003 | B57: 林芝 | C57: 墨脱 | D57: {=INDEX(附件2!$D:$D,MATCH(E57,附件2!$E:$E,0))} -> 2018 | E57: 墨脱县果果塘茶叶基地基础设施建设项目 | F57: 墨脱镇 | G57: 亚让村 | H57: 管理房277.07㎡、挡土墙工程935.72㎡、铺装工程1000.51㎡、台阶工程73.60平方米、栏杆工程63.43m及设备采购 | I57: =J57+K57 -> 579.37 | J57: =VLOOKUP(E57,附件2!$E$9:$I$410,5,0)/10000 -> 377 | K57: =VLOOKUP(E57,附件2!E:AF,28,0)/10000 -> 202.37 | L57: =M57+N57 -> 558.92868 | M57: =VLOOKUP(E57,附件2!$E:$BE,30,0)/10000 -> 377 | N57: =VLOOKUP(E57,附件2!$E:$BE,53,0)/10000 -> 181.92868 | O57: 经营类 | P57: 茶 | Q57: 巩固 | R57: 巩固 | S57: 是 | T57: 委托运营 | U57: 私企 | V57: 林芝墨脱茶叶有限公司 | W57: 是 | X57: 合同缺页 | Y57: 10年 | Z57: 租赁内容：位于亚让村果果塘茶叶基地的五角星房屋一栋； | AA57: 有情况说明。 墨脱镇亚让村分红情况：2025年度分红总额27.5万元，每户每人1100元。 | AB57: 0 | AC57: 墨脱县农业农村局 | AD57: =VLOOKUP(E:E,'附件5-1'!D:P,8,FALSE) -> 亚让村股份经济合作社 | AG57: =D57 -> 2018 | AH57: =A57 -> 540423201812003
A58: =540423&D58&VLOOKUP(P58,{"青稞","01";"小麦","02";"饲料","03";"牦牛","04";"乳","05";"羊","06";"猪","07";"鸡","08";"蜂","09";"鱼虾","10";"藏药","11";"茶","12";"葡萄","13";"苹果","14";"猕猴桃","15";"设施农业","16";"乡村旅游","17";"商贸流通","18";"其他","19"},2,FALSE)&TEXT(COUNTIF($P$5:P58,P58),"000") -> 540423201818008 | B58: 林芝 | C58: 墨脱 | D58: {=INDEX(附件2!$D:$D,MATCH(E58,附件2!$E:$E,0))} -> 2018 | E58: 墨脱县扶贫商住楼二期工程 | F58: 墨脱县城乡振兴产业有限公司 | G58: 亚东村 | H58: 核定新建商住楼7507.71m²;钢连廊29.30m²;景观亭2座;附属工程(步道铺装工程296m²、总体给排水工程1项、排水沟工程145m、挡土墙工程2414.56m³、电气景观工程1项、总体电气工程1项、土石方开挖工程7714.60m³、种植绿化工程1项、停车场工程715m²、道路硬化工程1141.14m²)及设备购置及安装工程(电梯2部、200KW发电机1台、400KW室外预装式变电站1台)。 | I58: =J58+K58 -> 3000.0001 | J58: =VLOOKUP(E58,附件2!$E$9:$I$410,5,0)/10000 -> 2093.0686 | K58: =VLOOKUP(E58,附件2!E:AF,28,0)/10000 -> 906.9315 | L58: =M58+N58 -> 2865.6853 | M58: =VLOOKUP(E58,附件2!$E:$BE,30,0)/10000 -> 2093.0686 | N58: =VLOOKUP(E58,附件2!$E:$BE,53,0)/10000 -> 772.61665 | O58: 经营类 | P58: 商贸流通 | Q58: 巩固 | R58: 巩固 | S58: 是 | T58: 委托运营 | U58: 私企 | V58: 西藏圣华耀安酒店管理有限公司 | W58: 是 | X58: 2023.07 | Y58: 20年 | Z58: 租赁内容：坐落于墨脱县城水仙花路(格拉丹东酒店斜对面)，五层框架剪力墙结构楼房，一层分设服务台、餐厅、厨房和土特产营销中心、休闲区等，二、三、四五层为客房，共136间，附属设施包括停车场、围墙、大门等，建筑面积7507.71平方米。 租赁用途：住宿、餐饮、休闲娱乐、棋牌等。 | AB58: 0 | AC58: 墨脱县农业农村局 | AD58: =VLOOKUP(E:E,'附件5-1'!D:P,8,FALSE) -> 墨脱县城乡振兴产业有限公司 | AG58: =D58 -> 2018 | AH58: =A58 -> 540423201818008
A59: =540423&D59&VLOOKUP(P59,{"青稞","01";"小麦","02";"饲料","03";"牦牛","04";"乳","05";"羊","06";"猪","07";"鸡","08";"蜂","09";"鱼虾","10";"藏药","11";"茶","12";"葡萄","13";"苹果","14";"猕猴桃","15";"设施农业","16";"乡村旅游","17";"商贸流通","18";"其他","19"},2,FALSE)&TEXT(COUNTIF($P$5:P59,P59),"000") -> 540423201818009 | B59: 林芝 | C59: 墨脱 | D59: {=INDEX(附件2!$D:$D,MATCH(E59,附件2!$E:$E,0))} -> 2018 | E59: 墨脱县格当乡扶贫商住楼建设工程 | F59: 格当乡 | G59: 格当乡占根卡村 | H59: 新建商住楼 1914.64平方米及附属工程（硬化工程831.54平方米，挡土墙工程371.3平方米，土石方工程624.68平方米，停车位工程252平方米，园林工程143.45平方米，围墙工程105.37米及总体给排水工程） | I59: =J59+K59 -> 838.03 | J59: =VLOOKUP(E59,附件2!$E$9:$I$410,5,0)/10000 -> 294.0285 | K59: =VLOOKUP(E59,附件2!E:AF,28,0)/10000 -> 544.0015 | L59: =M59+N59 -> 805.71661 | M59: =VLOOKUP(E59,附件2!$E:$BE,30,0)/10000 -> 294.0285 | N59: =VLOOKUP(E59,附件2!$E:$BE,53,0)/10000 -> 511.68811 | O59: 经营类 | P59: 商贸流通 | Q59: 巩固 | R59: 巩固 | S59: 是 | T59: 委托运营 | U59: 国企 | V59: 1：中国邮政、 2：唐伟、 3：李自玲 4：贡觉措姆、 5：白玛旺前、 6：四郎容姆、 7：洛松扎西、 8：西藏自治区重点公路项目建设中心 | W59: 是 | X59: 2：2024年12月17日 3：2024年1月1日 4：2024年12月17日 5：2024年12月17日 6：2024年12月18日 7：2024年12月18日 8：2022年10月18日 | Y59: 1：1年 2：1年 3：2年 4：1年 5：1年 6：1年 7：1年 8：1.5年 | Z59: 租赁内容及用途 扶贫商住楼 2：3号商铺，建筑面积34.78平方米，开设中国电信； 3：建筑面积68平方米，开设中国农业银行； 4：6号商铺，建筑面积27.01平方米，开设措姆商店； 5：7号商铺，建筑面积34.78平方米，开设商店人间壹杯； 6：8、9号商铺，建筑面积69.56平方米，开设格当餐厅； 7：10号商铺，建筑面积45.43平方米，开设藏餐馆； 8：扶贫商住楼二、三、四楼 | AA59: 有现场盘点照片。 该项目乡镇分红情况：2019年分红171466.38元。2020年分红168006.23元。2021年分红129415.00元。2022年分红165776.64元。2023年分红84927.08元。后续暂存账上未进行分红。 | AB59: 0 | AC59: 墨脱县农业农村局 | AD59: =VLOOKUP(E:E,'附件5-1'!D:P,8,FALSE) -> 格当乡人民政府 | AG59: =D59 -> 2018 | AH59: =A59 -> 540423201818009
A60: =540423&D60&VLOOKUP(P60,{"青稞","01";"小麦","02";"饲料","03";"牦牛","04";"乳","05";"羊","06";"猪","07";"鸡","08";"蜂","09";"鱼虾","10";"藏药","11";"茶","12";"葡萄","13";"苹果","14";"猕猴桃","15";"设施农业","16";"乡村旅游","17";"商贸流通","18";"其他","19"},2,FALSE)&TEXT(COUNTIF($P$5:P60,P60),"000") -> 540423201818010 | B60: 林芝 | C60: 墨脱 | D60: {=INDEX(附件2!$D:$D,MATCH(E60,附件2!$E:$E,0))} -> 2018 | E60: 墨脱县达木乡扶贫商住楼建设工程 | F60: 达木乡 | G60: 达木村 | H60: 商住楼1823.44平方米及附属工程(硬化555.02平方米、挡土墙工程662.82立方米、土石方工程1824.68立方米、栏杆工程40.7米、停车位工程180平方米、园林工程143.35平方米及总体给排水工程) | I60: =J60+K60 -> 795.39 | J60: =VLOOKUP(E60,附件2!$E$9:$I$410,5,0)/10000 -> 589.4355 | K60: =VLOOKUP(E60,附件2!E:AF,28,0)/10000 -> 205.9545 | L60: =M60+N60 -> 738.11807 | M60: =VLOOKUP(E60,附件2!$E:$BE,30,0)/10000 -> 589.4355 | N60: =VLOOKUP(E60,附件2!$E:$BE,53,0)/10000 -> 148.68257 | O60: 经营类 | P60: 商贸流通 | Q60: 巩固 | R60: 调整 | S60: 否 | T60: - | U60: - | V60: - | W60: - | X60: - | Y60: - | Z60: - | AA60: - | AB60: 0 | AC60: 墨脱县农业农村局 | AD60: =VLOOKUP(E:E,'附件5-1'!D:P,8,FALSE) -> 达木乡人民政府 | AG60: =D60 -> 2018 | AH60: =A60 -> 540423201818010
A61: =540423&D61&VLOOKUP(P61,{"青稞","01";"小麦","02";"饲料","03";"牦牛","04";"乳","05";"羊","06";"猪","07";"鸡","08";"蜂","09";"鱼虾","10";"藏药","11";"茶","12";"葡萄","13";"苹果","14";"猕猴桃","15";"设施农业","16";"乡村旅游","17";"商贸流通","18";"其他","19"},2,FALSE)&TEXT(COUNTIF($P$5:P61,P61),"000") -> 540423201818011 | B61: 林芝 | C61: 墨脱 | D61: {=INDEX(附件2!$D:$D,MATCH(E61,附件2!$E:$E,0))} -> 2018 | E61: 墨脱县背崩乡扶贫商住楼建设工程 | F61: 背崩乡 | G61: 背崩乡 | H61: 新建商住楼1608.88平方米及附属工程(硬化265.33平方米、挡土墙工程573.8立方米、土石方工程2324.68立方米、栏杆工程81.12米及总体给排水工程） | I61: =J61+K61 -> 688.81 | J61: =VLOOKUP(E61,附件2!$E$9:$I$410,5,0)/10000 -> 3.43 | K61: =VLOOKUP(E61,附件2!E:AF,28,0)/10000 -> 685.38 | L61: =M61+N61 -> 662.67708 | M61: =VLOOKUP(E61,附件2!$E:$BE,30,0)/10000 -> 3.43 | N61: =VLOOKUP(E61,附件2!$E:$BE,53,0)/10000 -> 659.24708 | O61: 经营类 | P61: 商贸流通 | Q61: 巩固 | R61: 巩固 | S61: 是 | T61: 委托运营 | U61: 私企 | V61: 西藏林芝墨脱十宝茶叶有限公司 | W61: 是 | X61: 2024.08 | Y61: 5年 | Z61: 租赁内容：扶贫收益商铺整体房屋（四个楼层），每层面积335.5平方米，共计1342平方米。 租赁用途：住宿、办公、餐厅、门店等使用。 | AA61: 有现场盘点照片。 该项目乡镇分红情况： | AB61: 0 | AC61: 墨脱县农业农村局 | AD61: =VLOOKUP(E:E,'附件5-1'!D:P,8,FALSE) -> 背崩乡人民政府 | AG61: =D61 -> 2018 | AH61: =A61 -> 540423201818011
A62: =540423&D62&VLOOKUP(P62,{"青稞","01";"小麦","02";"饲料","03";"牦牛","04";"乳","05";"羊","06";"猪","07";"鸡","08";"蜂","09";"鱼虾","10";"藏药","11";"茶","12";"葡萄","13";"苹果","14";"猕猴桃","15";"设施农业","16";"乡村旅游","17";"商贸流通","18";"其他","19"},2,FALSE)&TEXT(COUNTIF($P$5:P62,P62),"000") -> 540423201818012 | B62: 林芝 | C62: 墨脱 | D62: {=INDEX(附件2!$D:$D,MATCH(E62,附件2!$E:$E,0))} -> 2018 | E62: 墨脱县帮辛乡扶贫商住楼建设工程 | F62: 帮辛乡 | G62: 帮辛乡 | H62: 新建总建筑面积1914.64㎡及其附属设施工程（硬化241.74㎡，挡土墙工程931.3m³、土石方工程2624.68m³、停车位工程54㎡、栏杆工程89.98米及总体给排水工程） | I62: =J62+K62 -> 885.91 | J62: =VLOOKUP(E62,附件2!$E$9:$I$410,5,0)/10000 -> 310.607 | K62: =VLOOKUP(E62,附件2!E:AF,28,0)/10000 -> 575.303 | L62: =M62+N62 -> 886.45485 | M62: =VLOOKUP(E62,附件2!$E:$BE,30,0)/10000 -> 310.607 | N62: =VLOOKUP(E62,附件2!$E:$BE,53,0)/10000 -> 575.84785 | O62: 经营类 | P62: 商贸流通 | Q62: 巩固 | R62: 调整 | S62: 否 | T62: - | U62: - | V62: - | W62: - | X62: - | Y62: - | Z62: - | AA62: - | AB62: 0 | AC62: 墨脱县农业农村局 | AD62: =VLOOKUP(E:E,'附件5-1'!D:P,8,FALSE) -> 帮辛乡人民政府 | AE62: 上三乡搬迁调整项目 | AG62: =D62 -> 2018 | AH62: =A62 -> 540423201818012
A63: =540423&D63&VLOOKUP(P63,{"青稞","01";"小麦","02";"饲料","03";"牦牛","04";"乳","05";"羊","06";"猪","07";"鸡","08";"蜂","09";"鱼虾","10";"藏药","11";"茶","12";"葡萄","13";"苹果","14";"猕猴桃","15";"设施农业","16";"乡村旅游","17";"商贸流通","18";"其他","19"},2,FALSE)&TEXT(COUNTIF($P$5:P63,P63),"000") -> 540423201912004 | B63: 林芝 | C63: 墨脱 | D63: {=INDEX(附件2!$D:$D,MATCH(E63,附件2!$E:$E,0))} -> 2019 | E63: 墨脱县格当乡曲那塘茶叶种植项目 | F63: 加热萨乡 | G63: 多龙岗村 | H63: 茶叶基地建设300亩，茶园大门1座，宣传栏1个，购置网围栏4500米，茶苗21760株，生物有机肥300吨，磷肥2吨、防草布18000公斤、锄草机8台。 | I63: =J63+K63 -> 450 | J63: =VLOOKUP(E63,附件2!$E$9:$I$410,5,0)/10000 -> 450 | K63: =VLOOKUP(E63,附件2!E:AF,28,0)/10000 -> 0 | L63: =M63+N63 -> 431.1 | M63: =VLOOKUP(E63,附件2!$E:$BE,30,0)/10000 -> 431.1 | N63: =VLOOKUP(E63,附件2!$E:$BE,53,0)/10000 -> 0 | O63: 经营类 | P63: 茶 | Q63: 巩固 | R63: 盘活 | AB63: 0 | AC63: 墨脱县农业农村局 | AD63: =VLOOKUP(E:E,'附件5-1'!D:P,8,FALSE) -> 多龙岗村股份经济合作社 | AG63: =D63 -> 2019 | AH63: =A63 -> 540423201912004
A64: =540423&D64&VLOOKUP(P64,{"青稞","01";"小麦","02";"饲料","03";"牦牛","04";"乳","05";"羊","06";"猪","07";"鸡","08";"蜂","09";"鱼虾","10";"藏药","11";"茶","12";"葡萄","13";"苹果","14";"猕猴桃","15";"设施农业","16";"乡村旅游","17";"商贸流通","18";"其他","19"},2,FALSE)&TEXT(COUNTIF($P$5:P64,P64),"000") -> 540423201912005 | B64: 林芝 | C64: 墨脱 | D64: {=INDEX(附件2!$D:$D,MATCH(E64,附件2!$E:$E,0))} -> 2019 | E64: 墨脱县德兴乡荷扎村茶叶加工厂建设项目 | F64: 墨脱县城乡振兴产业有限公司 | G64: 荷扎村 | H64: 新建茶叶加工厂1639.48平方米、设备房543.9平方米、道路硬化506.52平方米、硬质铺地613.8平方米、绿化工程849.46 平方米、围墙263.16米、大门1座、引水管网1200米、排水沟221.6米、土石方工程及室外电气工程和总体给排水工程等附属工程。 | I64: =J64+K64 -> 1798.65 | J64: =VLOOKUP(E64,附件2!$E$9:$I$410,5,0)/10000 -> 1798.65 | K64: =VLOOKUP(E64,附件2!E:AF,28,0)/10000 -> 0 | L64: =M64+N64 -> 1158.4035 | M64: =VLOOKUP(E64,附件2!$E:$BE,30,0)/10000 -> 1158.4035 | N64: =VLOOKUP(E64,附件2!$E:$BE,53,0)/10000 -> 0 | O64: 经营类 | P64: 茶 | Q64: 巩固 | R64: 巩固 | S64: 是 | T64: 委托运营 | U64: 私企 | V64: 林芝墨脱茶业有限公司 | W64: 是 | X64: 2021.06 | Y64: 10年 | Z64: 租赁内容：坐落于墨脱县德兴乡荷扎村，该房屋为：新建茶叶加工厂1639.48平方米、设备房543.9平方米及其附属工程（绿化工程849.46平方米，道路硬化工程506.52平方米及总体给排水、总体电气工程等），现已简易装修，该房屋未设定抵押。 租赁用途：以茶叶加工厂形式运营。 | AA64: 有现场照片。 墨脱县城乡振兴产业有限公司向墨脱县各乡镇脱贫监测户进行分红情况： 现已累计向脱贫监测户分红1086.98万元，其中分年度发放情况为2020年73.20万元（人均279.7元）、2022年105.25万元（人均384元）、2023年333.90万元（人均1263.34元）、2024年360.35万元（人均1472元）、2025年214.29万元（人均757.73元）。 | AB64: 0 | AC64: 墨脱县农业农村局 | AD64: =VLOOKUP(E:E,'附件5-1'!D:P,8,FALSE) -> 墨脱县城乡振兴产业有限公司 | AG64: =D64 -> 2019 | AH64: =A64 -> 540423201912005
A65: =540423&D65&VLOOKUP(P65,{"青稞","01";"小麦","02";"饲料","03";"牦牛","04";"乳","05";"羊","06";"猪","07";"鸡","08";"蜂","09";"鱼虾","10";"藏药","11";"茶","12";"葡萄","13";"苹果","14";"猕猴桃","15";"设施农业","16";"乡村旅游","17";"商贸流通","18";"其他","19"},2,FALSE)&TEXT(COUNTIF($P$5:P65,P65),"000") -> 540423201918013 | B65: 林芝 | C65: 墨脱 | D65: 2019 | E65: 墨脱县德兴乡德兴村藤网桥农副产品销售点（挡土墙）项目 | F65: 德兴乡 | G65: 德兴村 | H65: 新建挡土墙 350.05平方米，网围 25.8米，给1500米排水等 | I65: =J65+K65 -> 28.17 | J65: =VLOOKUP(E65,附件2!$E$9:$I$410,5,0)/10000 -> 28.17 | K65: =VLOOKUP(E65,附件2!E:AF,28,0)/10000 -> 0 | L65: =M65+N65 -> 28.1695 | M65: =VLOOKUP(E65,附件2!$E:$BE,30,0)/10000 -> 28.1695 | N65: =VLOOKUP(E65,附件2!$E:$BE,53,0)/10000 -> 0 | O65: 公益类 | P65: 商贸流通 | Q65: 巩固 | R65: - | S65: - | T65: - | U65: - | V65: - | W65: - | X65: - | Y65: - | Z65: - | AA65: - | AB65: - | AC65: - | AD65: =VLOOKUP(E:E,'附件5-1'!D:P,8,FALSE) -> 德兴乡德兴村股份经济合作社 | AG65: =D65 -> 2019 | AH65: =A65 -> 540423201918013
A66: =540423&D66&VLOOKUP(P66,{"青稞","01";"小麦","02";"饲料","03";"牦牛","04";"乳","05";"羊","06";"猪","07";"鸡","08";"蜂","09";"鱼虾","10";"藏药","11";"茶","12";"葡萄","13";"苹果","14";"猕猴桃","15";"设施农业","16";"乡村旅游","17";"商贸流通","18";"其他","19"},2,FALSE)&TEXT(COUNTIF($P$5:P66,P66),"000") -> 540423201616008 | B66: 林芝 | C66: 墨脱 | D66: {=INDEX(附件2!$D:$D,MATCH(E66,附件2!$E:$E,0))} -> 2016 | E66: 墨脱县加热萨乡久当卡搬迁安置点蔬菜大棚、猪舍及牛舍建设项目 | F66: 墨脱镇 | G66: 朗杰岗村 | H66: 核定新建蔬菜大棚1700.08平方米、1#猪舍453.08平方米、2#猪舍509.48平方米、牛舍504.68平方米、排水沟187米、挡土墙1223.09立方米、水泥硬化地面360平方米、3.5m宽混凝土道路1809.5平方米及土石方工程和总平给排水工程等附属工程 | I66: =J66+K66 -> 591.769 | J66: =VLOOKUP(E66,附件2!$E$9:$I$410,5,0)/10000 -> 591.769 | K66: =VLOOKUP(E66,附件2!E:AF,28,0)/10000 -> 0 | L66: =M66+N66 -> 576.42 | M66: =VLOOKUP(E66,附件2!$E:$BE,30,0)/10000 -> 576.42 | N66: =VLOOKUP(E66,附件2!$E:$BE,53,0)/10000 -> 0 | O66: 经营类 | P66: 设施农业 | Q66: 巩固 | R66: 巩固 | S66: 否 | T66: 委托运营 | U66: 私企 | V66: 林芝鑫海畜业有限公司 | W66: 是 | X66: 2023.12 | Y66: - | Z66: - | AA66: 有现场盘点照片，有情况说明。 朗杰岗村2023年猪圈牛圈分红共40800.00元，覆盖34户每户1200.00元。 朗杰岗村2024年猪圈牛棚分红共49280.00元，覆盖32户每户1540.00元，于2024年1月8日。 朗杰岗村2025年猪圈牛棚分红共61710.00元，覆盖33户每户1870.00元，于2025年1月2日。 朗杰岗村2026年猪圈牛棚分红共61200.00元，覆盖34户每户1800.00元。 截止2026年8月共计分红212990.00元。 | AB66: 0 | AC66: 墨脱县农业农村局 | AD66: =VLOOKUP(E:E,'附件5-1'!D:P,8,FALSE) -> 朗杰岗村股份经济合作社 | AG66: =D66 -> 2016 | AH66: =A66 -> 540423201616008
A67: =540423&D67&VLOOKUP(P67,{"青稞","01";"小麦","02";"饲料","03";"牦牛","04";"乳","05";"羊","06";"猪","07";"鸡","08";"蜂","09";"鱼虾","10";"藏药","11";"茶","12";"葡萄","13";"苹果","14";"猕猴桃","15";"设施农业","16";"乡村旅游","17";"商贸流通","18";"其他","19"},2,FALSE)&TEXT(COUNTIF($P$5:P67,P67),"000") -> 540423202212006 | B67: 林芝 | C67: 墨脱 | D67: 2022 | E67: 墨脱县德兴乡荷扎村产业配套设施项目 | F67: 德兴乡 | G67: 荷扎村 | H67: 修建茶叶基地道路4公里 | I67: =J67+K67 -> 1000 | J67: =VLOOKUP(E67,附件2!$E$9:$I$410,5,0)/10000 -> 0 | K67: =VLOOKUP(E67,附件2!E:AF,28,0)/10000 -> 1000 | L67: =M67+N67 -> 1000 | M67: =VLOOKUP(E67,附件2!$E:$BE,30,0)/10000 -> 0 | N67: =VLOOKUP(E67,附件2!$E:$BE,53,0)/10000 -> 1000 | O67: 公益类 | P67: 茶 | Q67: 巩固 | R67: - | S67: - | T67: - | U67: - | V67: - | W67: - | X67: - | Y67: - | Z67: - | AA67: - | AB67: - | AC67: - | AD67: =VLOOKUP(E:E,'附件5-1'!D:P,8,FALSE) -> 德兴乡荷扎村股份经济合作社 | AG67: =D67 -> 2022 | AH67: =A67 -> 540423202212006
A68: =540423&D68&VLOOKUP(P68,{"青稞","01";"小麦","02";"饲料","03";"牦牛","04";"乳","05";"羊","06";"猪","07";"鸡","08";"蜂","09";"鱼虾","10";"藏药","11";"茶","12";"葡萄","13";"苹果","14";"猕猴桃","15";"设施农业","16";"乡村旅游","17";"商贸流通","18";"其他","19"},2,FALSE)&TEXT(COUNTIF($P$5:P68,P68),"000") -> 540423202112007 | B68: 林芝 | C68: 墨脱 | D68: {=INDEX(附件2!$D:$D,MATCH(E68,附件2!$E:$E,0))} -> 2021 | E68: 墨脱县达木乡茶叶杀青点建设项目 | F68: 墨脱县城乡振兴产业有限公司 | G68: 卡布村 | H68: 核定新建茶叶杀青点加工厂1163.52平方米、硬化工程586.33平方米、围墙138.98米、挡土墙1124.4立方米、大门1座、土方石工程及总体电气工程和给排水工程等。 | I68: =J68+K68 -> 1000 | J68: =VLOOKUP(E68,附件2!$E$9:$I$410,5,0)/10000 -> 1000 | K68: =VLOOKUP(E68,附件2!E:AF,28,0)/10000 -> 0 | L68: =M68+N68 -> 853.96245 | M68: =VLOOKUP(E68,附件2!$E:$BE,30,0)/10000 -> 853.96245 | N68: =VLOOKUP(E68,附件2!$E:$BE,53,0)/10000 -> 0 | O68: 经营类 | P68: 茶 | Q68: 巩固 | R68: 盘活 | S68: 是 | T68: 委托运营 | U68: 国企 | V68: 林芝墨脱单丛茶业有限公司 | W68: 是 | X68: 2024.03 | Y68: 20年 | Z68: 租赁内容：该房屋坐落于墨脱县达木乡达木村，该房屋为：新建茶叶加工厂1163.51平方米、硬化工程586.33平方米、围墙138.98米，挡土墙1124.4立方米，大门1座，土石方工程及总体电气工程和总体给排水工程等相关附属设施工程。现已简易装修，该房屋未设定抵押。 租赁用途：以茶叶加工厂形式经营。 | AB68: 0 | AC68: 墨脱县农业农村局 | AD68: =VLOOKUP(E:E,'附件5-1'!D:P,8,FALSE) -> 墨脱县城乡振兴产业有限公司 | AG68: =D68 -> 2021 | AH68: =A68 -> 540423202112007
A69: =540423&D69&VLOOKUP(P69,{"青稞","01";"小麦","02";"饲料","03";"牦牛","04";"乳","05";"羊","06";"猪","07";"鸡","08";"蜂","09";"鱼虾","10";"藏药","11";"茶","12";"葡萄","13";"苹果","14";"猕猴桃","15";"设施农业","16";"乡村旅游","17";"商贸流通","18";"其他","19"},2,FALSE)&TEXT(COUNTIF($P$5:P69,P69),"000") -> 540423202112008 | B69: 林芝 | C69: 墨脱 | D69: {=INDEX(附件2!$D:$D,MATCH(E69,附件2!$E:$E,0))} -> 2021 | E69: 墨脱县格当乡茶叶杀青点建设项目 | F69: 墨脱县城乡振兴产业有限公司 | G69: 占根卡村 | H69: 新建茶叶加工厂1147.84平方米、消防水池及泵房193.39平方米、硬化工程1783.28平方米、挡土墙1150.34立方米、围墙236米、大门1座及土方石工程、总平电气和总平给排水工程等。 | I69: =J69+K69 -> 1000 | J69: =VLOOKUP(E69,附件2!$E$9:$I$410,5,0)/10000 -> 1000 | K69: =VLOOKUP(E69,附件2!E:AF,28,0)/10000 -> 0 | L69: =M69+N69 -> 727.0913 | M69: =VLOOKUP(E69,附件2!$E:$BE,30,0)/10000 -> 727.0913 | N69: =VLOOKUP(E69,附件2!$E:$BE,53,0)/10000 -> 0 | O69: 经营类 | P69: 茶 | Q69: 巩固 | R69: 盘活 | S69: 否 | T69: - | U69: - | V69: - | W69: - | X69: - | Y69: - | Z69: - | AA69: - | AB69: 0 | AC69: 墨脱县农业农村局 | AD69: =VLOOKUP(E:E,'附件5-1'!D:P,8,FALSE) -> 墨脱县城乡振兴产业有限公司 | AG69: =D69 -> 2021 | AH69: =A69 -> 540423202112008
A70: =540423&D70&VLOOKUP(P70,{"青稞","01";"小麦","02";"饲料","03";"牦牛","04";"乳","05";"羊","06";"猪","07";"鸡","08";"蜂","09";"鱼虾","10";"藏药","11";"茶","12";"葡萄","13";"苹果","14";"猕猴桃","15";"设施农业","16";"乡村旅游","17";"商贸流通","18";"其他","19"},2,FALSE)&TEXT(COUNTIF($P$5:P70,P70),"000") -> 540423202112009 | B70: 林芝 | C70: 墨脱 | D70: {=INDEX(附件2!$D:$D,MATCH(E70,附件2!$E:$E,0))} -> 2021 | E70: 墨脱县帮辛乡茶叶杀青点建设项目 | F70: 墨脱县城乡振兴产业有限公司 | G70: 帮辛村 | H70: 新建茶叶加工厂1163.51平方米、硬化工程461.16平方米、道路工程356.93平方米、围墙162.87米、挡土墙1040.1立方米、大门1座，土方石工程及其他附属设施 | I70: =J70+K70 -> 1000 | J70: =VLOOKUP(E70,附件2!$E$9:$I$410,5,0)/10000 -> 1000 | K70: =VLOOKUP(E70,附件2!E:AF,28,0)/10000 -> 0 | L70: =M70+N70 -> 820.77944 | M70: =VLOOKUP(E70,附件2!$E:$BE,30,0)/10000 -> 820.77944 | N70: =VLOOKUP(E70,附件2!$E:$BE,53,0)/10000 -> 0 | O70: 经营类 | P70: 茶 | Q70: 巩固 | R70: 调整 | S70: 否 | T70: - | U70: - | V70: - | W70: - | X70: - | Y70: - | Z70: - | AA70: - | AB70: 0 | AC70: 墨脱县农业农村局 | AD70: =VLOOKUP(E:E,'附件5-1'!D:P,8,FALSE) -> 墨脱县城乡振兴产业有限公司 | AE70: 上三乡搬迁调整项目 | AG70: =D70 -> 2021 | AH70: =A70 -> 540423202112009
A71: =540423&D71&VLOOKUP(P71,{"青稞","01";"小麦","02";"饲料","03";"牦牛","04";"乳","05";"羊","06";"猪","07";"鸡","08";"蜂","09";"鱼虾","10";"藏药","11";"茶","12";"葡萄","13";"苹果","14";"猕猴桃","15";"设施农业","16";"乡村旅游","17";"商贸流通","18";"其他","19"},2,FALSE)&TEXT(COUNTIF($P$5:P71,P71),"000") -> 540423202112010 | B71: 林芝 | C71: 墨脱 | D71: {=INDEX(附件2!$D:$D,MATCH(E71,附件2!$E:$E,0))} -> 2021 | E71: 墨脱县背崩乡背崩村茶叶加工厂建设项目 | F71: 墨脱县城乡振兴产业有限公司 | G71: 背崩村 | H71: 新建茶叶加工厂3698.74平方米、道路硬化526.64平方米、硬质铺地1072.32平方米、挡土墙1018.8立方米、绿化工程599.23平方米、围墙170.94米、大门1座、引水管网1200米、排水沟146.04米土石方工程及室外电气工程和总体给排水工程等附属工程。 | I71: =J71+K71 -> 1888.7 | J71: =VLOOKUP(E71,附件2!$E$9:$I$410,5,0)/10000 -> 1888.7 | K71: =VLOOKUP(E71,附件2!E:AF,28,0)/10000 -> 0 | L71: =M71+N71 -> 1876.8329 | M71: =VLOOKUP(E71,附件2!$E:$BE,30,0)/10000 -> 1876.8329 | N71: =VLOOKUP(E71,附件2!$E:$BE,53,0)/10000 -> 0 | O71: 经营类 | P71: 茶 | Q71: 巩固 | R71: 调整 | S71: 是 | T71: 委托运营 | U71: 私企 | V71: 林芝市墨脱茶叶有限公司 | W71: 是 | X71: 2024.04 | Y71: 1年 | Z71: 租赁内容：该房屋坐落于墨脱县背崩乡背崩村，该房屋为:新建茶叶加工厂3698.74平方米、绿化工程599.23平方米、道路 硬化工程526.64平方米、硬质铺地1072.32平方米、及总体给排水、总体电气工程等。 租赁用途：以茶叶加工厂形式经营。 | AB71: 0 | AC71: 墨脱县农业农村局 | AD71: =VLOOKUP(E:E,'附件5-1'!D:P,8,FALSE) -> 墨脱县城乡振兴产业有限公司 | AG71: =D71 -> 2021 | AH71: =A71 -> 540423202112010
A72: =540423&D72&VLOOKUP(P72,{"青稞","01";"小麦","02";"饲料","03";"牦牛","04";"乳","05";"羊","06";"猪","07";"鸡","08";"蜂","09";"鱼虾","10";"藏药","11";"茶","12";"葡萄","13";"苹果","14";"猕猴桃","15";"设施农业","16";"乡村旅游","17";"商贸流通","18";"其他","19"},2,FALSE)&TEXT(COUNTIF($P$5:P72,P72),"000") -> 540423202112011 | B72: 林芝 | C72: 墨脱 | D72: 2021 | E72: 背崩乡格林村乡村旅游发展茶叶基地建设汽车帐篷营地项目 | F72: 甘登乡 | G72: 格林村 | H72: 核定新建木栈道987.33米，观景台1座及垃圾桶等工程。 | I72: =J72+K72 -> 449.22 | J72: =VLOOKUP(E72,附件2!$E$9:$I$410,5,0)/10000 -> 449.22 | K72: =VLOOKUP(E72,附件2!E:AF,28,0)/10000 -> 0 | L72: =M72+N72 -> 449.22 | M72: =VLOOKUP(E72,附件2!$E:$BE,30,0)/10000 -> 449.22 | N72: =VLOOKUP(E72,附件2!$E:$BE,53,0)/10000 -> 0 | O72: 公益类 | P72: 茶 | Q72: 巩固 | R72: - | S72: - | T72: - | U72: - | V72: - | W72: - | X72: - | Y72: - | Z72: - | AA72: - | AB72: - | AC72: - | AD72: =VLOOKUP(E:E,'附件5-1'!D:P,8,FALSE) -> 甘登乡格林村股份经济合作社 | AG72: =D72 -> 2021 | AH72: =A72 -> 540423202112011
A73: =540423&D73&VLOOKUP(P73,{"青稞","01";"小麦","02";"饲料","03";"牦牛","04";"乳","05";"羊","06";"猪","07";"鸡","08";"蜂","09";"鱼虾","10";"藏药","11";"茶","12";"葡萄","13";"苹果","14";"猕猴桃","15";"设施农业","16";"乡村旅游","17";"商贸流通","18";"其他","19"},2,FALSE)&TEXT(COUNTIF($P$5:P73,P73),"000") -> 540423202112012 | B73: 林芝 | C73: 墨脱 | D73: {=INDEX(附件2!$D:$D,MATCH(E73,附件2!$E:$E,0))} -> 2021 | E73: 墨脱县背崩乡格林村茶旅融合产业发展项目 | F73: 甘登乡 | G73: 格林村 | H73: 地块1#:游客服务中心砼硬化569.59平方米，游客服务中心用地挖方206.97立方米，局部混凝土硬化201.08平方米及给排水、电气、建筑、装饰等工程;地块2#:新建垃圾池16.45平方米，场地平整|2028.24平方米及人行道、观景亭等附属设施;地块3#:新进轻奢小屋180.15平方米、厕所59.40平方米，场地平整4550.13平方米、铁艺大门2座，新建网围栏741.55米及给排水、电气、装饰等工程;地块4#场地平整900.51平方米、浆砌毛石排水沟145.11米等附属设施;地块5#场地平整654.34平方米、浆砌毛石排水沟104.59米;地块6#健身区硬化817.54平方米、浆砌毛石排水沟78.74米、砌砖花池50平方米、健身器材8套等附属设施。 | I73: =J73+K73 -> 1264.9309 | J73: =VLOOKUP(E73,附件2!$E$9:$I$410,5,0)/10000 -> 1130.7 | K73: =VLOOKUP(E73,附件2!E:AF,28,0)/10000 -> 134.23091 | L73: =M73+N73 -> 1264.9309 | M73: =VLOOKUP(E73,附件2!$E:$BE,30,0)/10000 -> 1130.7 | N73: =VLOOKUP(E73,附件2!$E:$BE,53,0)/10000 -> 134.23091 | O73: 经营类 | P73: 茶 | Q73: 巩固 | R73: 巩固 | S73: 是 | T73: 委托运营 | U73: 私企 | V73: 1：西藏墨脱极致秘境旅游发展有限公司 2：西藏林芝墨脱十宝茶叶有限公司 | W73: 是 | X73: 1：2024.08 2：2024.08 | Y73: 1：5年 2：5年 | Z73: 1： 租赁内容：格林村小村庄康养中心 租赁用途：格林村小村庄旅游项目的开发、餐饮、名宿的经营、门巴文化的展示等。 2： 租赁内容：格林村游客中心一楼 租赁用途：格林村游客中心一楼（除餐厅）打造村企合作的墨脱十宝店，包括但不限于格林村茶叶展销、农副产品展销、门巴文创产品经营等。 | AA73: 有现场照片。 一、格林村村集体集中分红情况： 1、2023年3月2日分红2022年度99200.00元，覆盖32户每户3100.00元。（按户分红） 2、2024年1月11日分红2023年度99600.00元，覆盖32户每户3112.5元。（按户分红） 3、2025年1月4日分红2024年度70000.00元，覆盖32户每户2187.5元。（按户分红） 4、2026年2月13日分红2025年度79414.00元，覆盖32户118人每人673元。补发2024年个人分红636元。（按个人分红） 5、2026年2月13日分红2025年度120000.00元，覆盖32户每户3750.00元。（按户分红） 二、该项目单独统计分红情况： 1、2024年1月29日分红2023年度个人分红共计73859.00元，覆盖116人。 2、2025年1月4日分红2024年度个人分红共计86000.00元，覆盖115人。 | AB73: 0 | AC73: 墨脱县农业农村局 | AD73: =VLOOKUP(E:E,'附件5-1'!D:P,8,FALSE) -> 格林村股份经济合作社 | AG73: =D73 -> 2021 | AH73: =A73 -> 540423202112012
A74: =540423&D74&VLOOKUP(P74,{"青稞","01";"小麦","02";"饲料","03";"牦牛","04";"乳","05";"羊","06";"猪","07";"鸡","08";"蜂","09";"鱼虾","10";"藏药","11";"茶","12";"葡萄","13";"苹果","14";"猕猴桃","15";"设施农业","16";"乡村旅游","17";"商贸流通","18";"其他","19"},2,FALSE)&TEXT(COUNTIF($P$5:P74,P74),"000") -> 540423202112013 | B74: 林芝 | C74: 墨脱 | D74: 2021 | E74: 背崩乡背崩村茶产业配套基础设施建设项目 | F74: 墨脱县城乡振兴产业有限公司 | G74: 背崩村 | H74: 新建长1380.107米，路基宽度3.5米，路面宽度3米的基础设施及其他配套项目 | I74: =J74+K74 -> 314.06 | J74: =VLOOKUP(E74,附件2!$E$9:$I$410,5,0)/10000 -> 314.06 | K74: =VLOOKUP(E74,附件2!E:AF,28,0)/10000 -> 0 | L74: =M74+N74 -> 303.55 | M74: =VLOOKUP(E74,附件2!$E:$BE,30,0)/10000 -> 303.55 | N74: =VLOOKUP(E74,附件2!$E:$BE,53,0)/10000 -> 0 | O74: 公益类 | P74: 茶 | Q74: 巩固 | R74: - | S74: - | T74: - | U74: - | V74: - | W74: - | X74: - | Y74: - | Z74: - | AA74: - | AB74: - | AC74: - | AD74: =VLOOKUP(E:E,'附件5-1'!D:P,8,FALSE) -> 背崩村股份经济合作社 | AG74: =D74 -> 2021 | AH74: =A74 -> 540423202112013
A75: =540423&D75&VLOOKUP(P75,{"青稞","01";"小麦","02";"饲料","03";"牦牛","04";"乳","05";"羊","06";"猪","07";"鸡","08";"蜂","09";"鱼虾","10";"藏药","11";"茶","12";"葡萄","13";"苹果","14";"猕猴桃","15";"设施农业","16";"乡村旅游","17";"商贸流通","18";"其他","19"},2,FALSE)&TEXT(COUNTIF($P$5:P75,P75),"000") -> 540423202112014 | B75: 林芝 | C75: 墨脱 | D75: 2021 | E75: 墨脱镇果果塘茶产业配套基础设施建设项目 | F75: 墨脱镇 | G75: 亚让村 | H75: 新建长417.966米，宽度3米，两侧设土路肩0.25米的基础设施及其他配套项目 | I75: =J75+K75 -> 47.82 | J75: =VLOOKUP(E75,附件2!$E$9:$I$410,5,0)/10000 -> 47.82 | K75: =VLOOKUP(E75,附件2!E:AF,28,0)/10000 -> 0 | L75: =M75+N75 -> 47.82 | M75: =VLOOKUP(E75,附件2!$E:$BE,30,0)/10000 -> 47.82 | N75: =VLOOKUP(E75,附件2!$E:$BE,53,0)/10000 -> 0 | O75: 公益类 | P75: 茶 | Q75: 巩固 | R75: - | S75: - | T75: - | U75: - | V75: - | W75: - | X75: - | Y75: - | Z75: - | AA75: - | AB75: - | AC75: - | AD75: =VLOOKUP(E:E,'附件5-1'!D:P,8,FALSE) -> 墨脱镇亚让村股份经济合作社 | AG75: =D75 -> 2021 | AH75: =A75 -> 540423202112014
A76: =540423&D76&VLOOKUP(P76,{"青稞","01";"小麦","02";"饲料","03";"牦牛","04";"乳","05";"羊","06";"猪","07";"鸡","08";"蜂","09";"鱼虾","10";"藏药","11";"茶","12";"葡萄","13";"苹果","14";"猕猴桃","15";"设施农业","16";"乡村旅游","17";"商贸流通","18";"其他","19"},2,FALSE)&TEXT(COUNTIF($P$5:P76,P76),"000") -> 540423202112015 | B76: 林芝 | C76: 墨脱 | D76: 2021 | E76: 墨脱县背崩乡格林村茶产业配套设施项目 | F76: 甘登乡 | G76: 格林村 | H76: 新建道路硬化工程3222.36平方米、挡土墙2000.8立方米、游步道25500平方米、排水沟1370米、波形护栏450米、总体附属工程等。 | I76: =J76+K76 -> 500 | J76: =VLOOKUP(E76,附件2!$E$9:$I$410,5,0)/10000 -> 500 | K76: =VLOOKUP(E76,附件2!E:AF,28,0)/10000 -> 0 | L76: =M76+N76 -> 424.60266 | M76: =VLOOKUP(E76,附件2!$E:$BE,30,0)/10000 -> 424.60266 | N76: =VLOOKUP(E76,附件2!$E:$BE,53,0)/10000 -> 0 | O76: 公益类 | P76: 茶 | Q76: 巩固 | R76: - | S76: - | T76: - | U76: - | V76: - | W76: - | X76: - | Y76: - | Z76: - | AA76: - | AB76: - | AC76: - | AD76: =VLOOKUP(E:E,'附件5-1'!D:P,8,FALSE) -> 甘登乡格林村股份经济合作社 | AG76: =D76 -> 2021 | AH76: =A76 -> 540423202112015
A77: =540423&D77&VLOOKUP(P77,{"青稞","01";"小麦","02";"饲料","03";"牦牛","04";"乳","05";"羊","06";"猪","07";"鸡","08";"蜂","09";"鱼虾","10";"藏药","11";"茶","12";"葡萄","13";"苹果","14";"猕猴桃","15";"设施农业","16";"乡村旅游","17";"商贸流通","18";"其他","19"},2,FALSE)&TEXT(COUNTIF($P$5:P77,P77),"000") -> 540423202119013 | B77: 林芝 | C77: 墨脱 | D77: {=INDEX(附件2!$D:$D,MATCH(E77,附件2!$E:$E,0))} -> 2021 | E77: 墨脱县格当乡菌种厂和产品初加工厂项目 | F77: 格当乡 | G77: 格当村 | H77: 核定新建加工厂798.66平方米、硬化工程396.72平方米、挡土墙210.48立方米、土石方工程及总体电气工程和总体给排水工程等相关附属工程 | I77: =J77+K77 -> 300 | J77: =VLOOKUP(E77,附件2!$E$9:$I$410,5,0)/10000 -> 300 | K77: =VLOOKUP(E77,附件2!E:AF,28,0)/10000 -> 0 | L77: =M77+N77 -> 251.09362 | M77: =VLOOKUP(E77,附件2!$E:$BE,30,0)/10000 -> 251.09362 | N77: =VLOOKUP(E77,附件2!$E:$BE,53,0)/10000 -> 0 | O77: 经营类 | P77: 其他 | Q77: 巩固 | R77: 巩固 | AB77: 0 | AC77: 墨脱县农业农村局 | AD77: =VLOOKUP(E:E,'附件5-1'!D:P,8,FALSE) -> 格当村股份经济合作社 | AG77: =D77 -> 2021 | AH77: =A77 -> 540423202119013
A78: =540423&D78&VLOOKUP(P78,{"青稞","01";"小麦","02";"饲料","03";"牦牛","04";"乳","05";"羊","06";"猪","07";"鸡","08";"蜂","09";"鱼虾","10";"藏药","11";"茶","12";"葡萄","13";"苹果","14";"猕猴桃","15";"设施农业","16";"乡村旅游","17";"商贸流通","18";"其他","19"},2,FALSE)&TEXT(COUNTIF($P$5:P78,P78),"000") -> 540423202117017 | B78: 林芝 | C78: 墨脱 | D78: {=INDEX(附件2!$D:$D,MATCH(E78,附件2!$E:$E,0))} -> 2021 | E78: 墨脱县背崩乡格林村民宿打造项目 | F78: 甘登乡 | G78: 格林村 | H78: 改造民宿1125.48平方米(共6栋，单栋改造面积187.58平方米)、餐厅200.8平方米;购置定制洗手台套装21.6平方米、双人床含床垫12个、客房单人床24个、沙发24个、电视桌24个、实木衣架24个、餐桌8个、圆桌8个、收银台1个、装饰画68套、窗帘1800平方米、液晶电视24个等设备 | I78: =J78+K78 -> 317.74 | J78: =VLOOKUP(E78,附件2!$E$9:$I$410,5,0)/10000 -> 300 | K78: =VLOOKUP(E78,附件2!E:AF,28,0)/10000 -> 17.74 | L78: =M78+N78 -> 306.86877 | M78: =VLOOKUP(E78,附件2!$E:$BE,30,0)/10000 -> 300 | N78: =VLOOKUP(E78,附件2!$E:$BE,53,0)/10000 -> 6.868766 | O78: 经营类 | P78: 乡村旅游 | Q78: 巩固 | R78: 巩固 | S78: - | T78: - | U78: - | V78: - | W78: - | X78: - | Y78: - | Z78: - | AA78: - | AB78: - | AC78: - | AD78: =VLOOKUP(E:E,'附件5-1'!D:P,8,FALSE) -> 格林村股份经济合作社 | AG78: =D78 -> 2021 | AH78: =A78 -> 540423202117017
A79: =540423&D79&VLOOKUP(P79,{"青稞","01";"小麦","02";"饲料","03";"牦牛","04";"乳","05";"羊","06";"猪","07";"鸡","08";"蜂","09";"鱼虾","10";"藏药","11";"茶","12";"葡萄","13";"苹果","14";"猕猴桃","15";"设施农业","16";"乡村旅游","17";"商贸流通","18";"其他","19"},2,FALSE)&TEXT(COUNTIF($P$5:P79,P79),"000") -> 540423202117018 | B79: 林芝 | C79: 墨脱 | D79: {=INDEX(附件2!$D:$D,MATCH(E79,附件2!$E:$E,0))} -> 2021 | E79: 墨脱县背崩乡地东村边境旅游产业项目 | F79: 背崩乡 | G79: 地东村 | H79: 新建集体经济综合楼809.2平方米及给排水、强弱电等附属工程 | I79: =J79+K79 -> 364.17 | J79: =VLOOKUP(E79,附件2!$E$9:$I$410,5,0)/10000 -> 229.321 | K79: =VLOOKUP(E79,附件2!E:AF,28,0)/10000 -> 134.849 | L79: =M79+N79 -> 350.19239 | M79: =VLOOKUP(E79,附件2!$E:$BE,30,0)/10000 -> 229.321 | N79: =VLOOKUP(E79,附件2!$E:$BE,53,0)/10000 -> 120.8714 | O79: 经营类 | P79: 乡村旅游 | Q79: 巩固 | R79: 巩固 | S79: 是 | T79: 委托运营 | U79: 国企 | V79: 长江勘测规划设计研究有限责任公司 | W79: 是 | X79: 2026.07 | Y79: 1年 | Z79: 租赁内容：坐落于西藏林芝市墨脱县背崩乡地东村，建筑面积1618.4㎡，出租建筑面积1618.4㎡。以及地东村的村委会所属农家乐周边坡地（占地面积1300㎡）。 租赁用途：居住、办公。 | AA79: 有现场照片。 背崩乡地东村分红情况： 2023-2024年集资房分红总额192535.2元，覆盖135户594人，于2025年6月18日发放。 2024年第一次分红总额518136元，每人872元，覆盖594人，司机168元，于2025年6月18日发放。 2024年第二次分红总额502046元，每人845元，覆盖594人，司机116元。 | AB79: 0 | AC79: 墨脱县农业农村局 | AD79: =VLOOKUP(E:E,'附件5-1'!D:P,8,FALSE) -> 地东村股份经济合作社 | AG79: =D79 -> 2021 | AH79: =A79 -> 540423202117018
A80: =540423&D80&VLOOKUP(P80,{"青稞","01";"小麦","02";"饲料","03";"牦牛","04";"乳","05";"羊","06";"猪","07";"鸡","08";"蜂","09";"鱼虾","10";"藏药","11";"茶","12";"葡萄","13";"苹果","14";"猕猴桃","15";"设施农业","16";"乡村旅游","17";"商贸流通","18";"其他","19"},2,FALSE)&TEXT(COUNTIF($P$5:P80,P80),"000") -> 540423202112016 | B80: 林芝 | C80: 墨脱 | D80: 2021 | E80: 墨脱县德兴乡德果村茶茶产业配套项目 | F80: 德兴乡 | G80: 德果村 | H80: 新修长2000m，宽3.5m，厚0.2m的茶园机耕道 | I80: =J80+K80 -> 146 | J80: =VLOOKUP(E80,附件2!$E$9:$I$410,5,0)/10000 -> 146 | K80: =VLOOKUP(E80,附件2!E:AF,28,0)/10000 -> 0 | L80: =M80+N80 -> 146 | M80: =VLOOKUP(E80,附件2!$E:$BE,30,0)/10000 -> 146 | N80: =VLOOKUP(E80,附件2!$E:$BE,53,0)/10000 -> 0 | O80: 公益类 | P80: 茶 | Q80: 巩固 | R80: - | S80: - | T80: - | U80: - | V80: - | W80: - | X80: - | Y80: - | Z80: - | AA80: - | AB80: - | AC80: - | AD80: =VLOOKUP(E:E,'附件5-1'!D:P,8,FALSE) -> 德兴乡德果村股份经济合作社 | AG80: =D80 -> 2021 | AH80: =A80 -> 540423202112016
A81: =540423&D81&VLOOKUP(P81,{"青稞","01";"小麦","02";"饲料","03";"牦牛","04";"乳","05";"羊","06";"猪","07";"鸡","08";"蜂","09";"鱼虾","10";"藏药","11";"茶","12";"葡萄","13";"苹果","14";"猕猴桃","15";"设施农业","16";"乡村旅游","17";"商贸流通","18";"其他","19"},2,FALSE)&TEXT(COUNTIF($P$5:P81,P81),"000") -> 540423202119014 | B81: 林芝 | C81: 墨脱 | D81: 2021 | E81: 墨脱县格当乡桑珍卡村食用菌附属设施建设项目 | F81: 格当乡 | G81: 桑珍卡村 | H81: 新建道路硬化 499.94 平方米、网围栏 366.3 米、温棚大门 1 座、晒场 300 平方米、排水沟 128.56 平方米及总体附属工程等。 | I81: =J81+K81 -> 70.92 | J81: =VLOOKUP(E81,附件2!$E$9:$I$410,5,0)/10000 -> 70.92 | K81: =VLOOKUP(E81,附件2!E:AF,28,0)/10000 -> 0 | L81: =M81+N81 -> 69.61 | M81: =VLOOKUP(E81,附件2!$E:$BE,30,0)/10000 -> 69.61 | N81: =VLOOKUP(E81,附件2!$E:$BE,53,0)/10000 -> 0 | O81: 公益类 | P81: 其他 | Q81: 巩固 | R81: - | S81: - | T81: - | U81: - | V81: - | W81: - | X81: - | Y81: - | Z81: - | AA81: - | AB81: - | AC81: - | AD81: =VLOOKUP(E:E,'附件5-1'!D:P,8,FALSE) -> 格当乡桑珍卡村股份经济合作社 | AG81: =D81 -> 2021 | AH81: =A81 -> 540423202119014
A82: =540423&D82&VLOOKUP(P82,{"青稞","01";"小麦","02";"饲料","03";"牦牛","04";"乳","05";"羊","06";"猪","07";"鸡","08";"蜂","09";"鱼虾","10";"藏药","11";"茶","12";"葡萄","13";"苹果","14";"猕猴桃","15";"设施农业","16";"乡村旅游","17";"商贸流通","18";"其他","19"},2,FALSE)&TEXT(COUNTIF($P$5:P82,P82),"000") -> 540423202219015 | B82: 林芝 | C82: 墨脱 | D82: {=INDEX(附件2!$D:$D,MATCH(E82,附件2!$E:$E,0))} -> 2022 | E82: 墨脱县德兴乡荷扎村蜜柚基地提质增效项目 | F82: 德兴乡 | G82: 荷扎村 | H82: 对现有的荷扎村45亩蜜柚基地进行品种改良、品质提升及技术指导，蜜柚基地内，发展养鸡、养鸭，新修40㎡的木质鸡舍2座等设施。 | I82: =J82+K82 -> 80 | J82: =VLOOKUP(E82,附件2!$E$9:$I$410,5,0)/10000 -> 80 | K82: =VLOOKUP(E82,附件2!E:AF,28,0)/10000 -> 0 | L82: =M82+N82 -> 80 | M82: =VLOOKUP(E82,附件2!$E:$BE,30,0)/10000 -> 80 | N82: =VLOOKUP(E82,附件2!$E:$BE,53,0)/10000 -> 0 | O82: 经营类 | P82: 其他 | Q82: 巩固 | R82: 巩固 | S82: 是 | T82: 委托运营 | U82: 私企 | V82: 西藏边城产业发展有限公司 | W82: 是 | X82: 2024.01 | Y82: 5年 | Z82: 租赁内容：荷扎村蜜柚基地（30亩）及其附属设施，位于村委广场东北侧。 租赁用途：促进蜜柚基地及其附属产业不断提升，养殖产业形成稳定规模，蜜柚基地可持续发挥效益。 | AA82: 有现场照片。 荷扎村分红情况： 2024年度分红总额29999.82元，覆盖46户，每户652.17元，于2024年12月11日发放。 2025年度分红总额129996.00元，覆盖46户，每户2826.00元，于2026年1月17日发放。 | AB82: 0 | AC82: 墨脱县农业农村局 | AD82: =VLOOKUP(E:E,'附件5-1'!D:P,8,FALSE) -> 荷扎村股份经济合作社 | AG82: =D82 -> 2022 | AH82: =A82 -> 540423202219015
A83: =540423&D83&VLOOKUP(P83,{"青稞","01";"小麦","02";"饲料","03";"牦牛","04";"乳","05";"羊","06";"猪","07";"鸡","08";"蜂","09";"鱼虾","10";"藏药","11";"茶","12";"葡萄","13";"苹果","14";"猕猴桃","15";"设施农业","16";"乡村旅游","17";"商贸流通","18";"其他","19"},2,FALSE)&TEXT(COUNTIF($P$5:P83,P83),"000") -> 540423202217019 | B83: 林芝 | C83: 墨脱 | D83: {=INDEX(附件2!$D:$D,MATCH(E83,附件2!$E:$E,0))} -> 2022 | E83: 墨脱县背崩乡西让村BJ旅游产业项目 | F83: 背崩乡 | G83: 西让村 | H83: 房建工程551.46平方米、大门1座、硬化工程358.31平方米、绿化工程102.12平方米、围墙工程118.94米、拆除工程及总平电气和总平给排水等附属工程 | I83: =J83+K83 -> 338.24 | J83: =VLOOKUP(E83,附件2!$E$9:$I$410,5,0)/10000 -> 338.24 | K83: =VLOOKUP(E83,附件2!E:AF,28,0)/10000 -> 0 | L83: =M83+N83 -> 329.52932 | M83: =VLOOKUP(E83,附件2!$E:$BE,30,0)/10000 -> 329.52932 | N83: =VLOOKUP(E83,附件2!$E:$BE,53,0)/10000 -> 0 | O83: 经营类 | P83: 乡村旅游 | Q83: 巩固 | R83: 巩固 | S83: 是 | T83: 委托运营 | U83: 国企 | V83: 中铁二局集团有限公司 | W83: 是 | X83: 2025.07 | Y83: 1年 | Z83: 租赁内容：坐落于墨脱县背崩乡西让村村口，一整栋楼，共计2层楼房屋，建筑面积486.08㎡，租赁范围含房屋周边院落，总占地面积约1773.04㎡。 | AA83: 有现场盘点照片。 西让村分红情况：2025年11月7日分红总额27.6万元，覆盖184人按每人1500.00元。 | AB83: 0 | AC83: 墨脱县农业农村局 | AD83: =VLOOKUP(E:E,'附件5-1'!D:P,8,FALSE) -> 西让村股份经济合作社 | AG83: =D83 -> 2022 | AH83: =A83 -> 540423202217019
A84: =540423&D84&VLOOKUP(P84,{"青稞","01";"小麦","02";"饲料","03";"牦牛","04";"乳","05";"羊","06";"猪","07";"鸡","08";"蜂","09";"鱼虾","10";"藏药","11";"茶","12";"葡萄","13";"苹果","14";"猕猴桃","15";"设施农业","16";"乡村旅游","17";"商贸流通","18";"其他","19"},2,FALSE)&TEXT(COUNTIF($P$5:P84,P84),"000") -> 540423202217020 | B84: 林芝 | C84: 墨脱 | D84: {=INDEX(附件2!$D:$D,MATCH(E84,附件2!$E:$E,0))} -> 2022 | E84: 墨脱县墨脱镇亚东村BJ旅游产业项目 | F84: 墨脱镇 | G84: 亚东村 | H84: 核定改造接待处(餐厅)247.98平方米、新建水中亭87.4平方米(单栋21.85平方米，共4栋)、锦帆厅71.66平方米、道路硬化805.37平方米、钓鱼 台4座、亲水平台35.7平方米、栈道52.95平方米、 绿化1403.77平方米、鱼塘清淤及塘边混凝土坑渗 处理2434.62平方米及拆除工程、总体给排水和总 体电气等附属工程。 | I84: =J84+K84 -> 326.25 | J84: =VLOOKUP(E84,附件2!$E$9:$I$410,5,0)/10000 -> 326.25 | K84: =VLOOKUP(E84,附件2!E:AF,28,0)/10000 -> 0 | L84: =M84+N84 -> 324.53562 | M84: =VLOOKUP(E84,附件2!$E:$BE,30,0)/10000 -> 324.53562 | N84: =VLOOKUP(E84,附件2!$E:$BE,53,0)/10000 -> 0 | O84: 经营类 | P84: 乡村旅游 | Q84: 巩固 | R84: 巩固 | S84: 是 | T84: 委托运营 | U84: 个体工商户 | V84: 罗孝国 | W84: 是 | X84: 2024.06 | Y84: 9年 | Z84: 租赁内容：坐落亚东村，场地地址亚东农庄旁集体所有土地，约占地3亩。 | AA84: 有现场照片，有情况说明。 墨脱镇亚东村分红情况：2026年度分红总额为83.4元，覆盖834人，每人分红1000元。该项目该村2016—2020年，该项目累计分红3.5万元，覆盖34人，其中33人按200元/人/年标准发放，1名脱贫户按400元/人/年倾斜支持；2021—2022年保持人均200元/年标准，年分红总额6800元。 | AB84: 0 | AC84: 墨脱县农业农村局 | AD84: =VLOOKUP(E:E,'附件5-1'!D:P,8,FALSE) -> 亚东村股份经济合作社 | AG84: =D84 -> 2022 | AH84: =A84 -> 540423202217020
A85: =540423&D85&VLOOKUP(P85,{"青稞","01";"小麦","02";"饲料","03";"牦牛","04";"乳","05";"羊","06";"猪","07";"鸡","08";"蜂","09";"鱼虾","10";"藏药","11";"茶","12";"葡萄","13";"苹果","14";"猕猴桃","15";"设施农业","16";"乡村旅游","17";"商贸流通","18";"其他","19"},2,FALSE)&TEXT(COUNTIF($P$5:P85,P85),"000") -> 540423202216009 | B85: 林芝 | C85: 墨脱 | D85: 2022 | E85: 墨脱县背崩乡德尔贡村水稻产业配套项目 | F85: 甘登乡 | G85: 德尔贡村 | H85: 新修水田灌溉水渠3000m，60*60cm等。 | I85: =J85+K85 -> 395.46 | J85: =VLOOKUP(E85,附件2!$E$9:$I$410,5,0)/10000 -> 395.46 | K85: =VLOOKUP(E85,附件2!E:AF,28,0)/10000 -> 0 | L85: =M85+N85 -> 395.46 | M85: =VLOOKUP(E85,附件2!$E:$BE,30,0)/10000 -> 395.46 | N85: =VLOOKUP(E85,附件2!$E:$BE,53,0)/10000 -> 0 | O85: 公益类 | P85: 设施农业 | Q85: 巩固 | R85: - | S85: - | T85: - | U85: - | V85: - | W85: - | X85: - | Y85: - | Z85: - | AA85: - | AB85: - | AC85: - | AD85: =VLOOKUP(E:E,'附件5-1'!D:P,8,FALSE) -> 甘登乡德尔贡村股份经济合作社 | AG85: =D85 -> 2022 | AH85: =A85 -> 540423202216009
A86: =540423&D86&VLOOKUP(P86,{"青稞","01";"小麦","02";"饲料","03";"牦牛","04";"乳","05";"羊","06";"猪","07";"鸡","08";"蜂","09";"鱼虾","10";"藏药","11";"茶","12";"葡萄","13";"苹果","14";"猕猴桃","15";"设施农业","16";"乡村旅游","17";"商贸流通","18";"其他","19"},2,FALSE)&TEXT(COUNTIF($P$5:P86,P86),"000") -> 540423202208001 | B86: 林芝 | C86: 墨脱 | D86: {=INDEX(附件2!$D:$D,MATCH(E86,附件2!$E:$E,0))} -> 2022 | E86: 墨脱县达木乡茶禽养殖项目 | F86: 达木乡、甘登乡 | G86: 珠村 达木村 | H86: 1、选取达木村电站茶场15亩茶园，架设网围栏680米，铺设饮水管道800米，新建简易木制结构家禽棚舍约105m²，蓄水池占地9m²。项目区接通市电用于生活照明;分两期共引进鸡苗900只、鸭苗100只、鹅苗100只及配套设备，购买饲料一吨等。2、选取珠村珠次茶场40亩茶园，架设网围栏700米，铺设饮水管道800米，新建简易木制结构家禽棚舍约105m，蓄水池占地9m。新建管理人员生活、值班等简易牧房占地30m²。分两期共引进鸡苗900只、鸭苗50只、鹅苗50只及配套设备，购买饲料一吨等。 | I86: =J86+K86 -> 78.90063 | J86: =VLOOKUP(E86,附件2!$E$9:$I$410,5,0)/10000 -> 78.90063 | K86: =VLOOKUP(E86,附件2!E:AF,28,0)/10000 -> 0 | L86: =M86+N86 -> 78.90063 | M86: =VLOOKUP(E86,附件2!$E:$BE,30,0)/10000 -> 78.90063 | N86: =VLOOKUP(E86,附件2!$E:$BE,53,0)/10000 -> 0 | O86: 经营类 | P86: 鸡 | Q86: 调整 | R86: 调整 | S86: 否 | T86: - | U86: - | V86: - | W86: - | X86: - | Y86: - | Z86: - | AA86: - | AB86: 0 | AC86: 墨脱县农业农村局 | AD86: =VLOOKUP(E:E,'附件5-1'!D:P,8,FALSE) -> 珠村股份经济合作社 达木村股份经济合作社 | AE86: 上三乡搬迁调整项目 | AG86: =D86 -> 2022 | AH86: =A86 -> 540423202208001
A87: =540423&D87&VLOOKUP(P87,{"青稞","01";"小麦","02";"饲料","03";"牦牛","04";"乳","05";"羊","06";"猪","07";"鸡","08";"蜂","09";"鱼虾","10";"藏药","11";"茶","12";"葡萄","13";"苹果","14";"猕猴桃","15";"设施农业","16";"乡村旅游","17";"商贸流通","18";"其他","19"},2,FALSE)&TEXT(COUNTIF($P$5:P87,P87),"000") -> 540423202216010 | B87: 林芝 | C87: 墨脱 | D87: 2022 | E87: 墨脱县养殖产业配套项目 | F87: 达木乡、甘登乡、帮辛乡 | G87: 达木乡达木村、珠村、贡日村、卡布村，帮辛乡西登村 | H87: 新修通往牧场道路共计72.08km，宽2.5m及附属设施。 | I87: =J87+K87 -> 150 | J87: =VLOOKUP(E87,附件2!$E$9:$I$410,5,0)/10000 -> 150 | K87: =VLOOKUP(E87,附件2!E:AF,28,0)/10000 -> 0 | L87: =M87+N87 -> 150 | M87: =VLOOKUP(E87,附件2!$E:$BE,30,0)/10000 -> 150 | N87: =VLOOKUP(E87,附件2!$E:$BE,53,0)/10000 -> 0 | O87: 公益类 | P87: 设施农业 | Q87: 巩固 | R87: - | S87: - | T87: - | U87: - | V87: - | W87: - | X87: - | Y87: - | Z87: - | AA87: - | AB87: - | AC87: - | AD87: =VLOOKUP(E:E,'附件5-1'!D:P,8,FALSE) -> 达木乡达木村、珠村、贡日村、卡布村、帮辛乡西登村股份经济合作社 | AG87: =D87 -> 2022 | AH87: =A87 -> 540423202216010
A88: =540423&D88&VLOOKUP(P88,{"青稞","01";"小麦","02";"饲料","03";"牦牛","04";"乳","05";"羊","06";"猪","07";"鸡","08";"蜂","09";"鱼虾","10";"藏药","11";"茶","12";"葡萄","13";"苹果","14";"猕猴桃","15";"设施农业","16";"乡村旅游","17";"商贸流通","18";"其他","19"},2,FALSE)&TEXT(COUNTIF($P$5:P88,P88),"000") -> 540423202216011 | B88: 林芝 | C88: 墨脱 | D88: {=INDEX(附件2!$D:$D,MATCH(E88,附件2!$E:$E,0))} -> 2022 | E88: 墨脱县抵边搬迁林下资源种植项目 | F88: 甘登乡 | G88: 波东村 甘登村 | H88: 种植500亩藏药材及菌类（羊肚菌、猴头菇、灵芝、木耳等）。 | I88: =J88+K88 -> 971.88 | J88: =VLOOKUP(E88,附件2!$E$9:$I$410,5,0)/10000 -> 971.88 | K88: =VLOOKUP(E88,附件2!E:AF,28,0)/10000 -> 0 | L88: =M88+N88 -> 971.87811 | M88: =VLOOKUP(E88,附件2!$E:$BE,30,0)/10000 -> 971.87811 | N88: =VLOOKUP(E88,附件2!$E:$BE,53,0)/10000 -> 0 | O88: 经营类 | P88: 设施农业 | Q88: 巩固 | R88: 盘活 | S88: 是 | T88: 委托运营 | U88: 私企 | V88: 波东村：西藏墨脱县新创农业科技开发有限公司 甘登村：西藏边城产业发展有限公司 | W88: 是 | X88: 波东村：2026.07 甘登村：2026.03 | Y88: 一次性 | Z88: 波东村：收购白肉林芝（干货）260斤 甘登村：收购墨脱金线兰49.65斤 | AA88: 有现场盘点照片。 波东村分红情况：2025年波东村发放集体经济分红615486.52元，其中村内常驻157人，人均3253.10元；村外常驻46人，人均2277.17元。 甘登村分红情况：2024年4月12日分红2023年度89964.00元，覆盖189人每人476元。 | AB88: 0 | AC88: 墨脱县农业农村局 | AD88: =VLOOKUP(E:E,'附件5-1'!D:P,8,FALSE) -> 波东村股份经济合作社 甘登村股份经济合作社 | AG88: =D88 -> 2022 | AH88: =A88 -> 540423202216011
A89: =540423&D89&VLOOKUP(P89,{"青稞","01";"小麦","02";"饲料","03";"牦牛","04";"乳","05";"羊","06";"猪","07";"鸡","08";"蜂","09";"鱼虾","10";"藏药","11";"茶","12";"葡萄","13";"苹果","14";"猕猴桃","15";"设施农业","16";"乡村旅游","17";"商贸流通","18";"其他","19"},2,FALSE)&TEXT(COUNTIF($P$5:P89,P89),"000") -> 540423202212017 | B89: 林芝 | C89: 墨脱 | D89: 2022 | E89: 墨脱县背崩乡阿苍村茶园生产道路建设项目 | F89: 背崩乡 | G89: 阿苍村 | H89: 修建去往茶园道路、边沟、护栏及挡土墙 | I89: =J89+K89 -> 1224.3 | J89: =VLOOKUP(E89,附件2!$E$9:$I$410,5,0)/10000 -> 1224.3 | K89: =VLOOKUP(E89,附件2!E:AF,28,0)/10000 -> 0 | L89: =M89+N89 -> 1224.3 | M89: =VLOOKUP(E89,附件2!$E:$BE,30,0)/10000 -> 1224.3 | N89: =VLOOKUP(E89,附件2!$E:$BE,53,0)/10000 -> 0 | O89: 公益类 | P89: 茶 | Q89: 巩固 | R89: - | S89: - | T89: - | U89: - | V89: - | W89: - | X89: - | Y89: - | Z89: - | AA89: - | AB89: - | AC89: - | AD89: =VLOOKUP(E:E,'附件5-1'!D:P,8,FALSE) -> 背崩乡阿苍村股份经济合作社 | AG89: =D89 -> 2022 | AH89: =A89 -> 540423202212017
A90: =540423&D90&VLOOKUP(P90,{"青稞","01";"小麦","02";"饲料","03";"牦牛","04";"乳","05";"羊","06";"猪","07";"鸡","08";"蜂","09";"鱼虾","10";"藏药","11";"茶","12";"葡萄","13";"苹果","14";"猕猴桃","15";"设施农业","16";"乡村旅游","17";"商贸流通","18";"其他","19"},2,FALSE)&TEXT(COUNTIF($P$5:P90,P90),"000") -> 540423202212018 | B90: 林芝 | C90: 墨脱 | D90: 2022 | E90: 墨脱县背崩乡背崩村茶叶加工厂配套设施建设项目 | F90: 背崩乡 | G90: 背崩村 | H90: 新建背崩茶叶加工厂附属设施场地平整及硬化工程10359㎡，挡墙1018.8m³。 | I90: =J90+K90 -> 128.1 | J90: =VLOOKUP(E90,附件2!$E$9:$I$410,5,0)/10000 -> 128.1 | K90: =VLOOKUP(E90,附件2!E:AF,28,0)/10000 -> 0 | L90: =M90+N90 -> 128.1 | M90: =VLOOKUP(E90,附件2!$E:$BE,30,0)/10000 -> 128.1 | N90: =VLOOKUP(E90,附件2!$E:$BE,53,0)/10000 -> 0 | O90: 公益类 | P90: 茶 | Q90: 巩固 | R90: - | S90: - | T90: - | U90: - | V90: - | W90: - | X90: - | Y90: - | Z90: - | AA90: - | AB90: - | AC90: - | AD90: =VLOOKUP(E:E,'附件5-1'!D:P,8,FALSE) -> 背崩乡背崩村股份经济合作社 | AG90: =D90 -> 2022 | AH90: =A90 -> 540423202212018
A91: =540423&D91&VLOOKUP(P91,{"青稞","01";"小麦","02";"饲料","03";"牦牛","04";"乳","05";"羊","06";"猪","07";"鸡","08";"蜂","09";"鱼虾","10";"藏药","11";"茶","12";"葡萄","13";"苹果","14";"猕猴桃","15";"设施农业","16";"乡村旅游","17";"商贸流通","18";"其他","19"},2,FALSE)&TEXT(COUNTIF($P$5:P91,P91),"000") -> 540423202212019 | B91: 林芝 | C91: 墨脱 | D91: 2022 | E91: 墨脱县背崩乡茶叶加工厂配套设施建设项目 | F91: 背崩乡 | G91: 背崩村 | H91: 新建电力工程1600米，新建引水工程1500米等工程。 | I91: =J91+K91 -> 195.86 | J91: =VLOOKUP(E91,附件2!$E$9:$I$410,5,0)/10000 -> 195.86 | K91: =VLOOKUP(E91,附件2!E:AF,28,0)/10000 -> 0 | L91: =M91+N91 -> 195.86 | M91: =VLOOKUP(E91,附件2!$E:$BE,30,0)/10000 -> 195.86 | N91: =VLOOKUP(E91,附件2!$E:$BE,53,0)/10000 -> 0 | O91: 公益类 | P91: 茶 | Q91: 巩固 | R91: - | S91: - | T91: - | U91: - | V91: - | W91: - | X91: - | Y91: - | Z91: - | AA91: - | AB91: - | AC91: - | AD91: =VLOOKUP(E:E,'附件5-1'!D:P,8,FALSE) -> 背崩乡背崩村股份经济合作社 | AG91: =D91 -> 2022 | AH91: =A91 -> 540423202212019
A92: =540423&D92&VLOOKUP(P92,{"青稞","01";"小麦","02";"饲料","03";"牦牛","04";"乳","05";"羊","06";"猪","07";"鸡","08";"蜂","09";"鱼虾","10";"藏药","11";"茶","12";"葡萄","13";"苹果","14";"猕猴桃","15";"设施农业","16";"乡村旅游","17";"商贸流通","18";"其他","19"},2,FALSE)&TEXT(COUNTIF($P$5:P92,P92),"000") -> 540423202212020 | B92: 林芝 | C92: 墨脱 | D92: 2022 | E92: 墨脱县达木乡茶叶杀青点引水供电配套设施项目 | F92: 达木乡 | G92: 卡布村 | H92: 打火工程1项，新建引水工程1550米等工程。 | I92: =J92+K92 -> 43.65 | J92: =VLOOKUP(E92,附件2!$E$9:$I$410,5,0)/10000 -> 43.65 | K92: =VLOOKUP(E92,附件2!E:AF,28,0)/10000 -> 0 | L92: =M92+N92 -> 43.65 | M92: =VLOOKUP(E92,附件2!$E:$BE,30,0)/10000 -> 43.65 | N92: =VLOOKUP(E92,附件2!$E:$BE,53,0)/10000 -> 0 | O92: 公益类 | P92: 茶 | Q92: 巩固 | R92: - | S92: - | T92: - | U92: - | V92: - | W92: - | X92: - | Y92: - | Z92: - | AA92: - | AB92: - | AC92: - | AD92: =VLOOKUP(E:E,'附件5-1'!D:P,8,FALSE) -> 达木乡卡布村股份经济合作社 | AG92: =D92 -> 2022 | AH92: =A92 -> 540423202212020
A93: =540423&D93&VLOOKUP(P93,{"青稞","01";"小麦","02";"饲料","03";"牦牛","04";"乳","05";"羊","06";"猪","07";"鸡","08";"蜂","09";"鱼虾","10";"藏药","11";"茶","12";"葡萄","13";"苹果","14";"猕猴桃","15";"设施农业","16";"乡村旅游","17";"商贸流通","18";"其他","19"},2,FALSE)&TEXT(COUNTIF($P$5:P93,P93),"000") -> 540423202212021 | B93: 林芝 | C93: 墨脱 | D93: 2022 | E93: 墨脱县格当乡茶叶杀青点供水供电配套设施项目 | F93: 格当乡 | G93: 占根卡村 | H93: 新建电力工程350米，新建引水工程1650米等工程。 | I93: =J93+K93 -> 75.25 | J93: =VLOOKUP(E93,附件2!$E$9:$I$410,5,0)/10000 -> 75.25 | K93: =VLOOKUP(E93,附件2!E:AF,28,0)/10000 -> 0 | L93: =M93+N93 -> 75.25 | M93: =VLOOKUP(E93,附件2!$E:$BE,30,0)/10000 -> 75.25 | N93: =VLOOKUP(E93,附件2!$E:$BE,53,0)/10000 -> 0 | O93: 公益类 | P93: 茶 | Q93: 巩固 | R93: - | S93: - | T93: - | U93: - | V93: - | W93: - | X93: - | Y93: - | Z93: - | AA93: - | AB93: - | AC93: - | AD93: =VLOOKUP(E:E,'附件5-1'!D:P,8,FALSE) -> 格当乡占根卡村股份经济合作社 | AG93: =D93 -> 2022 | AH93: =A93 -> 540423202212021
A94: =540423&D94&VLOOKUP(P94,{"青稞","01";"小麦","02";"饲料","03";"牦牛","04";"乳","05";"羊","06";"猪","07";"鸡","08";"蜂","09";"鱼虾","10";"藏药","11";"茶","12";"葡萄","13";"苹果","14";"猕猴桃","15";"设施农业","16";"乡村旅游","17";"商贸流通","18";"其他","19"},2,FALSE)&TEXT(COUNTIF($P$5:P94,P94),"000") -> 540423202212022 | B94: 林芝 | C94: 墨脱 | D94: 2022 | E94: 墨脱县墨脱镇亚让村果果塘茶产业业务用房配套设施项目 | F94: 墨脱镇 | G94: 亚让村 | H94: 牵引业务用房电线3km，引水管道3km。 | I94: =J94+K94 -> 240.98 | J94: =VLOOKUP(E94,附件2!$E$9:$I$410,5,0)/10000 -> 240.98 | K94: =VLOOKUP(E94,附件2!E:AF,28,0)/10000 -> 0 | L94: =M94+N94 -> 99.23851 | M94: =VLOOKUP(E94,附件2!$E:$BE,30,0)/10000 -> 99.23851 | N94: =VLOOKUP(E94,附件2!$E:$BE,53,0)/10000 -> 0 | O94: 公益类 | P94: 茶 | Q94: 巩固 | R94: - | S94: - | T94: - | U94: - | V94: - | W94: - | X94: - | Y94: - | Z94: - | AA94: - | AB94: - | AC94: - | AD94: =VLOOKUP(E:E,'附件5-1'!D:P,8,FALSE) -> 墨脱镇亚让村股份经济合作社 | AG94: =D94 -> 2022 | AH94: =A94 -> 540423202212022
A95: =540423&D95&VLOOKUP(P95,{"青稞","01";"小麦","02";"饲料","03";"牦牛","04";"乳","05";"羊","06";"猪","07";"鸡","08";"蜂","09";"鱼虾","10";"藏药","11";"茶","12";"葡萄","13";"苹果","14";"猕猴桃","15";"设施农业","16";"乡村旅游","17";"商贸流通","18";"其他","19"},2,FALSE)&TEXT(COUNTIF($P$5:P95,P95),"000") -> 540423202219016 | B95: 林芝 | C95: 墨脱 | D95: {=INDEX(附件2!$D:$D,MATCH(E95,附件2!$E:$E,0))} -> 2022 | E95: 墨脱县达木乡贡日村牛养殖建设项目 | F95: 达木乡 | G95: 贡日村 | H95: 1牛购置费:黄牛(育肥6500元/头*20头)+黄牛(繁育7000元/头*10头)+犏牛(配繁8000/头*40头)+牦牛(种公牛14000元/头*4头)+牲畜商业保费9万元=57.6万元;2购置运输饲料费:玉米4600元/吨*5吨+稻壳6500元/吨1吨+其它精饲料6500元/吨*5吨=4.9万元;3购置运输网围栏费:2000米*35元/米(每隔一米 | I95: =J95+K95 -> 70 | J95: =VLOOKUP(E95,附件2!$E$9:$I$410,5,0)/10000 -> 70 | K95: =VLOOKUP(E95,附件2!E:AF,28,0)/10000 -> 0 | L95: =M95+N95 -> 68.32 | M95: =VLOOKUP(E95,附件2!$E:$BE,30,0)/10000 -> 68.32 | N95: =VLOOKUP(E95,附件2!$E:$BE,53,0)/10000 -> 0 | O95: 经营类 | P95: 其他 | Q95: 巩固 | R95: 巩固 | S95: 是 | T95: 委托运营 | U95: 个体工商户 | V95: 布罗、次仁江措、平措 | W95: 是 | X95: 2022.12 | Y95: 10年 | Z95: 租赁内容：项目内容主要包含：20头黄牛育肥牛，年龄3-5岁之间，体重在150-200千克之间，单价6350元/头；10头黄牛能繁母畜，年龄4-5岁之间，体重150-200千克之间，单价6850元/头；40头犏奶牛能繁母畜，年龄3-5岁之间，体重150-200千克之间，单价7780元/头；4头牦牛种公牛，年龄4-5岁之间，体重150-200千克之间，单价13500元/头；饲草料（玉米5吨、单价4500元/吨，稻壳1吨、单价6500元/吨，其它精饲料3吨、单价6400元/吨）；2000米网围栏高1.5m、长50m配套16号钢丝，单价34元/米；1台碎料机额定电压220v/380V配套功率2.2kw-4kw，电机转速2800，生产效率400-800KG/小时，外形尺寸1000*490*800（mm），4900元/台。 租赁用途：牛养殖。 | AA95: 有现场盘点照片，无情况说明。无分红。 | AB95: 0 | AC95: 墨脱县农业农村局 | AD95: =VLOOKUP(E:E,'附件5-1'!D:P,8,FALSE) -> 贡日村股份经济合作社 | AG95: =D95 -> 2022 | AH95: =A95 -> 540423202219016
A96: =540423&D96&VLOOKUP(P96,{"青稞","01";"小麦","02";"饲料","03";"牦牛","04";"乳","05";"羊","06";"猪","07";"鸡","08";"蜂","09";"鱼虾","10";"藏药","11";"茶","12";"葡萄","13";"苹果","14";"猕猴桃","15";"设施农业","16";"乡村旅游","17";"商贸流通","18";"其他","19"},2,FALSE)&TEXT(COUNTIF($P$5:P96,P96),"000") -> 540423202217021 | B96: 林芝 | C96: 墨脱 | D96: {=INDEX(附件2!$D:$D,MATCH(E96,附件2!$E:$E,0))} -> 2022 | E96: 墨脱县德兴乡荷扎村产业项目 | F96: 德兴乡 | G96: 荷扎村 | H96: 改造农家乐面积为479.39㎡其中改造面积376.64㎡，新建钢结构平台70.78㎡，新建阳光房31.97㎡等，购置空调8台、电热水器8套、液晶电视8台、沙发4套、单人床12套、实木圆桌10套、卡座餐桌4套、茶点(咖啡)座9套及日常用品等内容 | I96: =J96+K96 -> 200 | J96: =VLOOKUP(E96,附件2!$E$9:$I$410,5,0)/10000 -> 200 | K96: =VLOOKUP(E96,附件2!E:AF,28,0)/10000 -> 0 | L96: =M96+N96 -> 185.49938 | M96: =VLOOKUP(E96,附件2!$E:$BE,30,0)/10000 -> 185.49938 | N96: =VLOOKUP(E96,附件2!$E:$BE,53,0)/10000 -> 0 | O96: 经营类 | P96: 乡村旅游 | Q96: 巩固 | R96: 巩固 | S96: 是 | T96: 委托运营 | U96: 私企 | V96: 西藏春天乡村文化旅游有限公司 | W96: 是 | X96: 2023.11 | Y96: 15年 | Z96: - | AA96: 130000 | AB96: 0 | AC96: 墨脱县农业农村局 | AD96: =VLOOKUP(E:E,'附件5-1'!D:P,8,FALSE) -> 荷扎村股份经济合作社 | AG96: =D96 -> 2022 | AH96: =A96 -> 540423202217021
A97: =540423&D97&VLOOKUP(P97,{"青稞","01";"小麦","02";"饲料","03";"牦牛","04";"乳","05";"羊","06";"猪","07";"鸡","08";"蜂","09";"鱼虾","10";"藏药","11";"茶","12";"葡萄","13";"苹果","14";"猕猴桃","15";"设施农业","16";"乡村旅游","17";"商贸流通","18";"其他","19"},2,FALSE)&TEXT(COUNTIF($P$5:P97,P97),"000") -> 540423202217022 | B97: 林芝 | C97: 墨脱 | D97: {=INDEX(附件2!$D:$D,MATCH(E97,附件2!$E:$E,0))} -> 2022 | E97: 墨脱县格当乡布龙村产业项目 | F97: 格当乡 | G97: 布龙村 | H97: 新建旅游产业用房工程1245.37平方米、绿化工程10975.44平方米、硬化工程3899.05平方米、铺装工程701.65平方米、休息亭4座、文化长廊466平方米、树池13个、围墙工程387.81米、花坛1座、路缘石177.07米、停车场划线工程及土石方工程、总平电气工程和总平给排水工程等附属工程；种植油柰22862株、客土2982立方米、有机肥397.6吨、牡蛎壳灰99.4吨、钙镁磷肥9.94吨、场地清理355亩、网围栏3450米、简易门1个及灌溉工程等；并购置黑木耳40000包、灵芝45000包、羊肚菌15000包、羊肚菌营养包12000包等 | I97: =J97+K97 -> 2220.18 | J97: =VLOOKUP(E97,附件2!$E$9:$I$410,5,0)/10000 -> 2220.18 | K97: =VLOOKUP(E97,附件2!E:AF,28,0)/10000 -> 0 | L97: =M97+N97 -> 1976.9657 | M97: =VLOOKUP(E97,附件2!$E:$BE,30,0)/10000 -> 1976.9657 | N97: =VLOOKUP(E97,附件2!$E:$BE,53,0)/10000 -> 0 | O97: 经营类 | P97: 乡村旅游 | Q97: 巩固 | R97: 巩固 | S97: 是 | T97: 委托运营 | U97: 私企 | V97: 西藏墨脱极致秘境旅游发展有限公司 | W97: 是 | X97: 2023.12 | Y97: 10年 | Z97: 租赁内容：位于墨脱县格当布龙村G219道路旁乡村振兴整村推进新建的房屋、院落及附属设施，房屋总体建筑面积1245.37㎡，院落面积2380㎡。 租赁用途：经营活动。 | AA97: 有现场照片。 布龙村分红情况：分红总额为1001445.09元，其中2020年款项501445.09元(对应39户、174人)、2026年款项500000元(对应39户、183人)，均于2026年2月13日发放。 | AB97: 0 | AC97: 墨脱县农业农村局 | AD97: =VLOOKUP(E:E,'附件5-1'!D:P,8,FALSE) -> 布龙村股份经济合作社 | AG97: =D97 -> 2022 | AH97: =A97 -> 540423202217022
A98: =540423&D98&VLOOKUP(P98,{"青稞","01";"小麦","02";"饲料","03";"牦牛","04";"乳","05";"羊","06";"猪","07";"鸡","08";"蜂","09";"鱼虾","10";"藏药","11";"茶","12";"葡萄","13";"苹果","14";"猕猴桃","15";"设施农业","16";"乡村旅游","17";"商贸流通","18";"其他","19"},2,FALSE)&TEXT(COUNTIF($P$5:P98,P98),"000") -> 540423202216012 | B98: 林芝 | C98: 墨脱 | D98: 2022 | E98: 墨脱县墨脱镇朗杰岗村搬迁点产业附属设施项目 | F98: 墨脱镇 | G98: 朗杰岗村 | H98: 对现有到户大棚进行道路100m，宽3m；提升机耕道200m，宽1.8m，新修道路边沟100m | I98: =J98+K98 -> 308.34 | J98: =VLOOKUP(E98,附件2!$E$9:$I$410,5,0)/10000 -> 308.34 | K98: =VLOOKUP(E98,附件2!E:AF,28,0)/10000 -> 0 | L98: =M98+N98 -> 308.34 | M98: =VLOOKUP(E98,附件2!$E:$BE,30,0)/10000 -> 308.34 | N98: =VLOOKUP(E98,附件2!$E:$BE,53,0)/10000 -> 0 | O98: 公益类 | P98: 设施农业 | Q98: 巩固 | R98: - | S98: - | T98: - | U98: - | V98: - | W98: - | X98: - | Y98: - | Z98: - | AA98: - | AB98: - | AC98: - | AD98: =VLOOKUP(E:E,'附件5-1'!D:P,8,FALSE) -> 墨脱镇朗杰岗村股份经济合作社 | AG98: =D98 -> 2022 | AH98: =A98 -> 540423202216012
A99: =540423&D99&VLOOKUP(P99,{"青稞","01";"小麦","02";"饲料","03";"牦牛","04";"乳","05";"羊","06";"猪","07";"鸡","08";"蜂","09";"鱼虾","10";"藏药","11";"茶","12";"葡萄","13";"苹果","14";"猕猴桃","15";"设施农业","16";"乡村旅游","17";"商贸流通","18";"其他","19"},2,FALSE)&TEXT(COUNTIF($P$5:P99,P99),"000") -> 540423202318014 | B99: 林芝 | C99: 墨脱 | D99: {=INDEX(附件2!$D:$D,MATCH(E99,附件2!$E:$E,0))} -> 2023 | E99: 墨脱县甘登乡灾后重建德尔贡搬迁点农家超市建设项目 | F99: 甘登乡 | G99: 波东村 甘登村 | H99: 核定德尔贡搬迁点新建超市200平方米、道路硬化133.53平方米、挡土墙30.80米、拆除工程21.52平方米、绿化工程109.24平方米及土石方工程、给排水工程和电气工程等附属工程;波东村搬迁点新建超市200平方米、道路硬化119.09平方米、拆除工程289.45平方米、绿化工程50.54平方米及土石方工程、给排水工程和电气工程等附属工程(详见附表) | I99: =J99+K99 -> 305 | J99: =VLOOKUP(E99,附件2!$E$9:$I$410,5,0)/10000 -> 305 | K99: =VLOOKUP(E99,附件2!E:AF,28,0)/10000 -> 0 | L99: =M99+N99 -> 230.04762 | M99: =VLOOKUP(E99,附件2!$E:$BE,30,0)/10000 -> 230.04762 | N99: =VLOOKUP(E99,附件2!$E:$BE,53,0)/10000 -> 0 | O99: 经营类 | P99: 商贸流通 | Q99: 巩固 | R99: 巩固 | S99: 是 | T99: 委托运营 | U99: 私企 | V99: 甘登村：墨脱珑鑫商贸有限公司 波东村：张俊喜、李杰 | W99: 是 | X99: 甘登村：2024.03 波东村： 张俊喜2024.11 李杰2024.09 | Y99: 甘登村：5年 波东村： 张俊喜7个月 李杰1个月 | Z99: 甘登村：坐落于甘登乡甘登村的超市两层房屋。用途：住宿、开超市、餐饮使用。 波东村： 租赁内容：坐落于波东村农家超市的房屋，用途：住宿。 | AA99: 有现场盘点照片。甘登村无分红。 波东村分红情况：2025年波东村发放集体经济分红615486.52元，其中村内常驻157人，人均3253.10元；村外常驻46人，人均2277.17元。 | AB99: 0 | AC99: 墨脱县农业农村局 | AD99: =VLOOKUP(E:E,'附件5-1'!D:P,8,FALSE) -> 波东村股份经济合作社 甘登村股份经济合作社 | AG99: =D99 -> 2023 | AH99: =A99 -> 540423202318014
A100: =540423&D100&VLOOKUP(P100,{"青稞","01";"小麦","02";"饲料","03";"牦牛","04";"乳","05";"羊","06";"猪","07";"鸡","08";"蜂","09";"鱼虾","10";"藏药","11";"茶","12";"葡萄","13";"苹果","14";"猕猴桃","15";"设施农业","16";"乡村旅游","17";"商贸流通","18";"其他","19"},2,FALSE)&TEXT(COUNTIF($P$5:P100,P100),"000") -> 540423202318015 | B100: 林芝 | C100: 墨脱 | D100: {=INDEX(附件2!$D:$D,MATCH(E100,附件2!$E:$E,0))} -> 2023 | E100: 墨脱县加热萨乡灾后重建搬迁点旅游产业项目 | F100: 加热萨乡、格当乡 | G100: 加热萨村 曾求村 | H100: 康卓登搬迁点新建超市200平方米、硬化工程 201.4平方米、挡土墙工程 50.51 米及土石方工程、室外给排水和室外电气等附属工程;兴开搬迁点新建超市599.4平方米、室外灌木清理 494平方米、硬化工程 156.83平方米、绿化工程 73.06 平方米、挡土墙 64 米及土石方工程、室外给排水工程和室外电气工程等附属工程 | I100: =J100+K100 -> 570 | J100: =VLOOKUP(E100,附件2!$E$9:$I$410,5,0)/10000 -> 570 | K100: =VLOOKUP(E100,附件2!E:AF,28,0)/10000 -> 0 | L100: =M100+N100 -> 545.63933 | M100: =VLOOKUP(E100,附件2!$E:$BE,30,0)/10000 -> 545.63933 | N100: =VLOOKUP(E100,附件2!$E:$BE,53,0)/10000 -> 0 | O100: 经营类 | P100: 商贸流通 | Q100: 巩固 | R100: 巩固 | S100: 是 | T100: 委托运营 | U100: 私企 | V100: 康卓登搬迁点：措尼拉姆 兴开搬迁点：西藏圣达农业科技开发有限公司 | W100: 是 | X100: 康卓登搬迁点：2024.08 兴开搬迁点：2024.08 | Y100: 康卓登搬迁点：3年 兴开搬迁点：3年 | Z100: 康卓登搬迁点： 租赁内容：坐落在墨脱县加热萨乡灾后重建搬迁点旅游产业项目（康卓登搬迁点曾求村、拉贡村农家超市）房屋1栋，面积200㎡。租赁用途：经营百货超市。 兴开搬迁点： 租赁内容：位于墨脱县加热萨乡兴开安置点，建筑面积200㎡房屋。租赁用途：居住使用。 | AA100: 均有现场盘点照片。 加热萨乡情况说明：未分红。 康卓登曾求村无分红。 | AB100: 0 | AC100: 墨脱县农业农村局 | AD100: =VLOOKUP(E:E,'附件5-1'!D:P,8,FALSE) -> 加热萨村股份经济合作社 曾求村股份经济合作社 | AG100: =D100 -> 2023 | AH100: =A100 -> 540423202318015
...

Sheet 经营类-调整
A1: 调整类项目清单
A2: 序号 | B2: 年度 | C2: 项目名称 | D2: 实施地点 （乡镇） | E2: 实施地点 （村） | F2: 建设内容 | G2: 计划投资（万元） | H2: 项目分类 | I2: 经营类项目 四个一批 分类
A3: 1 | B3: 2014 | C3: 墨脱镇玛迪村、米日村，背崩乡巴登村野花椒种植项目 | D3: 墨脱镇、背崩乡 | E3: 玛迪村 米日村 巴登村 | F3: 玛迪村种植花椒20亩、米日村种植花椒20亩，巴登村种植花椒42亩 | G3: 47 | H3: 经营类 | I3: 调整
A4: 2 | B4: 2013 | C4: 墨脱镇亚让村香椿种植项目（财政专项扶持） | D4: 墨脱镇 | E4: 亚让村 | F4: 新开发香椿种植基地10亩，购置香椿树苗6万株 | G4: 17 | H4: 经营类 | I4: 调整
A5: 3 | B5: 2014 | C5: 墨脱镇仁青崩自然村农家乐项目 | D5: 墨脱镇 | E5: 墨脱村 | F5: 新建民宿特色仿原始的竹、木结构农家屋200平方米，床、桌椅各购置80张及其他配套设施；村寨内开设三条宽为2米的硬化路600米；修建民宿特色的山庄大门 | G5: 50 | H5: 经营类 | I5: 调整
A6: 4 | B6: 2014 | C6: 墨脱镇墨脱村扶贫洗车场建设项目 | D6: 墨脱镇 | E6: 墨脱村 | F6: 购置单级单吸卧式离心泵一台；控制箱两台；电缆(25x1)100米;洗车设备一套:搭建占地面积20平方米的简易木板房;新修占地面积40平方米的洗车场地(水泥地面) | G6: 27 | H6: 经营类 | I6: 调整
A7: 5 | B7: 2016 | C7: 墨脱县墨脱古街民族特色产品销售点配套项目 | D7: 墨脱镇 | E7: 墨脱村 | F7: 门面装修200平方米及设备采购(采购1台佳能60D、彩色打印机1台、真空过塑封机5台、民族服饰60套)。 | G7: 50.69 | H7: 经营类 | I7: 调整
A8: 6 | B8: 2017 | C8: 墨脱县墨脱镇亚东村茶叶苗圃项目 | D8: 墨脱镇 | E8: 亚东村 | F8: 土地整治工程11亩，遮阳棚44个，网围栏工程500米，管道工程1312米，蓄水池1座。 | G8: 127.81 | H8: 经营类 | I8: 调整
A9: 7 | B9: 2016 | C9: 墨脱村生猪养殖项目 | D9: 墨脱镇 | E9: 墨脱村 | F9: 新建猪圈 | G9: 136 | H9: 经营类 | I9: 调整
A10: 8 | B10: 2013 | C10: 墨脱镇亚让村生猪养殖场建设 | D10: 墨脱镇 | E10: 亚让村 | F10: 修建猪圈150平方米、库房40平方米、进水池1座、沉沙池1座、出水池2座 | G10: 61 | H10: 经营类 | I10: 调整
A11: 9 | B11: 2013 | C11: 墨脱村藏鸡养殖场工程建设项目 | D11: 墨脱镇 | E11: 墨脱村 | F11: 修建鸡舍150平方米、进水池1座、饮水池2座，饮水管500米、购买土鸡种及仔鸡 | G11: 47 | H11: 经营类 | I11: 调整
A12: 10 | B12: 2013 | C12: 墨脱镇亚让村养猪场工程建设项目 | D12: 墨脱镇 | E12: 亚让村 | F12: 修建圈舍500平方米、围墙600米、购买饲料等。 | G12: 58 | H12: 经营类 | I12: 调整
A13: 11 | B13: 2013 | C13: 墨脱镇亚东村养猪场工程建设项目 | D13: 墨脱镇 | E13: 亚东村 | F13: 1、修建猪圈150平方米、化粪池15立方米；工人住房及库房60平方米；3、前池1座、沉沙池1座、水池2座、引水管安装；4、猪场网围栏5、种猪与仔猪；6、猪场道路 | G13: 75 | H13: 经营类 | I13: 调整
A14: 12 | B14: 2021 | C14: 墨脱县帮辛乡茶叶杀青点建设项目 | D14: 墨脱县城乡振兴产业有限公司 | E14: 帮辛村 | F14: 新建茶叶加工厂1163.51平方米、硬化工程461.16平方米、道路工程356.93平方米、围墙162.87米、挡土墙1040.1立方米、大门1座，土方石工程及其他附属设施 | G14: 1000 | H14: 经营类 | I14: 调整
... A53: 51 | B53: 2023 | C53: 墨脱县德兴乡美丽宜居产业项目（墨脱县德兴乡文朗村林下资源种植项目、墨脱县德兴乡易贡白村林下资源种植项目） | D53: 德兴乡 | E53: 易贡白村 文朗村 | F53: 1、文朗村：林下资源种植,45亩的灵芝及配套工程； 2、易贡白村林下资源种植,羊肚菌70亩及配套工程。 | G53: 630 | H53: 经营类 | I53: 调整

Sheet 调整类汇总
A1: 墨脱县帮扶产业项目总台账 （截至2026年8月30日数据）
A2: 项目 编号 | B2: 项目 地市 | C2: 项目 县区 | D2: 项目 年度 | E2: 项目 名称 | F2: 项目申报主体 | G2: 项目实施地点 | H2: 项目主要建设内容 | I2: 计划投资（万元） | L2: 实际投资（万元） | O2: 项目 分类情况 | P2: 项目所属产业分类 | Q2: 产业“四个一批”分类 | R2: 经营性项目“四个一批”分类 | S2: 项目运营情况 | T2: 项目运营模式 | U2: 项目经营主体 | W2: 项目联农带农协议签订情况 | X2: 项目联农带农协议签订时间 | Y2: 项目联农带农协议签订年限 | Z2: 项目联农带农协议主要内容 | AA2: 项目累计分红金额 （元） | AB2: 项目累计带动就业人数 （人） | AC2: 项目归口行业单位名称 | AD2: 备注
I3: 合计 | J3: 政策性资金 （同表2政策性资金合计数） | K3: 其他渠道资金 （如企业自筹、信贷资金等非政策性资金，同表2） | L3: 合计 | M3: 政策性资金 （同表2政策性资金合计数） | N3: 其他渠道资金 （如企业自筹、信贷资金等非政策性资金，同表2） | U3: 经营主体类别 | V3: 名称 | AE3: 约定收取租金时间
A4: 填表说明：根据指南编码规则编号 | E4: 以项目批复中对应内容为准 | G4: 以项目批复中项目实施地点为准，例：XX乡（镇）XX 村（居） | H4: 以项目竣工决算中项目主要建设内容为准 | I4: 与表2数据一致 （保留小数点后面2位） | L4: 与表2数据一致 （保留小数点后面2位） | O4: 在“经营类、公益类、到户类“中选择 | P4: 在“青稞、小麦、饲料、牦牛、乳、羊、猪、鸡、蜂、鱼虾、藏药、茶、葡萄、苹果、猕猴桃、设施农业、乡村旅游、商贸流通、其他”中选择 | Q4: 在“巩固、升级、盘活、调整”中选择 | R4: 在“巩固、升级、盘活、调整”中选择，仅经营类项目填写 | S4: 根据实际情况填写“是/否” | T4: 在“自主运营、合作运营、委托运营“中选择 | U4: 在“农村集体经济组织、农牧民专业合作社、农户、国企、私企、个体工商户、其他”中选择 | W4: 根据实际情况填写“是/否” | X4: 例：2022.09 | Y4: 例：10年 | Z4: 例：该项目带动建档立卡群众不低于23户79人增收，分红金额不低于500元/人/年 | AC4: 以项目实施内容对应行业单位为准 | AF4: 年度 （不可删除，有公式链接） | AG4: 编号 （不可删除，有公式链接）
A5: =540423&D5&VLOOKUP(P5,{"青稞","01";"小麦","02";"饲料","03";"牦牛","04";"乳","05";"羊","06";"猪","07";"鸡","08";"蜂","09";"鱼虾","10";"藏药","11";"茶","12";"葡萄","13";"苹果","14";"猕猴桃","15";"设施农业","16";"乡村旅游","17";"商贸流通","18";"其他","19"},2,FALSE)&TEXT(COUNTIF($P$5:P5,P5),"000") -> 540423201319001 | B5: 林芝 | C5: 墨脱 | D5: {=INDEX(附件2!$D:$D,MATCH(E5,附件2!$E:$E,0))} -> 2013 | E5: 加热萨乡加热萨村木碗加工项目（第一批） | F5: 加热萨乡 | G5: 加热萨村 | H5: 购置相关加工机械，新建砖混木制结构厂房100平方米。 | I5: =J5+K5 -> 50 | J5: =VLOOKUP(E5,附件2!$E$9:$I$410,5,0)/10000 -> 45 | K5: =VLOOKUP(E5,附件2!E:AF,28,0)/10000 -> 5 | L5: =M5+N5 -> 45 | M5: =VLOOKUP(E5,附件2!$E:$BE,30,0)/10000 -> 45 | N5: =VLOOKUP(E5,附件2!$E:$BE,53,0)/10000 -> 0 | O5: 经营类 | P5: 其他 | Q5: 巩固 | R5: 调整 | S5: 否 | T5: - | U5: - | V5: - | W5: - | X5: - | Y5: - | Z5: - | AA5: - | AB5: 0 | AC5: 墨脱县农业农村局 | AD5: 上三乡搬迁调整项目 | AF5: =D5 -> 2013 | AG5: =A5 -> 540423201319001
